Workbook
Name COMPONENTES: [1]tablas!$B$6:$D$36
Name DEPARTAMENTOS: [2]tablas!$C$313:$C$336
Name DEPARTAMENTOS: [2]tablas!$C$313:$C$336
Name DEPARTAMENTOS: [1]tablas!$C$305:$C$320
Name EELL: #REF!
Name EEPP: #REF!
Name ENTPORNIF: #REF!
Name HO_Estado: '[1]SUB-ACT GN'!$A$5:$R$421
Name LETRANIF: #REF!
Name MEDIDAS: [1]tablas!$B$47:$D$299
Name MINISTERIOS: [2]tablas!$D$354:$D$379
Name MINISTERIOS: [2]tablas!$D$354:$D$379
Name MINISTERIOS: [1]tablas!$D$345:$D$370
Name SegmentaciónDeDatos_1_Persona_física___jurídica: #N/A
Name SegmentaciónDeDatos_2_Forma_Jurídica: #N/A
Name SegmentaciónDeDatos_COMPONENTE1: #N/A
Name SegmentaciónDeDatos_Denominación_actuación_de_gestión: #N/A
Name SegmentaciónDeDatos_Departamento_de_gestión: #N/A
Name SegmentaciónDeDatos_Ejercicio_Contable: #N/A
Name SegmentaciónDeDatos_Ejercicio_Contable1: #N/A
Name SegmentaciónDeDatos_ID_Gestión__Nombre1: #N/A
Name SegmentaciónDeDatos_Localizador_CoFFEE___Nombre: #N/A
Name SegmentaciónDeDatos_Localizador_CoFFEE___Nombre1: #N/A
Name SegmentaciónDeDatos_NOMBRE_DPTO: #N/A
Name SegmentaciónDeDatos_NOMBRE_DPTO1: #N/A
Name SegmentaciónDeDatos_TIPO_GASTO: #N/A
Name SegmentaciónDeDatos_TIPO_GASTO1: #N/A

Sheet INDICE
A2: FONDOS MRR DEL GOBIERNO DE NAVARRA
A4: Para desplazarse por las hojas de este libro Excel, se puede presionar en las opciones coloreadas que aparecen a continuación
A6: CONSULTA ACTUACIONES | C6: CONTABILIDAD: TOTALES INGRESOS Y GASTOS (POR PROYECTOS CONTABLES)
A8: CONSULTA SUBPROYECTOS | C8: CONTABILIDAD: PARTIDAS INGRESOS
A10: CONSULTA CÓDIGOS BASE DATOS NACIONAL SUBVENCIONES | C10: CONTABILIDAD: PARTIDAS GASTOS
A12: CONSULTA CÓDIGOS CONTRATOS | C12: PERCEPTORES
C14: PERCEPTORES POR FORMA JURIDICA

Sheet 1-ACTUACIONES
A1: VOLVER AL INDICE
A2: LEYENDA
A3: Subproyecto del Sistema de Información (CoFFEE) | D3: Localizador asignado por el sistema de información CoFFEE-MRR para el suministro de información y seguimiento del PRTR.
A4: Denominación subproyecto en CoFFEE | D4: Denominación subproyectos dada por los ministerios en la aplicación CoFFEE-MRR (Plataforma Común Fondos Europeos)
A5: ID Actuación de gestión | D5: Código identificativo de cada actuación de gestión.
A6: DENOMINACIÓN de gestión | D6: Denominación de cada actuación de gestión.
A7: DEPARTAMENTO de gestión | D7: Departamento al que se asocia la gestión de una actuación.
A8: PLAN DE GESTIÓN | D8: Plan de gestión asociado a una actuación de gestión, identificado con una numeración interna a efectos de gestión. Los planes de gestión pendientes se irán añadiendo conforme los responsables los aprueben y trasladen a Coordinación PRTR.
A9: FINANCIACIÓN ASIGNADA MRR 2020-2026 | D9: Estimación de los ingresos MRR a recibir para cada actuación de gestión durante todo el periodo PRTR. Estimación realizada con la información disponible en el momento de elaboración de la tabla. La fuente de información no es el sistema contable sino una serie de documentación tal como planes de gestión, planes económico-presupuestarios, conferencias sectoriales, Reales Decretos, noticias oficiales, etc.
A10: Nivel de Vinculación con SAP | D10: De cara a la trazabilidad con el detalle de información contable (hojas 5 a 7), esta columna indica si el nivel de vinculación de una actuación con la contabilidad es a nivel de "proyecto contable" (1-PC, 3-VPC) o a subnivel de "elemento PEP" (2-EP, 4-VEP).
A11: Nº Proyecto Contable | D11: Número de proyecto contable (PC) asociado a una actuación de gestión.
A12: Elementos PEP | D12: Número de elemento PEP (EPEP) asociado a una actuación de gestión. Cuando se asocian varios EPEPs se indica con un guión. Por ejemplo "314-01/03" significa que se le asocian tres elementos EPEP: 314-01, 314-02 y 314-03.
A13: DERECHOS RECONOCIDOS TOTALES | D13: Información contable de SAP-G21: Derechos reconocidos acumulados desde 2020 hasta el momento de elaboración de la tabla (incluyen derechos por reintegro de subvenciones, devoluciones fondos MRR, financiación adicional al MRR,…)
A14: AUTORIZ/COMPROM/OBLIGACIONES | D14: Información contable de SAP-G21: Gasto autorizado (fase A), comprometido (fase D) y obligaciones reconocidas. Datos acumulados desde 2020 hasta el momento de elaboración de la tabla.
A15: Datos a 31/03/2026 - exportados a 14/04/26
B16: Mes anterior: | C16: Mes anterior : | D16: 151 | E16: 151 | F16: 151 | G16: 148 | H16: 6.1968298e+08 | I16: 151 | J16: 151 | K16: 151 | L16: 6.1092048e+08 | M16: 5.6888471e+08 | N16: 5.5789277e+08 | O16: 4.9905857e+08
A17: =SUBTOTAL(3,A20:A936) -> 151 | B17: =SUBTOTAL(3,B20:B936) -> 151 | C17: =SUBTOTAL(3,C20:C936) -> 151 | D17: =SUBTOTAL(3,D20:D936) -> 151 | E17: =SUBTOTAL(3,E20:E936) -> 151 | F17: =SUBTOTAL(3,F20:F936) -> 151 | G17: =COUNTIF(G20:G936,"*pg*") -> 148 | H17: =SUBTOTAL(9,H20:H936) -> 6.1968298e+08 | I17: =SUBTOTAL(3,I20:I936) -> 151 | J17: =SUBTOTAL(3,J20:J936) -> 151 | K17: =SUBTOTAL(3,K20:K936) -> 151 | L17: =SUBTOTAL(9,L20:L936) -> 6.0999333e+08 | M17: =SUBTOTAL(9,M20:M936) -> 6.1563689e+08 | N17: =SUBTOTAL(9,N20:N936) -> 6.0335837e+08 | O17: =SUBTOTAL(9,O20:O936) -> 5.051243e+08
I18: Contabilidad SAP-G21*
A19: Subproyecto del Sistema de Información (CoFFEE) | B19: Denominación CoFFEE | C19: COMPONENTE | D19: ID Actuación de gestión | E19: Denominación actuación de gestión | F19: Departamento de gestión | G19: PLAN DE GESTIÓN | H19: FINANCIACIÓN MRR ASIGNADA 2020-2026 | I19: Nivel de Vinculación con SAP | J19: Nº Proyecto Contable | K19: Elementos PEP | L19: DERECHOS RECONOCIDOS TOTALES | M19: GASTO AUTORIZADO | N19: DISPOSICIONES O COMPROMISOS DE GASTO | O19: OBLIGACIONES RECONOCIDAS
A20: C01.I01.P02.S18 | B20: Ayudas a la Comunidad Foral de Navarra para la ejecución de programas para la transformación digital y sostenible del transporte | C20: C01-Plan de choque de movilidad sostenible, segura y conectada en entornos urbanos y metropolitanos | D20: ID002 | E20: Zonas de bajas emisiones en entornos metropolitanos | F20: Departamento de Cohesión Territorial | G20: PG001 | H20: 12540934 | I20: 1-PC | J20: 464 | K20: - | L20: 12684675 | M20: 14696395 | N20: 14696395 | O20: 14696395
A21: C01.I01.P03.S06 | B21: Ayudas para la transformación de flotas de transporte de viajeros y mercancías de empresas privadas prestadoras de servicios de transporte. Navarra | C21: C01-Plan de choque de movilidad sostenible, segura y conectada en entornos urbanos y metropolitanos | D21: ID001 | E21: Ayudas para la transformación de flotas de transporte de viajeros y mercancías | F21: Departamento de Industria y de Transición Ecológica y Digital Empresarial | G21: PG009 | H21: 7083963.3 | I21: 1-PC | J21: 447 | K21: - | L21: 7083963.3 | M21: 7052790.4 | N21: 6356888.6 | O21: 6356888.6
A22: C01.I02.P03.S17 | B22: MOVES Territorializado Comunidad Foral de Navarra | C22: C01-Plan de choque de movilidad sostenible, segura y conectada en entornos urbanos y metropolitanos | D22: ID003 | E22: Plan MOVES II (2020) | F22: Departamento de Industria y de Transición Ecológica y Digital Empresarial | G22: PG112 | H22: 2215707 | I22: 1-PC | J22: 276 | K22: - | L22: 2215707 | M22: 1469924.1 | N22: 1469924.1 | O22: 1469924.1
A23: C01.I02.P03.S17 | B23: MOVES Territorializado Comunidad Foral de Navarra | C23: C01-Plan de choque de movilidad sostenible, segura y conectada en entornos urbanos y metropolitanos | D23: ID004 | E23: MOVES III Ejecución de programas de inventivos ligados a la movilidad eléctrica | F23: Departamento de Industria y de Transición Ecológica y Digital Empresarial | G23: PG069 | H23: 36636049 | I23: 1-PC | J23: 314 | K23: - | L23: 36077521 | M23: 35610807 | N23: 31128706 | O23: 22703075
A24: C02.I01.P02.S11 | B24: Programas 1-5 de rehabilitación residencial en el marco del PRTR en la Comunidad Foral de Navarra. | C24: C02-Plan de rehabilitación de vivienda y regeneración urbana | D24: ID005 | E24: Programa de rehabilitación para la recuperación económica y social en entornos residenciales (rehabilitación protegida). | F24: Departamento de Vivienda, Juventud y Políticas Migratorias | G24: PG003 | H24: 40986000 | I24: 4-VEP | J24: 433 | K24: 01-03 | L24: 41083898 | M24: 40653672 | N24: 40180108 | O24: 14559359
A25: C02.I02.P02.S18 | B25: Programa 6 de vivienda social, RD 853/2021, en la Comunidad Foral de Navarra. | C25: C02-Plan de rehabilitación de vivienda y regeneración urbana | D25: ID006 | E25: Programa de construcción de viviendas en alquiler social en edificios energéticamente eficientes (arrendamiento protegido). | F25: Departamento de Vivienda, Juventud y Políticas Migratorias | G25: PG003 | H25: 14043813 | I25: 4-VEP | J25: 433 | K25: 02 | L25: 14043813 | M25: 13362664 | N25: 13362664 | O25: 13362664
A26: C02.I03.P01.S13 | B26: Programa de rehabilitación energética de edificios (PREE) Comunidad Foral de Navarra | C26: C02-Plan de rehabilitación de vivienda y regeneración urbana | D26: ID007 | E26: Programa Rehabilitación Energética de edificios (PREE) | F26: Departamento de Vivienda, Juventud y Políticas Migratorias | G26: PG115 | H26: 22125000 | I26: 1-PC | J26: 278 | K26: - | L26: 15229950 | M26: 15045829 | N26: 15045829 | O26: 15045829
A27: C02.I04.P01.S13 | B27: Programa PREE menos de 5.000 hab. Territorializado Comunidad Foral de Navarra | C27: C02-Plan de rehabilitación de vivienda y regeneración urbana | D27: ID008 | E27: Rehabilitación energética para edificios existentes en municipios y núcleos de menos de 5000 habitantes (Programa PREE 5000) | F27: Departamento de Vivienda, Juventud y Políticas Migratorias | G27: PG108 | H27: 8615000 | I27: 1-PC | J27: 382 | K27: - | L27: 8615000 | M27: 8613051.6 | N27: 8582346.4 | O27: 5195997
A28: C02.I05.P01.S15 | B28: PIREP AUTONÓMICO NAVARRA | C28: C02-Plan de rehabilitación de vivienda y regeneración urbana | D28: ID009 | E28: PIREP - Casa Ascunce | F28: Departamento de Cohesión Territorial | G28: PG081 | H28: 445276 | I28: 1-PC | J28: 541 | K28: - | L28: 445276 | M28: 829949.85 | N28: 762705.54 | O28: 47506.4
A29: C02.I05.P01.S15 | B29: PIREP AUTONÓMICO NAVARRA | C29: C02-Plan de rehabilitación de vivienda y regeneración urbana | D29: ID010 | E29: PIREP - Centro de industrialización y robótica de la construcción | F29: Departamento de Universidad, Innovación y Transformación Digital | G29: PG113 | H29: 1625213 | I29: 1-PC | J29: 544 | K29: - | L29: 3625213 | M29: 336213.69 | N29: 336213.69 | O29: 336213.69
A30: C02.I05.P01.S15 | B30: PIREP AUTONÓMICO NAVARRA | C30: C02-Plan de rehabilitación de vivienda y regeneración urbana | D30: ID011 | E30: PIREP - Rehabilitación Palacio Marqués de Rozalejo | F30: Departamento de Memoria y Convivencia, Acción Exterior y Euskera | G30: PG032 | H30: 1517911 | I30: 1-PC | J30: 494 | K30: - | L30: 1517911 | M30: 9199630.5 | N30: 9199630.5 | O30: 9199630.5
A31: C02.I05.P01.S15 | B31: PIREP AUTONÓMICO NAVARRA | C31: C02-Plan de rehabilitación de vivienda y regeneración urbana | D31: ID012 | E31: PIREP - UPNA Green Smart&Sustainable Campus | F31: Departamento de Universidad, Innovación y Transformación Digital | G31: PG033 | H31: 3098000 | I31: 1-PC | J31: 476 | K31: - | L31: 3098000 | M31: 3098000 | N31: 3098000 | O31: 3098000
... A54: C11.I02.P01.S07 | B54: J2030 NAVARRA, COMUNIDAD FORAL | C54: C11-Modernización de las Administraciones públicas | D54: ID028 | E54: Proyecto 0: Infraestructuras para la transformación digital de la justicia | F54: Departamento de Interior, Función Pública y Justicia | G54: PG061 | H54: 1952733.3 | I54: 1-PC | J54: 348 | K54: - | L54: 1952733.3 | M54: 1952733.3 | N54: 1952733.3 | O54: 1952733.3
A55: C11.I02.P01.S07 | B55: J2030 NAVARRA, COMUNIDAD FORAL | C55: C11-Modernización de las Administraciones públicas | D55: ID029 | E55: Proyecto 1A: Interoperabilidad en Justicia | F55: Departamento de Interior, Función Pública y Justicia | G55: PG062 | H55: 5176764.9 | I55: 3-VPC | J55: 451-452 | K55: - | L55: 5176764.9 | M55: 4831385.6 | N55: 4831385.6 | O55: 4831385.6
A56: C11.I02.P01.S07 | B56: J2030 NAVARRA, COMUNIDAD FORAL | C56: C11-Modernización de las Administraciones públicas | D56: ID030 | E56: Proyecto 1B: Optimización de sistemas | F56: Departamento de Interior, Función Pública y Justicia | G56: PG098 | H56: 244556.01 | I56: 1-PC | J56: 580 | K56: - | L56: 244556.01 | M56: 240593.98 | N56: 240593.98 | O56: 240593.98
A57: C11.I02.P01.S07 | B57: J2030 NAVARRA, COMUNIDAD FORAL | C57: C11-Modernización de las Administraciones públicas | D57: ID032 | E57: Proyecto 4. Ciberseguridad | F57: Departamento de Interior, Función Pública y Justicia | G57: PG101 | H57: 18148 | I57: 1-PC | J57: 597 | K57: - | L57: 18148 | M57: 18147.58 | N57: 18147.58 | O57: 18147.58
A58: C11.I02.P01.S07 | B58: J2030 NAVARRA, COMUNIDAD FORAL | C58: C11-Modernización de las Administraciones públicas | D58: ID033 | E58: Proyecto 6. Inmediación digital. | F58: Departamento de Interior, Función Pública y Justicia | G58: PG096 | H58: 92100.61 | I58: 1-PC | J58: 576 | K58: - | L58: 92100.62 | M58: 92100.62 | N58: 92100.62 | O58: 92100.62
A59: C11.I02.P01.S07 | B59: J2030 NAVARRA, COMUNIDAD FORAL | C59: C11-Modernización de las Administraciones públicas | D59: ID035 | E59: Proyecto 8:Medios adecuados de resolución de controversias (MASC) | F59: Departamento de Interior, Función Pública y Justicia | G59: PG070 | H59: 205263.13 | I59: 1-PC | J59: 512 | K59: - | L59: 205263.13 | M59: 205263.13 | N59: 205263.13 | O59: 205263.13
A60: C11.I03.P01.S274 | B60: PRTR MPT CONVOCATORIA 2022 TRANSFORMACIÓN DIGITAL Y MODERNIZACIÓN COMUNIDAD UNIPROVINCIAL DE NAVARRA | C60: C11-Modernización de las Administraciones públicas | D60: ID129 | E60: Transformación digital y modernización de las administraciones de las entidades locales | F60: Departamento de Cohesión Territorial | G60: PG109 | H60: 3077753.8 | I60: 1-PC | J60: 634 | K60: - | L60: 1644725.2 | M60: 3077753.8 | N60: 3077753.8 | O60: 3077753.8
A61: C11.I03.P01.S460 | B61: PRTR MPT CONVOCATORIA 2023 TRANSFORMACIÓN DIGITAL Y MODERNIZACIÓN PADRÓN GOBIERNO DE NAVARRA | C61: C11-Modernización de las Administraciones públicas | D61: ID150 | E61: Modernización de los Sistemas de Gestión del Padrón Municipal de las Entidades Locales en la Comunidad Foral de Navarra | F61: Departamento de Presidencia e Igualdad | G61: PG126 | H61: 824908.33 | I61: 1-PC | J61: 701 | K61: - | L61: 750000 | M61: 824908.33 | N61: 824908.33 | O61: 824908.33
A62: C11.I03.P14.S06 | B62: Transformación digital y Modernización de Navarra. Líneas 1-5 Plan de Transformación digital y sanidad digital Línea 6 | C62: C11-Modernización de las Administraciones públicas | D62: ID037 | E62: Transformación digital y modernización de las AAPP de las CCAA: Evolución hacia una cloud privada sostenible | F62: Departamento de Universidad, Innovación y Transformación Digital | G62: PG071 | H62: 2590300 | I62: 2-EP | J62: 509 | K62: 509-02 | L62: 2590300 | M62: 3134263 | N62: 3134263 | O62: 3134263
A63: C11.I03.P14.S06 | B63: Transformación digital y Modernización de Navarra. Líneas 1-5 Plan de Transformación digital y sanidad digital Línea 6 | C63: C11-Modernización de las Administraciones públicas | D63: ID038 | E63: Plan de atención primaria y comunitaria. Modernización de las Administraciones Públicas | F63: Departamento de Salud | G63: PG085 | H63: 4582885 | I63: 1-PC | J63: 539 | K63: - | L63: 4582885 | M63: 5534783.7 | N63: 5449987.5 | O63: 5172694.4
A64: C11.I03.P14.S06 | B64: Transformación digital y Modernización de Navarra. Líneas 1-5 Plan de Transformación digital y sanidad digital Línea 6 | C64: C11-Modernización de las Administraciones públicas | D64: ID039 | E64: Transformación digital y modernización de las AAPP de las CCAA: DATUPNA - NG UNIVERSITY - A DATA DR | F64: Departamento de Universidad, Innovación y Transformación Digital | G64: PG065 | H64: 241000 | I64: 2-EP | J64: 509 | K64: 509-03 | L64: 241000 | M64: 241000 | N64: 241000 | O64: 241000
A65: C11.I03.P14.S06 | B65: Transformación digital y Modernización de Navarra. Líneas 1-5 Plan de Transformación digital y sanidad digital Línea 6 | C65: C11-Modernización de las Administraciones públicas | D65: ID040 | E65: Transformación digital y modernización de las AAPP de las CCAA: Actuaciones Servicio Avance Digital | F65: Departamento de Universidad, Innovación y Transformación Digital | G65: PG066 | H65: 2032324.9 | I65: 2-EP | J65: 509 | K65: 509-01 | L65: 2032324.9 | M65: 2033118.8 | N65: 2033118.8 | O65: 1872749.4
A66: C11.I03.P16.S04 | B66: Comunidad Foral de Navarra - Plan de Atención Digital Personalizada | C66: C11-Modernización de las Administraciones públicas | D66: ID145 | E66: Atención Digital Personalizada (ADP) | F66: Departamento de Salud | G66: PG120 | H66: 5301197 | I66: 1-PC | J66: 680 | K66: - | L66: 5301197.1 | M66: 6399448.5 | N66: 6286003.5 | O66: 3176487.1
A67: C12.I03.P01.S15 | B67: Plan de apoyo a la implementación de la normativa de residuos - NAV | C67: C12-Política Industrial España 2030 | D67: ID041 | E67: Gestión de residuos domésticos | F67: Departamento de Desarrollo Rural y Medio Ambiente | G67: PG008 | H67: 7432696.4 | I67: 1-PC | J67: 457 | K67: - | L67: 7432696.4 | M67: 7404447.1 | N67: 7279501.9 | O67: 2247741.6
... A97: C18.I02.P03.S03 | B97: Cribado poblacional de cancer. Navarra | C97: C18-Renovación y ampliación de las capacidades del Sistema Nacional de Salud | D97: ID058 | E97: Captación activa programa detección precoz de cáncer colorrectal de Navarra | F97: Departamento de Salud | G97: PG080 | H97: 103350.88 | I97: 2-EP | J97: 533 | K97: 533-02 | L97: 103350.9 | M97: 107623.99 | N97: 107623.99 | O97: 107623.99
A98: C18.I03.P02.S10 | B98: Nuevo sistema de Información de la Red Vigilancia en Salud Pública. Navarra | C98: C18-Renovación y ampliación de las capacidades del Sistema Nacional de Salud | D98: ID059 | E98: Red de vigilancia en Salud Pública | F98: Departamento de Salud | G98: PG084 | H98: 476545 | I98: 3-VPC | J98: 584-432 | K98: - | L98: 476545.59 | M98: 476507.1 | N98: 476507.1 | O98: 476507.1
A99: C18.I04.P02.S15 | B99: Formación continuada. Navarra | C99: C18-Renovación y ampliación de las capacidades del Sistema Nacional de Salud | D99: ID060 | E99: Plan formación de profesionales sanitarios y recursos para compartir el conocimiento | F99: Departamento de Salud | G99: PG086 | H99: 249300.95 | I99: 1-PC | J99: 481 | K99: - | L99: 249300.95 | M99: 203714.72 | N99: 203714.72 | O99: 203714.72
A100: C18.I04.P05.S09 | B100: Comunidad Foral de Navarra - Red UNICAS para la mejora de la atención sanitaria a pacientes con enfermedades raras. "Proyecto Red ÚNICAS" | C100: C18-Renovación y ampliación de las capacidades del Sistema Nacional de Salud | D100: ID144 | E100: Mejora atención sanitaria a las enfermedades raras y ELA. RED ÚNICAS. | F100: Departamento de Salud | G100: PG123 | H100: 533333.33 | I100: 2-EP | J100: 685 | K100: 685-01 | L100: 533333.33 | M100: 626168.11 | N100: 626168.11 | O100: 425032.51
A101: C18.I04.P06.S15 | B101: Mejora de la asistencia sanitaria de los pacientes con Enfermedades Raras y ELA. Navarra | C101: C18-Renovación y ampliación de las capacidades del Sistema Nacional de Salud | D101: ID149 | E101: Inversiones para la mejora de la atención sanitaria a pacientes con enfermedades raras y ELA | F101: Departamento de Salud | G101: PG128 | H101: 692086.14 | I101: 2-EP | J101: 685 | K101: 685-02 | L101: 692086.14 | M101: 677047.66 | N101: 677047.66 | O101: 274382.01
A102: C18.I05.P09.S15 | B102: Implantación de la ampliación del catálogo de pruebas genéticas. Navarra | C102: C18-Renovación y ampliación de las capacidades del Sistema Nacional de Salud | D102: ID143 | E102: Ampliación catálogo de la cartera genómica (GenES) | F102: Departamento de Salud | G102: PG127 | H102: 468175.92 | I102: 2-EP | J102: 687 | K102: 687-02 | L102: 468175.92 | M102: 368872.43 | N102: 368872.43 | O102: 0
A103: C18.I05.P10.S11 | B103: Comunidad Foral de Navarra - Sistema de información para la integración de la información genómica a nivel nacional. "Proyecto SiGenES" | C103: C18-Renovación y ampliación de las capacidades del Sistema Nacional de Salud | D103: ID148 | E103: Ampliación de la cartera genómica. Sistema de información (SiGenES) | F103: Departamento de Salud | G103: PG124 | H103: 704154.47 | I103: 2-EP | J103: 687 | K103: 687-01 | L103: 704154.47 | M103: 852026.73 | N103: 852026.73 | O103: 654320
A104: C18.I06.P02.S09 | B104: Data Lake sanitario - Navarra | C104: C18-Renovación y ampliación de las capacidades del Sistema Nacional de Salud | D104: ID124 | E104: Data Lake sanitario. Espacio Nacional de Datos Sanitarios (ENDS) | F104: Departamento de Salud | G104: PG135 | H104: 759553 | I104: 1-PC | J104: 729 | K104: - | L104: 759553.59 | M104: 814746.78 | N104: 814746.78 | O104: 814746.78
A105: C19.I01.P01.S14 | B105: Reforma/Adaptación de Centros de Capacitación Digital en centros de FP de la Red Nacional de Competencias Digitales, para la mejora de las capacidades digitales. (Navarra) | C105: C19-Plan Nacional de Competencias Digitales (digital skills) | D105: ID116 | E105: Creación de Red de centros nacionales de capacitación | F105: Departamento de Educación | G105: PG099 | H105: 620964 | I105: 1-PC | J105: 585 | K105: - | L105: 620963.94 | M105: 423795.71 | N105: 423795.71 | O105: 423795.71
A106: C19.I01.P03.S11 | B106: Navarra - Capacitación digital de la ciudadanía | C106: C19-Plan Nacional de Competencias Digitales (digital skills) | D106: ID061 | E106: Programa formativo de iniciación en competencias digitales para la ciudadanía. | F106: Departamento de Universidad, Innovación y Transformación Digital | G106: PG048 | H106: 1881621 | I106: 1-PC | J106: 477 | K106: - | L106: 1881621 | M106: 2371239.2 | N106: 2371239.2 | O106: 2211572.5
A107: C19.I01.P04.S15 | B107: Navarra-CODI | C107: C19-Plan Nacional de Competencias Digitales (digital skills) | D107: ID142 | E107: Competencias digitales para la infancia (CODI) | F107: Departamento de Derechos Sociales, Economía Social y Empleo | G107: PG119 | H107: 763781.84 | I107: 1-PC | J107: 658 | K107: - | L107: 785700 | M107: 763781.84 | N107: 763781.84 | O107: 397670
A108: C19.I01.P05.S03 | B108: Capacidades digitales para el Reto Demográfico- NAV | C108: C19-Plan Nacional de Competencias Digitales (digital skills) | D108: ID125 | E108: Capacidades digitales para el Reto Demográfico NAVARRA | F108: Departamento de Cohesión Territorial | G108: PG110 | H108: 2080514 | I108: 1-PC | J108: 633 | K108: - | L108: 2080514 | M108: 632553.81 | N108: 632553.81 | O108: 369087.1
A109: C19.I02.P07.S15 | B109: Dotación de dispositivos portátiles para la reducción de la brecha digital en Navarra | C109: C19-Plan Nacional de Competencias Digitales (digital skills) | D109: ID117 | E109: IkasNOVA - EQUIPAMIENTO (#EcoDigEdu) Dotación de dispositivos portátiles | F109: Departamento de Educación | G109: PG057 | H109: 1709503 | I109: 2-EP | J109: 468 | K109: 468-03 | L109: 1709503 | M109: 1709503 | N109: 1709503 | O109: 1709503
A110: C19.I02.P08.S15 | B110: Instalación, actualización y mantenimiento de sistemas digitales interactivos (SDI) en aulas de centros educativos que imparten enseñanzas oficiales distintas a las universitaria en la Comunidad Foral de Navarra | C110: C19-Plan Nacional de Competencias Digitales (digital skills) | D110: ID068 | E110: IkasNOVA - EQUIPAMIENTO (#EcoDigEdu) Instalación, actualización y mantenimiento SDI | F110: Departamento de Educación | G110: PG057 | H110: 12221332 | I110: 2-EP | J110: 468 | K110: 468-02 | L110: 12221332 | M110: 12221332 | N110: 12221332 | O110: 10259168
... A119: C20.I02.P03.S10 | B119: Creación de aulas de emprendimiento en centros FP. (Navarra, Comunidad Foral de) | C119: C20-Plan estratégico de impulso de la Formación Profesional | D119: ID069 | E119: Plan de modernización de la FP. Aulas de emprendimiento. | F119: Departamento de Educación | G119: PG044 | H119: 415000 | I119: 1-PC | J119: 323 | K119: - | L119: 415000 | M119: 437762.2 | N119: 437762.2 | O119: 437762.2
A120: C20.I02.P04.S11 | B120: Creación de una Red de 50 Centros de Excelencia de FP_ Comunidad Foral de Navarra. | C120: C20-Plan estratégico de impulso de la Formación Profesional | D120: ID122 | E120: Centros de excelencia de Formación Profesional | F120: Departamento de Educación | G120: PG138 | H120: 6974750 | I120: 3-VPC | J120: 578-652 | K120: - | L120: 6751645.1 | M120: 5476615.8 | N120: 5476615.8 | O120: 5340356.5
A121: C20.I03.P01.S02 | B121: Proyectos de innovación centros FP-empresas de la comunidad autónoma de la Comunidad Foral de Navarra | C121: C20-Plan estratégico de impulso de la Formación Profesional | D121: ID154 | E121: Proyectos de innovación centros FP-empresas | F121: Departamento de Educación | G121: Pendiente | H121: 539171.51 | I121: Pendiente | J121: 0 | K121: 0 | L121: 0 | M121: 0 | N121: 0 | O121: 0
A122: C20.I03.P02.S15 | B122: Redimensionamiento de oferta FP. (Navarra, Comunidad Foral de) | C122: C20-Plan estratégico de impulso de la Formación Profesional | D122: ID071 | E122: Plan de modernización de la FP. Redimensionamiento de la oferta de FP | F122: Departamento de Educación | G122: PG056 | H122: 13035749 | I122: 1-PC | J122: 322 | K122: - | L122: 13035749 | M122: 11096239 | N122: 11096239 | O122: 11096239
A123: C20.I03.P03.S15 | B123: Creación de ciclos formativos de grado medio y grado superior bilingües. (Navarra, Comunidad Foral de) | C123: C20-Plan estratégico de impulso de la Formación Profesional | D123: ID070 | E123: Plan de modernización de la FP. Ciclos bilingues. | F123: Departamento de Educación | G123: PG045 | H123: 13284000 | I123: 1-PC | J123: 475 | K123: - | L123: 13284000 | M123: 18403476 | N123: 18403476 | O123: 18403476
A124: C21.I01.P01.S17 | B124: INFANTIL 0 - 3 AÑOS NAVARRA (COMUNIDAD FORAL DE). | C124: C21-Modernización y digitalización del sistema educativo, incluida la educación temprana de 0 a 3 años | D124: ID072 | E124: Programa de impulso de escolarización en el Primer Ciclo de Educación Infantil | F124: Departamento de Educación | G124: PG041 | H124: 14748658 | I124: 1-PC | J124: 472 | K124: - | L124: 14748658 | M124: 16367603 | N124: 15699567 | O124: 15185603
A125: C21.I02.P01.S13 | B125: PROA+ NAVARRA (COMUNIDAD FORAL DE). | C125: C21-Modernización y digitalización del sistema educativo, incluida la educación temprana de 0 a 3 años | D125: ID073 | E125: PROA+, Programa para la orientación avance y enriquecimiento educativo | F125: Departamento de Educación | G125: PG046 | H125: 7204065.4 | I125: 1-PC | J125: 470 | K125: - | L125: 7204065 | M125: 7026324.4 | N125: 7026324.4 | O125: 7026324.4
A126: C21.I03.P01.S13 | B126: UAO NAVARRA (COMUNIDAD FORAL DE). | C126: C21-Modernización y digitalización del sistema educativo, incluida la educación temprana de 0 a 3 años | D126: ID074 | E126: Unidades de acompañamiento | F126: Departamento de Educación | G126: PG047 | H126: 1544891.5 | I126: 1-PC | J126: 469 | K126: - | L126: 1544891 | M126: 1422628.5 | N126: 1422628.5 | O126: 1422628.5
A127: C21.I06.P02.S12 | B127: NAVARRA_MICROCREDENCIALES | C127: C21-Modernización y digitalización del sistema educativo, incluida la educación temprana de 0 a 3 años | D127: ID136 | E127: Microcredenciales universitarias | F127: Departamento de Universidad, Innovación y Transformación Digital | G127: PG117 | H127: 652271 | I127: 1-PC | J127: 653 | K127: - | L127: 652271 | M127: 652271 | N127: 652271 | O127: 652271
A128: C22.I01.P03.S01 | B128: Objetivo 322 (Teleasistencia y sistemas digitales del control del entorno) de la Comunidad Foral de Navarra. | C128: C22-Plan de choque para la economía de los cuidados y refuerzo de las políticas de inclusión | D128: ID077 | E128: Teleasistencia y sistemas digitales de control del entorno | F128: Departamento de Derechos Sociales, Economía Social y Empleo | G128: PG014 | H128: 8758748.6 | I128: 1-PC | J128: 359 | K128: - | L128: 8768494.1 | M128: 8768484.1 | N128: 8768484.1 | O128: 8768484.1
A129: C22.I01.P04.S06 | B129: Subproyecto del Objetivo 323 de la Comunidad Foral de Navarra. | C129: C22-Plan de choque para la economía de los cuidados y refuerzo de las políticas de inclusión | D129: ID075 | E129: Modernización de sistemas tecnológicos de los centros residenciales | F129: Departamento de Derechos Sociales, Economía Social y Empleo | G129: PG074 | H129: 1750000 | I129: 1-PC | J129: 357 | K129: - | L129: 1750000 | M129: 1747210.9 | N129: 1747210.9 | O129: 899264.02
A130: C22.I01.P04.S06 | B130: Subproyecto del Objetivo 323 de la Comunidad Foral de Navarra. | C130: C22-Plan de choque para la economía de los cuidados y refuerzo de las políticas de inclusión | D130: ID076 | E130: Plan de gestión Reformas de centros residenciales | F130: Departamento de Derechos Sociales, Economía Social y Empleo | G130: PG013 | H130: 20154014 | I130: 1-PC | J130: 356 | K130: - | L130: 20356979 | M130: 24136643 | N130: 23593832 | O130: 21362404
A131: C22.I02.P02.S10 | B131: Subproyecto del Hito 325 de la Comunidad Foral de Navarra | C131: C22-Plan de choque para la economía de los cuidados y refuerzo de las políticas de inclusión | D131: ID078 | E131: Adaptación de recursos residenciales y de estancia diurna para menores y dotación de medios tecnológicos | F131: Departamento de Derechos Sociales, Economía Social y Empleo | G131: PG015 | H131: 1286636.6 | I131: 1-PC | J131: 365 | K131: - | L131: 1286636.6 | M131: 1374367.8 | N131: 1374367.8 | O131: 1374367.8
A132: C22.I02.P02.S10 | B132: Subproyecto del Hito 325 de la Comunidad Foral de Navarra | C132: C22-Plan de choque para la economía de los cuidados y refuerzo de las políticas de inclusión | D132: ID079 | E132: Historia Social Única Electrónica de Navarra | F132: Departamento de Derechos Sociales, Economía Social y Empleo | G132: PG020 | H132: 5268169.7 | I132: 1-PC | J132: 360 | K132: - | L132: 5268169.1 | M132: 4960530.7 | N132: 4960530.7 | O132: 4960530.7
A133: C22.I02.P02.S10 | B133: Subproyecto del Hito 325 de la Comunidad Foral de Navarra | C133: C22-Plan de choque para la economía de los cuidados y refuerzo de las políticas de inclusión | D133: ID080 | E133: Instituto de Investigación, Innovación y Desarrollo de soluciones para afrontar el envejecimiento y la Dependencia del Grupo 9 de Universidades Públicas | F133: Departamento de Derechos Sociales, Economía Social y Empleo | G133: PG103 | H133: 300000.05 | I133: 1-PC | J133: 363 | K133: - | L133: 300000 | M133: 0 | N133: 0 | O133: 0
... A170: C31.I01.P01.S06 | B170: Apoyo al autoconsumo y almacenamiento detrás del contador en la adenda en la COMUNIDAD FORAL DE NAVARRA | C170: C31-REPowerEU | D170: ID138 | E170: Autoconsumo Almacenamiento REpowerUE | F170: Departamento de Industria y de Transición Ecológica y Digital Empresarial | G170: PG088 | H170: 928029.1 | I170: 1-PC | J170: 644 | K170: - | L170: 928029.1 | M170: 898155.95 | N170: 785539.5 | O170: 327382.91

Sheet 2-SUBPROYECTOS
A1: VOLVER AL INDICE
F2: INSTRUCCIONES DE SELECCIÓN
F3: 1-En esta presentación aparecen todos los subproyectos con fondos MRR de la ACFN con los importes de financiación total prevista (columna H) y
F4: con los importes de autorizaciones, disposiciones y obligaciones entre 2020 y 2026 (columna I,J y K)
F5: 2-En el MENÚ DE LA IZQUIERDA de DEPARTAMENTOS se puede pinchar en el departamento que se quiera FILTRAR.
F6: Una vez seleccionado un departamento se puede ver en el bloque de Denominación actuación de gestión foral en qué actuación participa ese departamento. Para QUITAR EL FILTRO
F7: hay que pinchar el botón de quitar filtros (arriba a la derecha del menú, en el icono de un embudo tachado) | H7: ='1-ACTUACIONES'!A15 -> Datos a 31/03/2026 - exportados a 14/04/26
F8: 3-En el bloque de COMPONENTES se puede hacer el mismo tipo de selección que en Departarmentos. | I8: =IF(I9/$H9>1,1,I9/$H9) -> 0.9934707 | J8: =IF(J9/$H9>1,1,J9/$H9) -> 0.97365651 | K8: =IF(K9/$H9>1,1,K9/$H9) -> 0.8151334
F9: =+SUBTOTAL(3,F11:F505) -> 120 | G9: =+SUBTOTAL(3,G11:G505) -> 120 | H9: =+SUBTOTAL(9,H11:H505) -> 6.1968298e+08 | I9: =SUBTOTAL(9,I11:I206) -> 6.1563689e+08 | J9: =SUBTOTAL(9,J11:J206) -> 6.0335837e+08 | K9: =SUBTOTAL(9,K11:K206) -> 5.051243e+08
F10: Subproyecto del Sistema de Información (CoFFEE) | G10: Denominación CoFFEE | H10: FINANCIACIÓN MRR ASIGNADA 2020-2026 | I10: AUTORIZACIONES 2020 a 2027 | J10: DISPOSICIONES O COMPROMISOS 2020 a 2027 | K10: OBLIGACIONES 2020 a 2026
F11: C01.I01.P02.S18 | G11: Ayudas a la Comunidad Foral de Navarra para la ejecución de programas para la transformación digital y sostenible del transporte | H11: 12540934 | I11: 14696395 | J11: 14696395 | K11: 14696395
F12: C01.I01.P03.S06 | G12: Ayudas para la transformación de flotas de transporte de viajeros y mercancías de empresas privadas prestadoras de servicios de transporte. Navarra | H12: 7083963.3 | I12: 7052790.4 | J12: 6356888.6 | K12: 6356888.6
F13: C01.I02.P03.S17 | G13: MOVES Territorializado Comunidad Foral de Navarra | H13: 38851756 | I13: 37080731 | J13: 32598630 | K13: 24172999
F14: C02.I01.P02.S11 | G14: Programas 1-5 de rehabilitación residencial en el marco del PRTR en la Comunidad Foral de Navarra. | H14: 40986000 | I14: 40653672 | J14: 40180108 | K14: 14559359
F15: C02.I02.P02.S18 | G15: Programa 6 de vivienda social, RD 853/2021, en la Comunidad Foral de Navarra. | H15: 14043813 | I15: 13362664 | J15: 13362664 | K15: 13362664
F16: C02.I03.P01.S13 | G16: Programa de rehabilitación energética de edificios (PREE) Comunidad Foral de Navarra | H16: 22125000 | I16: 15045829 | J16: 15045829 | K16: 15045829
F17: C02.I04.P01.S13 | G17: Programa PREE menos de 5.000 hab. Territorializado Comunidad Foral de Navarra | H17: 8615000 | I17: 8613051.6 | J17: 8582346.4 | K17: 5195997
F18: C02.I05.P01.S15 | G18: PIREP AUTONÓMICO NAVARRA | H18: 6686400 | I18: 13463794 | J18: 13396550 | K18: 12681351
F19: C03.I03.P01.S06 | G19: Inversiones para la mejora de la bioseguridad en explotaciones agrícolas de material vegetal de reproducción y en centros de limpieza y desinfección de medios de transporte de animales vivos (Navarra) | H19: 847698.83 | I19: 553351.84 | J19: 553351.84 | K19: 553351.84
F20: C03.I04.P01.S12 | G20: Programas de apoyo a inversiones en explotaciones agrícolas y ganaderas (Navarra) | H20: 14674312 | I20: 14018400 | J20: 14018400 | K20: 13007650
F21: C04.I02.P01.S12 | G21: Conservación de la biodiversidad - NAV | H21: 2497597 | I21: 2660496.6 | J21: 2210077.5 | K21: 1567636.3
F22: C04.I02.P01.S16.S03 | G22: Conservación de la Biodiversidad - OAPN - NAV | H22: 861956 | I22: 861956 | J22: 710408.35 | K22: 710408.35
... F130: C20.I03.P01.S02 | G130: Proyectos de innovación centros FP-empresas de la comunidad autónoma de la Comunidad Foral de Navarra | H130: 539171.51 | I130: 0 | J130: 0 | K130: 0

Sheet 3-Códigos BDNS
A2: VOLVER AL INDICE
E3: Total mes anterior: | F3: 172
E4: ='1-ACTUACIONES'!A15 -> Datos a 31/03/2026 - exportados a 14/04/26 | F4: =+SUBTOTAL(3,F6:F2000) -> 174
A5: Subproyecto del Sistema de Información (CoFFEE) | B5: Denominación CoFFEE | C5: ID Actuación | D5: Denominación gestión | E5: Departamento de gestión | F5: Códigos asociados en la BDNS (Base de Datos Nacional de Subvenciones) | G5: Enlace a ficha BDNS | H5: Descripción BDNS
A6: C01.I01.P02.S18 | B6: Ayudas a la Comunidad Foral de Navarra para la ejecución de programas para la transformación digital y sostenible del transporte | C6: ID002 | D6: Zonas de bajas emisiones en entornos metropolitanos | E6: Departamento de Cohesión Territorial | F6: 634164 | G6: https://www.pap.hacienda.gob.es/bdnstrans/GE/es/convocatorias/634164 | H6: EJECUCIÓN CARRIL BICI CALLE MILUZE PAMPLONA, PRTR-MRR
A7: C01.I01.P02.S18 | B7: Ayudas a la Comunidad Foral de Navarra para la ejecución de programas para la transformación digital y sostenible del transporte | C7: ID002 | D7: Zonas de bajas emisiones en entornos metropolitanos | E7: Departamento de Cohesión Territorial | F7: 664624 | G7: https://www.pap.hacienda.gob.es/bdnstrans/GE/es/convocatorias/664624 | H7: EJECUCIÓN CARRIL BICI CALLE TAJONAR PAMPLONA, PRTR-MRR
A8: C01.I01.P02.S18 | B8: Ayudas a la Comunidad Foral de Navarra para la ejecución de programas para la transformación digital y sostenible del transporte | C8: ID002 | D8: Zonas de bajas emisiones en entornos metropolitanos | E8: Departamento de Cohesión Territorial | F8: 683794 | G8: https://www.pap.hacienda.gob.es/bdnstrans/GE/es/convocatorias/683794 | H8: Ejecución Proyecto "Itinerario peatonal y ciclista de conexión entre Pamplona y Burlada por la Cuesta de Beloso" financiado por Fondos de la Unión Europea-Next Generation EU en el marco del PRTR
A9: C01.I01.P03.S06 | B9: Ayudas para la transformación de flotas de transporte de viajeros y mercancías de empresas privadas prestadoras de servicios de transporte. Navarra | C9: ID001 | D9: Ayudas para la transformación de flotas de transporte de viajeros y mercancías | E9: Departamento de Industria y de Transición Ecológica y Digital Empresarial | F9: 631204 | G9: https://www.pap.hacienda.gob.es/bdnstrans/GE/es/convocatorias/631204 | H9: Ayuda para la transformación de flotas de transporte de viajeros y mercancías de empresas. Adquisición de vehículos
A10: C01.I01.P03.S06 | B10: Ayudas para la transformación de flotas de transporte de viajeros y mercancías de empresas privadas prestadoras de servicios de transporte. Navarra | C10: ID001 | D10: Ayudas para la transformación de flotas de transporte de viajeros y mercancías | E10: Departamento de Industria y de Transición Ecológica y Digital Empresarial | F10: 631209 | G10: https://www.pap.hacienda.gob.es/bdnstrans/GE/es/convocatorias/631209 | H10: Ayuda para la transformación de flotas de transporte de viajeros y mercancías de empresas. Retrofit
A11: C01.I01.P03.S06 | B11: Ayudas para la transformación de flotas de transporte de viajeros y mercancías de empresas privadas prestadoras de servicios de transporte. Navarra | C11: ID001 | D11: Ayudas para la transformación de flotas de transporte de viajeros y mercancías | E11: Departamento de Industria y de Transición Ecológica y Digital Empresarial | F11: 631262 | G11: https://www.pap.hacienda.gob.es/bdnstrans/GE/es/convocatorias/631262 | H11: Ayuda para la transformación de flotas de transporte de viajeros y mercancías de empresas. Infraestructura de recarga
A12: C01.I01.P03.S06 | B12: Ayudas para la transformación de flotas de transporte de viajeros y mercancías de empresas privadas prestadoras de servicios de transporte. Navarra | C12: ID001 | D12: Ayudas para la transformación de flotas de transporte de viajeros y mercancías | E12: Departamento de Industria y de Transición Ecológica y Digital Empresarial | F12: 631267 | G12: https://www.pap.hacienda.gob.es/bdnstrans/GE/es/convocatorias/631267 | H12: Ayuda para la transformación de flotas de transporte de viajeros y mercancías de empresas. Adquisición semirremolques ferroviarios
A13: C01.I01.P03.S06 | B13: Ayudas para la transformación de flotas de transporte de viajeros y mercancías de empresas privadas prestadoras de servicios de transporte. Navarra | C13: ID001 | D13: Ayudas para la transformación de flotas de transporte de viajeros y mercancías | E13: Departamento de Industria y de Transición Ecológica y Digital Empresarial | F13: 631277 | G13: https://www.pap.hacienda.gob.es/bdnstrans/GE/es/convocatorias/631277 | H13: Ayuda para la transformación de flotas de transporte de viajeros y mercancías de empresas. Achatarramiento (Minimis)
A14: C01.I01.P03.S06 | B14: Ayudas para la transformación de flotas de transporte de viajeros y mercancías de empresas privadas prestadoras de servicios de transporte. Navarra | C14: ID001 | D14: Ayudas para la transformación de flotas de transporte de viajeros y mercancías | E14: Departamento de Industria y de Transición Ecológica y Digital Empresarial | F14: 827336 | G14: https://www.pap.hacienda.gob.es/bdnstrans/GE/es/convocatorias/827336 | H14: Ayuda para la transformación de flotas de transporte de viajeros y mercancías de empresas. Adquisición de vehículos
A15: C01.I02.P03.S17 | B15: MOVES Territorializado Comunidad Foral de Navarra | C15: ID003 | D15: Plan MOVES II (2020) | E15: Departamento de Industria y de Transición Ecológica y Digital Empresarial | F15: 523367 | G15: https://www.pap.hacienda.gob.es/bdnstrans/GE/es/convocatorias/523367 | H15: Programa de incentivos a la movilidad eficiente y sostenible (MOVES II) 2020
A16: C01.I02.P03.S17 | B16: MOVES Territorializado Comunidad Foral de Navarra | C16: ID004 | D16: MOVES III Ejecución de programas de inventivos ligados a la movilidad eléctrica | E16: Departamento de Industria y de Transición Ecológica y Digital Empresarial | F16: 574654 | G16: https://www.pap.hacienda.gob.es/bdnstrans/GE/es/convocatorias/574654 | H16: Programa de incentivos ligados a la movilidad eléctrica (Programa MOVES III)
A17: C01.I02.P03.S17 | B17: MOVES Territorializado Comunidad Foral de Navarra | C17: ID004 | D17: MOVES III Ejecución de programas de inventivos ligados a la movilidad eléctrica | E17: Departamento de Industria y de Transición Ecológica y Digital Empresarial | F17: 597225 | G17: https://www.pap.hacienda.gob.es/bdnstrans/GE/es/convocatorias/597225 | H17: Programa de incentivos ligados a la movilidad eléctrica (Programa MOVES III)
... A179: C31.I01.P01.S06 | B179: Apoyo al autoconsumo y almacenamiento detrás del contador en la adenda en la COMUNIDAD FORAL DE NAVARRA | C179: ID138 | D179: Autoconsumo Almacenamiento REpowerUE | E179: Departamento de Industria y de Transición Ecológica y Digital Empresarial | F179: 607046 | G179: https://www.pap.hacienda.gob.es/bdnstrans/GE/es/convocatorias/607046 | H179: Ayudas al autoconsumo y al almacenamiento con fuentes de energía renovable. Programa 4. No sujetas a reglamentos de minimis ni al régimen de ayudas de estado

Sheet 4-Códigos Contratos
A2: VOLVER AL INDICE
A3: Los encargos y contratos menores no tienen un ID de Contrato asociado. Figuran en distintos apartados dentro del Portal de Contratación. Pueden consultarse en los siguientes links:
A4: 1. Contratos menores: (hay que incluir departamento a consultar y año) | E4: https://hacienda.navarra.es/sicpportal/mtoBuscadorFacturasTrimestrales.aspx
A5: 2. Encargos: | E5: https://hacienda.navarra.es/sicpportal/mtoBuscadorEncomiendas.aspx
E7: Total mes anterior: | F7: 228
E8: ='1-ACTUACIONES'!A15 -> Datos a 31/03/2026 - exportados a 14/04/26 | F8: =+SUBTOTAL(3,F10:F2003) -> 237
A9: Subproyecto del Sistema de Información (CoFFEE) | B9: Denominación CoFFEE | C9: ID Actuación | D9: Denominación gestión | E9: Departamento de gestión | F9: Códigos asociados en el Portal de Contratación de Navarra | G9: Enlace a ficha de contrato (PCN) | H9: Título Expte de Contratación
A10: C01.I01.P02.S18 | B10: Ayudas a la Comunidad Foral de Navarra para la ejecución de programas para la transformación digital y sostenible del transporte | C10: ID002 | D10: Zonas de bajas emisiones en entornos metropolitanos | E10: Departamento de Cohesión Territorial | F10: 21081111381341E97250X8388L000 | G10: https://hacienda.navarra.es/registrocontratosweb/ctafichaRegistroDeContratos.aspx?Ent=8388&Cod=21110210373115549928&RcAs=-1 | H10: Pasarela peatonal sobre la carretera NA 150 en Itaroa (Huarte)
A11: C01.I01.P02.S18 | B11: Ayudas a la Comunidad Foral de Navarra para la ejecución de programas para la transformación digital y sostenible del transporte | C11: ID002 | D11: Zonas de bajas emisiones en entornos metropolitanos | E11: Departamento de Cohesión Territorial | F11: 230216102619B44C1B5CX8388L000 | G11: https://hacienda.navarra.es/registrocontratosweb/ctafichaRegistroDeContratos.aspx?Ent=8388&Cod=230810101416ECB9CAB8&RcAs=-1 | H11: Construcción de las obras de urbanización del intercambiador de autobús interurbano en Oronoz Mugairi, en Navarra
A12: C01.I01.P02.S18 | B12: Ayudas a la Comunidad Foral de Navarra para la ejecución de programas para la transformación digital y sostenible del transporte | C12: ID002 | D12: Zonas de bajas emisiones en entornos metropolitanos | E12: Departamento de Cohesión Territorial | F12: 2303160905420A4B59EBX8388L000 | G12: https://hacienda.navarra.es/registrocontratosweb/ctafichaRegistroDeContratos.aspx?Ent=8388&Cod=240110145048E1F3FD42&RcAs=-1 | H12: Proyecto de pasarela peatonal sobre la carretera PA 30 en Arre (Ezcabarte)
A13: C01.I01.P02.S18 | B13: Ayudas a la Comunidad Foral de Navarra para la ejecución de programas para la transformación digital y sostenible del transporte | C13: ID002 | D13: Zonas de bajas emisiones en entornos metropolitanos | E13: Departamento de Cohesión Territorial | F13: 2305051307007C028F13X8388L000 | G13: https://hacienda.navarra.es/registrocontratosweb/ctafichaRegistroDeContratos.aspx?Ent=8388&Cod=231214102114C13D5FD2&RcAs=-1 | H13: Intersección NA30 en el Polígono Industrial Landaben (Navarra)
A14: C01.I01.P02.S18 | B14: Ayudas a la Comunidad Foral de Navarra para la ejecución de programas para la transformación digital y sostenible del transporte | C14: ID002 | D14: Zonas de bajas emisiones en entornos metropolitanos | E14: Departamento de Cohesión Territorial | F14: 2310240925339B4E4317X8388L000 | G14: https://hacienda.navarra.es/registrocontratosweb/ctafichaRegistroDeContratos.aspx?Ent=8388&Cod=240125092936428AB20B&RcAs=-1 | H14: Urbanización del intercambiador de autobús interurbano en Lumbier, Navarra
A15: C01.I01.P02.S18 | B15: Ayudas a la Comunidad Foral de Navarra para la ejecución de programas para la transformación digital y sostenible del transporte | C15: ID002 | D15: Zonas de bajas emisiones en entornos metropolitanos | E15: Departamento de Cohesión Territorial | F15: 2310311300419129D52DX8388L000 | G15: https://hacienda.navarra.es/registrocontratosweb/ctafichaRegistroDeContratos.aspx?Ent=8388&Cod=2401250959541B024E1D&RcAs=-1 | H15: Itinerario peatonal y ciclista de conexión entre Zizur Mayor y Pamplona
A16: C01.I01.P02.S18 | B16: Ayudas a la Comunidad Foral de Navarra para la ejecución de programas para la transformación digital y sostenible del transporte | C16: ID002 | D16: Zonas de bajas emisiones en entornos metropolitanos | E16: Departamento de Cohesión Territorial | F16: 231222115123721C0756X8388L000 | G16: https://hacienda.navarra.es/registrocontratosweb/ctafichaRegistroDeContratos.aspx?Ent=8388&Cod=2405201400404A819EA9&RcAs=-1 | H16: Itinerario peatonal y ciclista de conexión entre Sarriguren-Ciudad de la Innovación-Ripagaina-Areta-Burlada
A17: C01.I01.P02.S18 | B17: Ayudas a la Comunidad Foral de Navarra para la ejecución de programas para la transformación digital y sostenible del transporte | C17: ID002 | D17: Zonas de bajas emisiones en entornos metropolitanos | E17: Departamento de Cohesión Territorial | F17: 2406211051440CF45EE2X8388L000 | G17: https://hacienda.navarra.es/registrocontratosweb/ctafichaRegistroDeContratos.aspx?Ent=8388&Cod=250115092756559A90A2&RcAs=-1 | H17: Itinerario peatonal y ciclista de conexión por la ruta del Camino de Santiago entre Pamplona y Cizur Menor. Tramos 2 a 6
A18: C01.I02.P03.S17 | B18: MOVES Territorializado Comunidad Foral de Navarra | C18: ID004 | D18: MOVES III Ejecución de programas de inventivos ligados a la movilidad eléctrica | E18: Departamento de Industria y de Transición Ecológica y Digital Empresarial | F18: 24110413595203F003E1X8213L000 | G18: https://hacienda.navarra.es/registrocontratosweb/ctafichaRegistroDeContratos.aspx?Ent=8213&Cod=250507104300C3356A33&RcAs=-1 | H18: P2024-41 Contrato de Obra de una Instalación de 6 puntos de recarga para vehículo eléctrico en Hospital Universitario de Navarra, en Pamplona / Iruña (Navarra) mediante procedimiento simplificado y financiado con fondos de la Unión Europea-NextGenera
A19: C01.I02.P03.S17 | B19: MOVES Territorializado Comunidad Foral de Navarra | C19: ID004 | D19: MOVES III Ejecución de programas de inventivos ligados a la movilidad eléctrica | E19: Departamento de Industria y de Transición Ecológica y Digital Empresarial | F19: 241104140757069C1068X8213L000 | G19: https://hacienda.navarra.es/registrocontratosweb/ctafichaRegistroDeContratos.aspx?Ent=8213&Cod=250528133233FDF1470B&RcAs=-1 | H19: P2024-43 Contrato de Obra de una Instalación de 5 puntos de recarga para vehículo eléctrico en el Hospital García Orcoyen en Estella-Lizarra (Navarra) mediante procedimiento simplificado y financiado con fondos de la Unión Europea-NextGenerationEU
A20: C02.I05.P01.S15 | B20: PIREP AUTONÓMICO NAVARRA | C20: ID011 | D20: PIREP - Rehabilitación Palacio Marqués de Rozalejo | E20: Departamento de Memoria y Convivencia, Acción Exterior y Euskera | F20: 19053111401001EF9F79X1001L000 | G20: https://hacienda.navarra.es/registrocontratosweb/ctafichaRegistroDeContratos.aspx?Ent=1001&Cod=19111313365112210733&RcAs=-1 | H20: Redacción de proyecto y dirección de las obras de rehabilitación del Palacio del Marqués de Rozalejo
... A246: C31.I01.P01.S06 | B246: Apoyo al autoconsumo y almacenamiento detrás del contador en la adenda en la COMUNIDAD FORAL DE NAVARRA | C246: ID137 | D246: Autoconsumo Generación REpowerUE | E246: Departamento de Industria y de Transición Ecológica y Digital Empresarial | F246: 240628083126B628A077X8213L000 | G246: https://hacienda.navarra.es/registrocontratosweb/ctafichaRegistroDeContratos.aspx?Ent=8213&Cod=24110514583835F38FBE&RcAs=-1 | H246: P2024-10 Contratación de la Obra de una Instalación Fotovoltaica para Autoconsumo Compartido en nueva cubierta de la Piscifactoría de Oronoz-Mugaire, mediante procedimiento simplificado y financiado con fondos de la Unión Europea-NextGenerationEU

Sheet 5-TOTALES INGR Y GASTOS
A1: VOLVER AL INDICE
D3: Datos extraídos de SAP hasta hasta 31/03/2026 - exportados a 14/04/2026
A5: =SUBTOTAL(3,A9:A1000) -> 257 | B5: =SUBTOTAL(3,B9:B1000) -> 257 | C5: =SUBTOTAL(3,C9:C1000) -> 257 | D5: =SUBTOTAL(3,D9:D1000) -> 257 | F5: =SUBTOTAL(3,F9:F1000) -> 257 | G5: =SUBTOTAL(3,G9:G1000) -> 257 | H5: =SUBTOTAL(9,H9:H1000) -> 5509718 | I5: =SUBTOTAL(9,I9:I1000) -> 1.745175e+08 | J5: =SUBTOTAL(9,J9:J1000) -> 1.9199359e+08 | K5: =SUBTOTAL(9,K9:K1000) -> 1.654156e+08 | L5: =SUBTOTAL(9,L9:L1000) -> 75924268 | M5: =SUBTOTAL(9,M9:M1000) -> -2738909.8 | N5: =SUBTOTAL(9,N9:N1000) -> -14491661 | O5: =SUBTOTAL(9,O9:O1000) -> -628437.33 | ... Z5: =SUBTOTAL(9,Z9:Z1000) -> 1.0534971e+08 | AA5: =SUBTOTAL(9,AA9:AA475) -> 7115633.3 | AB5: =SUBTOTAL(9,AB9:AB1000) -> 13574 | AC5: =SUBTOTAL(9,AC9:AC1000) -> 0 | AD5: =SUBTOTAL(9,AD9:AD1000) -> 0 | AE5: =SUBTOTAL(9,AE9:AE1000) -> 6.1647578e+08
H7: INGRESOS | I7: INGRESOS | J7: INGRESOS | K7: INGRESOS | L7: INGRESOS | M7: INGRESOS | N7: INGRESOS | O7: INGRESOS | P7: INGRESOS | Q7: INGRESOS | R7: GASTOS | S7: GASTOS | T7: GASTOS | U7: GASTOS | V7: GASTOS | W7: GASTOS | X7: GASTOS | Y7: GASTOS | Z7: GASTOS | AA7: =+'[3]RESUMEN PC'!Y6 -> GASTOS | AB7: GASTOS | AC7: GASTOS | AD7: GASTOS | AE7: GASTOS
A8: Subproyecto del Sistema de Información (CoFFEE) | B8: Denominación CoFFEE | C8: ID Actuación | D8: Nombre Subproyecto / Actuación | E8: Departamento | F8: PC / EPEP | G8: Nombre EPEP | H8: Derechos 2020 | I8: Derechos 2021 | J8: Derechos 2022 | K8: Derechos 2023 | L8: Derechos 2024 | M8: Derechos 2025 | N8: Presupuesto definitivo 2026 | O8: Derechos 2026 | P8: Presupuesto definitivo 2027 y post | Q8: Total Presupuesto definitivo | R8: Obligaciones 2020 | S8: Obligaciones 2021 | T8: Obligaciones 2022 | U8: Obligaciones 2023 | V8: Obligaciones 2024 | W8: Obligaciones 2025 | X8: Presupuesto definitivo 2026 | Y8: Autorizaciones 2026 | Z8: Disposiciones 2026 | AA8: Obligaciones 2026 | AB8: Presupuesto definitivo 2027 y post | AC8: Autorizaciones 2027 y post | AD8: Disposiciones 2027 y post | AE8: Total Presupuesto definitivo
A9: C01.I01.P02.S18 | B9: Ayudas a la Comunidad Foral de Navarra para la ejecución de programas para la transformación digital y sostenible del transporte | C9: ID002 | D9: Zonas de bajas emisiones en entornos metropolitanos | E9: 2 | F9: 0464-01 | G9: MRR Movilidad sostenible | H9: 0 | I9: 12540934 | J9: -5835293.6 | K9: -6705640.4 | L9: 0 | M9: 0 | N9: 0 | O9: 0 | P9: 0 | Q9: 0 | R9: 0 | S9: 0 | T9: 0 | U9: 0 | V9: 0 | W9: 0 | X9: 0 | Y9: 0 | Z9: 0 | AA9: 0 | AB9: 0 | AC9: 0 | AD9: 0 | AE9: 0
A10: C01.I01.P02.S18 | B10: Ayudas a la Comunidad Foral de Navarra para la ejecución de programas para la transformación digital y sostenible del transporte | C10: ID002 | D10: Zonas de bajas emisiones en entornos metropolitanos | E10: 2 | F10: 0464-03 | G10: PROYECTOS Y ASISTENCIA CONVENIOS EELL | H10: 0 | I10: 0 | J10: 494409.41 | K10: -367274.3 | L10: -30623.46 | M10: -3961.7 | N10: 0 | O10: 0 | P10: 0 | Q10: 92549.95 | R10: 0 | S10: 0 | T10: 69661.12 | U10: 47117.98 | V10: 0 | W10: 0 | X10: 0 | Y10: 0 | Z10: 0 | AA10: 0 | AB10: 0 | AC10: 0 | AD10: 0 | AE10: 116779.1
A11: C01.I01.P02.S18 | B11: Ayudas a la Comunidad Foral de Navarra para la ejecución de programas para la transformación digital y sostenible del transporte | C11: ID002 | D11: Zonas de bajas emisiones en entornos metropolitanos | E11: 2 | F11: 0464-04 | G11: 150501 PASARELA ITAROA | H11: 0 | I11: 0 | J11: 546750.84 | K11: 36558.9 | L11: 0 | M11: -23944.27 | N11: 0 | O11: 0 | P11: 0 | Q11: 559365.47 | R11: 0 | S11: 0 | T11: 661568.52 | U11: 44236.26 | V11: 0 | W11: 0 | X11: 0 | Y11: 0 | Z11: 0 | AA11: 0 | AB11: 0 | AC11: 0 | AD11: 0 | AE11: 705804.78
A12: C01.I01.P02.S18 | B12: Ayudas a la Comunidad Foral de Navarra para la ejecución de programas para la transformación digital y sostenible del transporte | C12: ID002 | D12: Zonas de bajas emisiones en entornos metropolitanos | E12: 2 | F12: 0464-05 | G12: 150201 CARRIL BICI CALLE MILUCE PAMPLONA | H12: 0 | I12: 0 | J12: 833234.74 | K12: 0 | L12: 0 | M12: -34203.43 | N12: 0 | O12: 0 | P12: 0 | Q12: 799031.31 | R12: 0 | S12: 0 | T12: 833234.74 | U12: 0 | V12: 0 | W12: 0 | X12: 0 | Y12: 0 | Z12: 0 | AA12: 0 | AB12: 0 | AC12: 0 | AD12: 0 | AE12: 833234.74
A13: C01.I01.P02.S18 | B13: Ayudas a la Comunidad Foral de Navarra para la ejecución de programas para la transformación digital y sostenible del transporte | C13: ID002 | D13: Zonas de bajas emisiones en entornos metropolitanos | E13: 2 | F13: 0464-06 | G13: INTERCAMBIADOR AUTOBUSES MUGAIRI | H13: 0 | I13: 0 | J13: 789198.56 | K13: -39308.57 | L13: -162268.87 | M13: -24121.24 | N13: 0 | O13: 0 | P13: 0 | Q13: 563499.88 | R13: 0 | S13: 0 | T13: 3472.7 | U13: 529482.73 | V13: 178066.12 | W13: 0 | X13: 0 | Y13: 0 | Z13: 0 | AA13: 0 | AB13: 0 | AC13: 0 | AD13: 0 | AE13: 711021.55
A14: C01.I01.P02.S18 | B14: Ayudas a la Comunidad Foral de Navarra para la ejecución de programas para la transformación digital y sostenible del transporte | C14: ID002 | D14: Zonas de bajas emisiones en entornos metropolitanos | E14: 2 | F14: 0464-07 | G14: PASARELA PEATONAL Y CICLABLE EN ARRE | H14: 0 | I14: 0 | J14: 1333929.4 | K14: -80016.46 | L14: -207286.66 | M14: -42962.93 | N14: 0 | O14: 0 | P14: 0 | Q14: 1003663.4 | R14: 0 | S14: 0 | T14: 17908 | U14: 0 | V14: 1248509.8 | W14: 0 | X14: 0 | Y14: 0 | Z14: 0 | AA14: 0 | AB14: 0 | AC14: 0 | AD14: 0 | AE14: 1266417.8
A15: C01.I01.P02.S18 | B15: Ayudas a la Comunidad Foral de Navarra para la ejecución de programas para la transformación digital y sostenible del transporte | C15: ID002 | D15: Zonas de bajas emisiones en entornos metropolitanos | E15: 2 | F15: 0464-08 | G15: INTERCAMBIADOR AUTOBUSES LUMBIER | H15: 0 | I15: 0 | J15: 916699.47 | K15: -59342.49 | L15: -185489.97 | M15: -27579.45 | N15: 0 | O15: 0 | P15: 0 | Q15: 644287.56 | R15: 0 | S15: 0 | T15: 17968.5 | U15: 0 | V15: 794990.58 | W15: 0 | X15: 0 | Y15: 0 | Z15: 0 | AA15: 0 | AB15: 0 | AC15: 0 | AD15: 0 | AE15: 812959.08
A16: C01.I01.P02.S18 | B16: Ayudas a la Comunidad Foral de Navarra para la ejecución de programas para la transformación digital y sostenible del transporte | C16: ID002 | D16: Zonas de bajas emisiones en entornos metropolitanos | E16: 2 | F16: 0464-09 | G16: CARRIL BICI COLEGIO AMIGO C/TAJONAR | H16: 0 | I16: 0 | J16: 777479.46 | K16: 0 | L16: 0 | M16: -31914.73 | N16: 0 | O16: 0 | P16: 0 | Q16: 745564.73 | R16: 0 | S16: 0 | T16: 777479.46 | U16: 0 | V16: 0 | W16: 0 | X16: 0 | Y16: 0 | Z16: 0 | AA16: 0 | AB16: 0 | AC16: 0 | AD16: 0 | AE16: 777479.46
A17: C01.I01.P02.S18 | B17: Ayudas a la Comunidad Foral de Navarra para la ejecución de programas para la transformación digital y sostenible del transporte | C17: ID002 | D17: Zonas de bajas emisiones en entornos metropolitanos | E17: 2 | F17: 0464-10 | G17: EXPROPIACIONES | H17: 0 | I17: 0 | J17: 119091.66 | K17: 786898.79 | L17: -558079.91 | M17: -195985.02 | N17: 0 | O17: 0 | P17: 0 | Q17: 151925.52 | R17: 0 | S17: 0 | T17: 119091.66 | U17: 5658.5 | V17: 28027.55 | W17: 5651.15 | X17: 0 | Y17: 0 | Z17: 0 | AA17: 0 | AB17: 0 | AC17: 0 | AD17: 0 | AE17: 158428.86
A18: C01.I01.P02.S18 | B18: Ayudas a la Comunidad Foral de Navarra para la ejecución de programas para la transformación digital y sostenible del transporte | C18: ID002 | D18: Zonas de bajas emisiones en entornos metropolitanos | E18: 2 | F18: 0464-11 | G18: LANDABEN NA-30 | H18: 0 | I18: 0 | J18: 9500 | K18: 155012.55 | L18: -14478.38 | M18: -6158.75 | N18: 0 | O18: 0 | P18: 0 | Q18: 143875.42 | R18: 0 | S18: 0 | T18: 11495 | U18: 0 | V18: 170046.35 | W18: 0 | X18: 0 | Y18: 0 | Z18: 0 | AA18: 0 | AB18: 0 | AC18: 0 | AD18: 0 | AE18: 181541.35
A19: C01.I01.P02.S18 | B19: Ayudas a la Comunidad Foral de Navarra para la ejecución de programas para la transformación digital y sostenible del transporte | C19: ID002 | D19: Zonas de bajas emisiones en entornos metropolitanos | E19: 2 | F19: 0464-12 | G19: ZIZUR MAYOR - AV. AROSTEGUI PAMPLONA | H19: 0 | I19: 0 | J19: 15000 | K19: 873854.68 | L19: -26196.7 | M19: -35411.22 | N19: 0 | O19: 0 | P19: 0 | Q19: 827246.76 | R19: 0 | S19: 0 | T19: 18150 | U19: 25194.17 | V19: 1000472 | W19: 0 | X19: 0 | Y19: 0 | Z19: 0 | AA19: 0 | AB19: 0 | AC19: 0 | AD19: 0 | AE19: 1043816.2
A20: C01.I01.P02.S18 | B20: Ayudas a la Comunidad Foral de Navarra para la ejecución de programas para la transformación digital y sostenible del transporte | C20: ID002 | D20: Zonas de bajas emisiones en entornos metropolitanos | E20: 2 | F20: 0464-13 | G20: CAMINO SANTIAGO - CIZUR MENOR - PAMPLONA | H20: 0 | I20: 0 | J20: 0 | K20: 0 | L20: 24803.87 | M20: 1098654.4 | N20: 0 | O20: 0 | P20: 0 | Q20: 1123458.3 | R20: 0 | S20: 0 | T20: 0 | U20: 52612.94 | V20: 0 | W20: 1364961.6 | X20: 0 | Y20: 0 | Z20: 0 | AA20: 0 | AB20: 0 | AC20: 0 | AD20: 0 | AE20: 1417574.6
... A39: C02.I04.P01.S13 | B39: Programa PREE menos de 5.000 hab. Territorializado Comunidad Foral de Navarra | C39: ID008 | D39: Rehabilitación energética para edificios existentes en municipios y núcleos de menos de 5000 habitantes (Programa PREE 5000) | E39: 3 | F39: 0382-02 | G39: MRR-Subvenciones programa PREE 5000 Per | H39: 0 | I39: 0 | J39: 0 | K39: 0 | L39: 0 | M39: 0 | N39: 0 | O39: 0 | P39: 0 | Q39: 0 | R39: 0 | S39: 0 | T39: 0 | U39: 67473.28 | V39: 0 | W39: 0 | X39: 0 | Y39: 0 | Z39: 0 | AA39: 0 | AB39: 0 | AC39: 0 | AD39: 0 | AE39: 67473.28
A40: C02.I05.P01.S15 | B40: PIREP AUTONÓMICO NAVARRA | C40: ID012 | D40: PIREP - UPNA Green Smart&Sustainable Campus | E40: G | F40: 0476-01 | G40: GU UPNA CAMPUS SOSTENIBLE PIREP | H40: 0 | I40: 0 | J40: 3098000 | K40: 0 | L40: 0 | M40: 0 | N40: 0.03 | O40: 0 | P40: 0 | Q40: 3098000 | R40: 0 | S40: 0 | T40: 3098000 | U40: 0 | V40: 0 | W40: 0 | X40: 0 | Y40: 0 | Z40: 0 | AA40: 0 | AB40: 0 | AC40: 0 | AD40: 0 | AE40: 3098000
A41: C02.I05.P01.S15 | B41: PIREP AUTONÓMICO NAVARRA | C41: ID011 | D41: PIREP - Rehabilitación Palacio Marqués de Rozalejo | E41: B | F41: 0494-01 | G41: Actuaciones tipo A.Eficiencia Energética | H41: 0 | I41: 0 | J41: 1065201 | K41: 0 | L41: 0 | M41: 0 | N41: 0 | O41: 0 | P41: 0 | Q41: 1065201 | R41: 0 | S41: 0 | T41: 0 | U41: 8217.79 | V41: 330407.91 | W41: 924218.62 | X41: 210894.2 | Y41: 210894.2 | Z41: 210894.2 | AA41: 210894.2 | AB41: 0 | AC41: 0 | AD41: 0 | AE41: 1473738.5
A42: C02.I05.P01.S15 | B42: PIREP AUTONÓMICO NAVARRA | C42: ID011 | D42: PIREP - Rehabilitación Palacio Marqués de Rozalejo | E42: B | F42: 0494-02 | G42: Actuaciones tipo C.Accesibilidad | H42: 0 | I42: 0 | J42: 5749.42 | K42: 0 | L42: 0 | M42: 0 | N42: 0 | O42: 0 | P42: 0 | Q42: 5749.42 | R42: 0 | S42: 0 | T42: 0 | U42: 0 | V42: 0 | W42: 87057.85 | X42: 4634.67 | Y42: 4634.67 | Z42: 4634.67 | AA42: 4634.67 | AB42: 0 | AC42: 0 | AD42: 0 | AE42: 91692.52
A43: C02.I05.P01.S15 | B43: PIREP AUTONÓMICO NAVARRA | C43: ID011 | D43: PIREP - Rehabilitación Palacio Marqués de Rozalejo | E43: B | F43: 0494-03 | G43: Actuaciones tipo E. Conservación | H43: 0 | I43: 0 | J43: 446960.58 | K43: 0 | L43: 0 | M43: 0 | N43: 0 | O43: 0 | P43: 0 | Q43: 446960.58 | R43: 0 | S43: 0 | T43: 69735.42 | U43: 1881884.7 | V43: 1788333.6 | W43: 3328555.3 | X43: 494839.6 | Y43: 494839.6 | Z43: 494839.6 | AA43: 494839.6 | AB43: 0 | AC43: 0 | AD43: 0 | AE43: 7563348.6
A44: C02.I05.P01.S15 | B44: PIREP AUTONÓMICO NAVARRA | C44: ID011 | D44: PIREP - Rehabilitación Palacio Marqués de Rozalejo | E44: B | F44: 0494-04 | G44: Actuaciones no financiadas | H44: 0 | I44: 0 | J44: 0 | K44: 0 | L44: 0 | M44: 0 | N44: 0 | O44: 0 | P44: 0 | Q44: 0 | R44: 0 | S44: 0 | T44: 2265.86 | U44: 40194.14 | V44: 0 | W44: 0 | X44: 28390.85 | Y44: 28390.85 | Z44: 28390.85 | AA44: 28390.85 | AB44: 0 | AC44: 0 | AD44: 0 | AE44: 70850.85
A45: C02.I05.P01.S15 | B45: PIREP AUTONÓMICO NAVARRA | C45: ID009 | D45: PIREP - Casa Ascunce | E45: 2 | F45: 0541-01 | G45: MRR-PIREP Casa Ascunce | H45: 0 | I45: 0 | J45: 445276 | K45: 0 | L45: 0 | M45: 0 | N45: 0 | O45: 0 | P45: 0 | Q45: 445276 | R45: 0 | S45: 0 | T45: 0 | U45: 0 | V45: 47506.4 | W45: 0 | X45: 782443.46 | Y45: 782443.45 | Z45: 715199.14 | AA45: 0 | AB45: 0 | AC45: 0 | AD45: 0 | AE45: 829949.86
A46: C02.I05.P01.S15 | B46: PIREP AUTONÓMICO NAVARRA | C46: ID010 | D46: PIREP - Centro de industrialización y robótica de la construcción | E46: G | F46: 0544-01 | G46: MRR-PIREP Centro Nacional Industr y Rob | H46: 0 | I46: 0 | J46: 1625213 | K46: 2000000 | L46: -2000000 | M46: 0 | N46: 0 | O46: 0 | P46: 0 | Q46: 1625213 | R46: 0 | S46: 0 | T46: 0 | U46: 0 | V46: 0 | W46: 233316 | X46: 0 | Y46: 0 | Z46: 0 | AA46: 0 | AB46: 0 | AC46: 0 | AD46: 0 | AE46: 233316
A47: C02.I05.P01.S15 | B47: PIREP AUTONÓMICO NAVARRA | C47: ID010 | D47: PIREP - Centro de industrialización y robótica de la construcción | E47: G | F47: 0544-02 | G47: MRR-PIREP Centro Nacional Industr y Rob | H47: 0 | I47: 0 | J47: 0 | K47: 0 | L47: 2000000 | M47: 0 | N47: 0 | O47: 0 | P47: 0 | Q47: 2000000 | R47: 0 | S47: 0 | T47: 0 | U47: 0 | V47: 0 | W47: 102897.69 | X47: 0 | Y47: 0 | Z47: 0 | AA47: 0 | AB47: 0 | AC47: 0 | AD47: 0 | AE47: 102897.69
A48: C03.I03.P01.S06 | B48: Inversiones para la mejora de la bioseguridad en explotaciones agrícolas de material vegetal de reproducción y en centros de limpieza y desinfección de medios de transporte de animales vivos (Navarra) | C48: ID013 | D48: Reforzar condiciones de bioseguridad en materia de sanidad animal y vegetal | E48: 7 | F48: 0459-01 | G48: MRR Ayudas Viveros | H48: 0 | I48: 167311.2 | J48: 98368.52 | K48: 107383.9 | L48: -46777.12 | M48: 0 | N48: -53100.28 | O48: -53100.28 | P48: 0 | Q48: 273186.22 | R48: 0 | S48: 0 | T48: 0 | U48: 67260.89 | V48: 157383.9 | W48: 95318.55 | X48: 0 | Y48: 0 | Z48: 0 | AA48: 0 | AB48: 0 | AC48: 0 | AD48: 0 | AE48: 319963.34
A49: C03.I03.P01.S06 | B49: Inversiones para la mejora de la bioseguridad en explotaciones agrícolas de material vegetal de reproducción y en centros de limpieza y desinfección de medios de transporte de animales vivos (Navarra) | C49: ID013 | D49: Reforzar condiciones de bioseguridad en materia de sanidad animal y vegetal | E49: 7 | F49: 0459-02 | G49: MRR Ayudas centros limpieza y desinfecc. | H49: 0 | I49: 261760.14 | J49: 94433.78 | K49: 118441.29 | L49: 46777.12 | M49: 0 | N49: -241246.71 | O49: -241246.71 | P49: 0 | Q49: 280165.62 | R49: 0 | S49: 0 | T49: 0 | U49: 7860.46 | V49: 22074.57 | W49: 203453.47 | X49: 0 | Y49: 0 | Z49: 0 | AA49: 0 | AB49: 0 | AC49: 0 | AD49: 0 | AE49: 233388.5
A50: C03.I04.P01.S12 | B50: Programas de apoyo a inversiones en explotaciones agrícolas y ganaderas (Navarra) | C50: ID014 | D50: Inversiones en explotaciones para la sostenibilidad y competitividad de la agricultura y la ganaderia | E50: 7 | F50: 0458-01 | G50: MRR Ayudas subprod. y deyecc. Ganadería | H50: 0 | I50: 591663 | J50: -33350.75 | K50: 0 | L50: -195528.29 | M50: 0 | N50: 0.01 | O50: 0 | P50: 0 | Q50: 362783.97 | R50: 0 | S50: 0 | T50: 0 | U50: 0 | V50: 362783.96 | W50: 0 | X50: 0 | Y50: 0 | Z50: 0 | AA50: 0 | AB50: 0 | AC50: 0 | AD50: 0 | AE50: 362783.96
A51: C03.I04.P01.S12 | B51: Programas de apoyo a inversiones en explotaciones agrícolas y ganaderas (Navarra) | C51: ID014 | D51: Inversiones en explotaciones para la sostenibilidad y competitividad de la agricultura y la ganaderia | E51: 7 | F51: 0458-02 | G51: MRR Ayudas trasnf. integral Invernaderos | H51: 0 | I51: 502405 | J51: -206682.44 | K51: 0 | L51: -295722.56 | M51: 0 | N51: 0.01 | O51: 0 | P51: 0 | Q51: 0.01 | R51: 0 | S51: 0 | T51: 0 | U51: 0 | V51: 0 | W51: 0 | X51: 0 | Y51: 0 | Z51: 0 | AA51: 0 | AB51: 0 | AC51: 0 | AD51: 0 | AE51: 0
A52: C03.I04.P01.S12 | B52: Programas de apoyo a inversiones en explotaciones agrícolas y ganaderas (Navarra) | C52: ID014 | D52: Inversiones en explotaciones para la sostenibilidad y competitividad de la agricultura y la ganaderia | E52: 7 | F52: 0458-03 | G52: MRR Ayudas inv. efic. energ. renov (biog | H52: 0 | I52: 118579 | J52: 0 | K52: -89037.4 | L52: 0 | M52: 0 | N52: 0.01 | O52: 0 | P52: 0 | Q52: 29541.61 | R52: 0 | S52: 0 | T52: 0 | U52: 0 | V52: 29541.6 | W52: 0 | X52: 0 | Y52: 0 | Z52: 0 | AA52: 0 | AB52: 0 | AC52: 0 | AD52: 0 | AE52: 29541.6
A53: C03.I04.P01.S12 | B53: Programas de apoyo a inversiones en explotaciones agrícolas y ganaderas (Navarra) | C53: ID014 | D53: Inversiones en explotaciones para la sostenibilidad y competitividad de la agricultura y la ganaderia | E53: 7 | F53: 0458-04 | G53: MRR Ayudas agr. prec. y tecn. 4.0 | H53: 0 | I53: 954741 | J53: 7163781.7 | K53: 3601774 | L53: 639913.73 | M53: 1921776.9 | N53: 0 | O53: 0 | P53: 0 | Q53: 14281987 | R53: 0 | S53: 0 | T53: 0 | U53: 0 | V53: 1808918.5 | W53: 9918704.5 | X53: 2475417.3 | Y53: 1898451 | Z53: 1898451 | AA53: 887701.06 | AB53: 0 | AC53: 0 | AD53: 0 | AE53: 14203040
A54: C04.I02.P01.S12 | B54: Conservación de la biodiversidad - NAV | C54: ID017 | D54: Modificación de tendidos eléctricos | E54: 7 | F54: 0456-01 | G54: MRR C4 Tendidos eléctricos | H54: 0 | I54: 1306676.9 | J54: 0 | K54: 0 | L54: 0 | M54: 0 | N54: 0 | O54: 0 | P54: 0 | Q54: 1306676.9 | R54: 0 | S54: 0 | T54: 0 | U54: 191441.8 | V54: 585565.03 | W54: 321251.04 | X54: 208419.08 | Y54: 208419.08 | Z54: 0 | AA54: 0 | AB54: 0 | AC54: 0 | AD54: 0 | AE54: 1306677
A55: C04.I02.P01.S12 | B55: Conservación de la biodiversidad - NAV | C55: ID015 | D55: Actuaciones (6) de conservación de la biodiversidad terrestre | E55: 7 | F55: 0499-01 | G55: MRR I2 Mejora ZEC"Estanca de Dos Reinos" | H55: 0 | I55: 0 | J55: 100000 | K55: 0 | L55: 0 | M55: 0 | N55: 0 | O55: 0 | P55: 0 | Q55: 100000 | R55: 0 | S55: 0 | T55: 0 | U55: 0 | V55: 0 | W55: 44591.09 | X55: 75408.91 | Y55: 19900.55 | Z55: 19900.55 | AA55: 0 | AB55: 0 | AC55: 0 | AD55: 0 | AE55: 120000
A56: C04.I02.P01.S12 | B56: Conservación de la biodiversidad - NAV | C56: ID015 | D56: Actuaciones (6) de conservación de la biodiversidad terrestre | E56: 7 | F56: 0499-02 | G56: MRR I2 Mejora habitat galápago europeo | H56: 0 | I56: 0 | J56: 150000 | K56: 0 | L56: 0 | M56: 0 | N56: 0 | O56: 0 | P56: 0 | Q56: 150000 | R56: 0 | S56: 0 | T56: 0 | U56: 0 | V56: 0 | W56: 20950.54 | X56: 148402.46 | Y56: 144362.3 | Z56: 144362.3 | AA56: 0 | AB56: 0 | AC56: 0 | AD56: 0 | AE56: 169353
A57: C04.I02.P01.S12 | B57: Conservación de la biodiversidad - NAV | C57: ID015 | D57: Actuaciones (6) de conservación de la biodiversidad terrestre | E57: 7 | F57: 0499-03 | G57: MRR I2 Actual.cartograf.habitats Navarra | H57: 0 | I57: 0 | J57: 20920 | K57: -20920 | L57: 0 | M57: 0 | N57: 0 | O57: 0 | P57: 0 | Q57: 0 | R57: 0 | S57: 0 | T57: 0 | U57: 0 | V57: 0 | W57: 0 | X57: 0 | Y57: 0 | Z57: 0 | AA57: 0 | AB57: 0 | AC57: 0 | AD57: 0 | AE57: 0
A58: C04.I02.P01.S12 | B58: Conservación de la biodiversidad - NAV | C58: ID015 | D58: Actuaciones (6) de conservación de la biodiversidad terrestre | E58: 7 | F58: 0499-04 | G58: MRR I2 Erradic.flora exótic.ZEC Río Ebro | H58: 0 | I58: 0 | J58: 300000 | K58: 20920 | L58: 0 | M58: 0 | N58: 0 | O58: 0 | P58: 0 | Q58: 320920 | R58: 0 | S58: 0 | T58: 0 | U58: 7207.5 | V58: 41623.81 | W58: 84210.77 | X58: 302754.6 | Y58: 296466.68 | Z58: 296466.68 | AA58: 0 | AB58: 0 | AC58: 0 | AD58: 0 | AE58: 435796.68
A59: C04.I02.P01.S12 | B59: Conservación de la biodiversidad - NAV | C59: ID015 | D59: Actuaciones (6) de conservación de la biodiversidad terrestre | E59: 7 | F59: 0499-05 | G59: MRR I2 Mtto y actualización de los CIN | H59: 0 | I59: 0 | J59: 300000 | K59: 0 | L59: 0 | M59: 0 | N59: 0 | O59: 0 | P59: 0 | Q59: 300000 | R59: 0 | S59: 0 | T59: 0 | U59: 0 | V59: 0 | W59: 113241.26 | X59: 305000 | Y59: 289401.75 | Z59: 47401.75 | AA59: 0 | AB59: 0 | AC59: 0 | AD59: 0 | AE59: 418241.26
... A100: C08.I01.P02.S09 | B100: Impulso del almacenamiento innovador detrás del contador e integrado sectorialmente Comunidad Foral de Navarra | C100: ID027 | D100: Programas de incentivos ligados al autoconsumo y al almacenamiento con fuentes de energía renovable,, así como a la implantación de sistemas térmicos renovables en el sector residencial | E100: 8 | F100: 0385-06 | G100: AUTOCONSUMO C8 - COSTES INDIRECTOS | H100: 0 | I100: 73414.76 | J100: 0 | K100: 0 | L100: 0 | M100: 0 | N100: 0.01 | O100: 0 | P100: 0 | Q100: 73414.77 | R100: 0 | S100: 0 | T100: 22781.68 | U100: 43673.05 | V100: 82878.86 | W100: 110756.67 | X100: 3809.17 | Y100: 3809.17 | Z100: 3809.17 | AA100: 0 | AB100: 0 | AC100: 0 | AD100: 0 | AE100: 263899.43
A101: C11.I02.P01.S07 | B101: J2030 NAVARRA, COMUNIDAD FORAL | C101: ID028 | D101: Proyecto 0: Infraestructuras para la transformación digital de la justicia | E101: F | F101: 0348-01 | G101: MRR PROYECTO 0 JUSTICIA 2030 | H101: 0 | I101: 440165.94 | J101: -82232.68 | K101: 75165.99 | L101: 0 | M101: 0 | N101: 0.01 | O101: 0 | P101: 0 | Q101: 433099.26 | R101: 0 | S101: 36687.2 | T101: 396412.05 | U101: 0 | V101: 0 | W101: 0 | X101: 0 | Y101: 0 | Z101: 0 | AA101: 0 | AB101: 0 | AC101: 0 | AD101: 0 | AE101: 433099.25
A102: C11.I02.P01.S07 | B102: J2030 NAVARRA, COMUNIDAD FORAL | C102: ID028 | D102: Proyecto 0: Infraestructuras para la transformación digital de la justicia | E102: F | F102: 0348-02 | G102: EXCESO FINANCIACIÓN PROY.0 JUSTICIA 2030 | H102: 0 | I102: 77730.06 | J102: -77730.06 | K102: 0 | L102: 0 | M102: 0 | N102: 0 | O102: 0 | P102: 0 | Q102: 0 | R102: 0 | S102: 0 | T102: 0 | U102: 0 | V102: 0 | W102: 0 | X102: 0 | Y102: 0 | Z102: 0 | AA102: 0 | AB102: 0 | AC102: 0 | AD102: 0 | AE102: 0
A103: C11.I02.P01.S07 | B103: J2030 NAVARRA, COMUNIDAD FORAL | C103: ID028 | D103: Proyecto 0: Infraestructuras para la transformación digital de la justicia | E103: F | F103: 0348-03 | G103: MRR PROYECTO 0 JUSTICIA 2022-2023 | H103: 0 | I103: 100702 | J103: 3187974.7 | K103: -1760963.1 | L103: -95207.27 | M103: 87127.75 | N103: 0.01 | O103: 0 | P103: 0 | Q103: 1519634.1 | R103: 0 | S103: 0 | T103: 28434.67 | U103: 845630.76 | V103: 521700.38 | W103: 123868.27 | X103: 0 | Y103: 0 | Z103: 0 | AA103: 0 | AB103: 0 | AC103: 0 | AD103: 0 | AE103: 1519634.1
A104: C11.I02.P01.S07 | B104: J2030 NAVARRA, COMUNIDAD FORAL | C104: ID029 | D104: Proyecto 1A: Interoperabilidad en Justicia | E104: F | F104: 0451-01 | G104: MRR Proyecto 1A Interoperabilidad. Just. | H104: 0 | I104: 1200000 | J104: 1706329 | K104: 2255633 | L104: 101930.66 | M104: -87127.75 | N104: -345379.33 | O104: 0 | P104: 0 | Q104: 4831385.6 | R104: 0 | S104: 0 | T104: 0 | U104: 881577.23 | V104: 1576751.5 | W104: 2373056.8 | X104: 0 | Y104: 0 | Z104: 0 | AA104: 0 | AB104: 0 | AC104: 0 | AD104: 0 | AE104: 4831385.6
A105: C11.I02.P01.S07 | B105: J2030 NAVARRA, COMUNIDAD FORAL | C105: ID029 | D105: Proyecto 1A: Interoperabilidad en Justicia | E105: F | F105: 0452-01 | G105: MRR Proyecto 2 Justicia basada en datos | H105: 0 | I105: 600000 | J105: 0 | K105: -600000 | L105: 0 | M105: 0 | N105: 0 | O105: 0 | P105: 0 | Q105: 0 | R105: 0 | S105: 0 | T105: 0 | U105: 0 | V105: 0 | W105: 0 | X105: 0 | Y105: 0 | Z105: 0 | AA105: 0 | AB105: 0 | AC105: 0 | AD105: 0 | AE105: 0
A106: C11.I02.P01.S07 | B106: J2030 NAVARRA, COMUNIDAD FORAL | C106: ID035 | D106: Proyecto 8:Medios adecuados de resolución de controversias (MASC) | E106: F | F106: 0512-01 | G106: MRR PROYECTO 8 MASC | H106: 0 | I106: 0 | J106: 536627 | K106: -331358.86 | L106: -5.01 | M106: 0 | N106: 0.01 | O106: 0 | P106: 0 | Q106: 205263.14 | R106: 0 | S106: 0 | T106: 0 | U106: 141013.08 | V106: 64250.05 | W106: 0 | X106: 0 | Y106: 0 | Z106: 0 | AA106: 0 | AB106: 0 | AC106: 0 | AD106: 0 | AE106: 205263.13
A107: C11.I02.P01.S07 | B107: J2030 NAVARRA, COMUNIDAD FORAL | C107: ID033 | D107: Proyecto 6. Inmediación digital. | E107: F | F107: 0576-01 | G107: MRR Proyecto 6 Inmediación Digital | H107: 0 | I107: 0 | J107: 0 | K107: 94901.01 | L107: -2800.39 | M107: 0 | N107: 0.01 | O107: 0 | P107: 0 | Q107: 92100.63 | R107: 0 | S107: 0 | T107: 0 | U107: 24900.63 | V107: 0 | W107: 67199.99 | X107: 0 | Y107: 0 | Z107: 0 | AA107: 0 | AB107: 0 | AC107: 0 | AD107: 0 | AE107: 92100.62
A108: C11.I02.P01.S07 | B108: J2030 NAVARRA, COMUNIDAD FORAL | C108: ID030 | D108: Proyecto 1B: Optimización de sistemas | E108: F | F108: 0580-01 | G108: MRR Proyecto 1B:Interoperabilidad | H108: 0 | I108: 0 | J108: 0 | K108: 248474 | L108: -3917.99 | M108: 0 | N108: -3962.03 | O108: 0 | P108: 0 | Q108: 240593.98 | R108: 0 | S108: 0 | T108: 0 | U108: 0 | V108: 0 | W108: 240593.98 | X108: 0 | Y108: 0 | Z108: 0 | AA108: 0 | AB108: 0 | AC108: 0 | AD108: 0 | AE108: 240593.98
A109: C11.I02.P01.S07 | B109: J2030 NAVARRA, COMUNIDAD FORAL | C109: ID032 | D109: Proyecto 4. Ciberseguridad | E109: F | F109: 0597-01 | G109: MRR Proyecto 4: Ciberseguridad | H109: 0 | I109: 0 | J109: 0 | K109: 18148 | L109: 0 | M109: 0 | N109: -0.42 | O109: 0 | P109: 0 | Q109: 18147.58 | R109: 0 | S109: 0 | T109: 0 | U109: 0 | V109: 18147.58 | W109: 0 | X109: 0 | Y109: 0 | Z109: 0 | AA109: 0 | AB109: 0 | AC109: 0 | AD109: 0 | AE109: 18147.58
A110: C11.I03.P01.S274 | B110: PRTR MPT CONVOCATORIA 2022 TRANSFORMACIÓN DIGITAL Y MODERNIZACIÓN COMUNIDAD UNIPROVINCIAL DE NAVARRA | C110: ID129 | D110: Transformación digital y modernización de las administraciones de las entidades locales | E110: 2 | F110: 0634-01 | G110: MRR Transformación digital | H110: 0 | I110: 0 | J110: 0 | K110: 1644725.2 | L110: 0 | M110: 0 | N110: 1433028.5 | O110: 0 | P110: 0 | Q110: 3077753.8 | R110: 0 | S110: 0 | T110: 0 | U110: 0 | V110: 2415294.6 | W110: 662459.23 | X110: 0 | Y110: 0 | Z110: 0 | AA110: 0 | AB110: 0 | AC110: 0 | AD110: 0 | AE110: 3077753.8
A111: C11.I03.P01.S460 | B111: PRTR MPT CONVOCATORIA 2023 TRANSFORMACIÓN DIGITAL Y MODERNIZACIÓN PADRÓN GOBIERNO DE NAVARRA | C111: ID150 | D111: Modernización de los Sistemas de Gestión del Padrón Municipal de las Entidades Locales en la Comunidad Foral de Navarra | E111: 0 | F111: 0701-01 | G111: MRR MODERNIZACIÓN PADRÓN MUNICIPAL EELL | H111: 0 | I111: 0 | J111: 0 | K111: 0 | L111: 750000 | M111: 0 | N111: 74908.33 | O111: 0 | P111: 0 | Q111: 824908.33 | R111: 0 | S111: 0 | T111: 0 | U111: 0 | V111: 37417.8 | W111: 787490.53 | X111: 0 | Y111: 0 | Z111: 0 | AA111: 0 | AB111: 0 | AC111: 0 | AD111: 0 | AE111: 824908.33
A112: C11.I03.P14.S06 | B112: Transformación digital y Modernización de Navarra. Líneas 1-5 Plan de Transformación digital y sanidad digital Línea 6 | C112: ID040 | D112: Transformación digital y modernización de las AAPP de las CCAA: Actuaciones Servicio Avance Digital | E112: G | F112: 0509-01 | G112: MRR actuaciones Avance Digital | H112: 0 | I112: 0 | J112: 1674718 | K112: 357606.83 | L112: 0 | M112: 0 | N112: 0 | O112: 0 | P112: 0 | Q112: 2032324.9 | R112: 0 | S112: 0 | T112: 117931.18 | U112: 1026271.5 | V112: 660935.65 | W112: 67611.08 | X112: 173056.91 | Y112: 160369.43 | Z112: 160369.43 | AA112: 0 | AB112: 0 | AC112: 0 | AD112: 0 | AE112: 2045806.3
A113: C11.I03.P14.S06 | B113: Transformación digital y Modernización de Navarra. Líneas 1-5 Plan de Transformación digital y sanidad digital Línea 6 | C113: ID037 | D113: Transformación digital y modernización de las AAPP de las CCAA: Evolución hacia una cloud privada sostenible | E113: G | F113: 0509-02 | G113: MRR C11I3 Cloud privada sostenible | H113: 0 | I113: 0 | J113: 2134512.1 | K113: 455787.85 | L113: 0 | M113: 0 | N113: 0.01 | O113: 0 | P113: 0 | Q113: 2590300 | R113: 0 | S113: 0 | T113: 0 | U113: 0 | V113: 1767252 | W113: 1367011 | X113: 0 | Y113: 0 | Z113: 0 | AA113: 0 | AB113: 0 | AC113: 0 | AD113: 0 | AE113: 3134263
A114: C11.I03.P14.S06 | B114: Transformación digital y Modernización de Navarra. Líneas 1-5 Plan de Transformación digital y sanidad digital Línea 6 | C114: ID039 | D114: Transformación digital y modernización de las AAPP de las CCAA: DATUPNA - NG UNIVERSITY - A DATA DR | E114: G | F114: 0509-03 | G114: MRR C11I3 DATUPNA | H114: 0 | I114: 0 | J114: 198593.76 | K114: 42406.24 | L114: 0 | M114: 0 | N114: 0.01 | O114: 0 | P114: 0 | Q114: 241000.01 | R114: 0 | S114: 0 | T114: 198593.76 | U114: 42406.24 | V114: 0 | W114: 0 | X114: 0 | Y114: 0 | Z114: 0 | AA114: 0 | AB114: 0 | AC114: 0 | AD114: 0 | AE114: 241000
A115: C11.I03.P14.S06 | B115: Transformación digital y Modernización de Navarra. Líneas 1-5 Plan de Transformación digital y sanidad digital Línea 6 | C115: ID038 | D115: Plan de atención primaria y comunitaria. Modernización de las Administraciones Públicas | E115: 5 | F115: 0539-01 | G115: MRR PLAN TRANSFORMACIÓN DIGITAL 540007 | H115: 0 | I115: 0 | J115: 1344791.1 | K115: 2618362.9 | L115: 0 | M115: 0 | N115: 2 | O115: -30469.3 | P115: 0 | Q115: 3963156 | R115: 0 | S115: 0 | T115: 0 | U115: 1504935 | V115: 1515626 | W115: 1365391.1 | X115: 362096.53 | Y115: 362089.28 | Z115: 277293.08 | AA115: 0 | AB115: 0 | AC115: 0 | AD115: 0 | AE115: 4748048.6
A116: C11.I03.P14.S06 | B116: Transformación digital y Modernización de Navarra. Líneas 1-5 Plan de Transformación digital y sanidad digital Línea 6 | C116: ID038 | D116: Plan de atención primaria y comunitaria. Modernización de las Administraciones Públicas | E116: 5 | F116: 0539-02 | G116: MRR PLAN TRANSFORMACIÓN DIGITAL 547001 | H116: 0 | I116: 0 | J116: 50000 | K116: 569731 | L116: 0 | M116: 0 | N116: 0 | O116: 30469.3 | P116: 0 | Q116: 619731 | R116: 0 | S116: 0 | T116: 0 | U116: 36191.1 | V116: 0 | W116: 750551.26 | X116: 0 | Y116: 0 | Z116: 0 | AA116: 0 | AB116: 0 | AC116: 0 | AD116: 0 | AE116: 786742.36
A117: C11.I03.P16.S04 | B117: Comunidad Foral de Navarra - Plan de Atención Digital Personalizada | C117: ID145 | D117: Atención Digital Personalizada (ADP) | E117: 5 | F117: 0680-01 | G117: MRR ATENCIÓN DIGITAL PERSONALIZADA (ADP) | H117: 0 | I117: 0 | J117: 0 | K117: 0 | L117: 5301197.1 | M117: 0 | N117: 0 | O117: 0 | P117: 0 | Q117: 5301197.1 | R117: 0 | S117: 0 | T117: 0 | U117: 0 | V117: 0 | W117: 3176487.1 | X117: 3237961.4 | Y117: 3222961.4 | Z117: 3109516.3 | AA117: 0 | AB117: 0 | AC117: 0 | AD117: 0 | AE117: 6414448.5
A118: C12.I03.P01.S15 | B118: Plan de apoyo a la implementación de la normativa de residuos - NAV | C118: ID041 | D118: Gestión de residuos domésticos | E118: 7 | F118: 0457-01 | G118: MRR Plan apoyo impl. normat. residuos | H118: 0 | I118: 5223575.7 | J118: 2209120.7 | K118: 0 | L118: 0 | M118: 0 | N118: 0 | O118: 0 | P118: 0 | Q118: 7432696.4 | R118: 0 | S118: 0 | T118: 25336.97 | U118: 825627.49 | V118: 615127.32 | W118: 781649.87 | X118: 5184954.7 | Y118: 5156705.5 | Z118: 5031760.2 | AA118: 0 | AB118: 0 | AC118: 0 | AD118: 0 | AE118: 7432696.4
A119: C12.I03.P02.S07 | B119: Desarrollo de instrumentos de digitalización para la gestión medioambiental. Navarra | C119: ID152 | D119: Desarrollo de instrumentos de digitalización para la gestión de residuos | E119: G | F119: 0723-01 | G119: MRR DIGITALIZACION | H119: 0 | I119: 0 | J119: 0 | K119: 0 | L119: 1628664.9 | M119: 0 | N119: 0 | O119: 0 | P119: 0 | Q119: 1628664.9 | R119: 0 | S119: 0 | T119: 0 | U119: 0 | V119: 0 | W119: 147440.26 | X119: 1481224.6 | Y119: 1395743.4 | Z119: 1395743.4 | AA119: 0 | AB119: 0 | AC119: 0 | AD119: 0 | AE119: 1628664.9
A120: C12.I03.P05.S05 | B120: Plan de apoyo a la implementación de la normativa de residuos (Adenda). Navarra | C120: ID153 | D120: Centro ambiental de la Comarca de Pamplona. Implementación de la normativa de residuos | E120: G | F120: 0722-01 | G120: MRR C12 I3 MCP centro CAP | H120: 0 | I120: 0 | J120: 0 | K120: 0 | L120: 11593800 | M120: 0 | N120: 0.01 | O120: 0 | P120: 0 | Q120: 11593800 | R120: 0 | S120: 0 | T120: 0 | U120: 0 | V120: 0 | W120: 11593800 | X120: 0 | Y120: 0 | Z120: 0 | AA120: 0 | AB120: 0 | AC120: 0 | AD120: 0 | AE120: 11593800
A121: C13.I03.P11.S05 | B121: RETECH-Navarra-Techfablab. | C121: ID132 | D121: RETECH-Navarra-TechFabLab. | E121: 8 | F121: 0642-01 | G121: MRR RETECH TECHFABLAB | H121: 0 | I121: 0 | J121: 0 | K121: 3749999 | L121: 0 | M121: 0 | N121: 63338.79 | O121: 63338.79 | P121: 0 | Q121: 3813337.8 | R121: 0 | S121: 0 | T121: 0 | U121: 0 | V121: 3054005.6 | W121: 1852009.1 | X121: 0.02 | Y121: 11596.47 | Z121: 11596.47 | AA121: 0 | AB121: 0 | AC121: 0 | AD121: 0 | AE121: 4906014.7
A122: C13.I03.P11.S12 | B122: RETECH-Navarra-Gemelos-Digitales | C122: ID133 | D122: RETECH - Aceleración de Ecosistemas de Emprendimiento e Innovación basados en Gemelos Digitales | E122: G | F122: 0639-01 | G122: MRR RETECH GEMELOS DIGITALES | H122: 0 | I122: 0 | J122: 0 | K122: 5769500 | L122: 325000 | M122: 325000 | N122: 0 | O122: 0 | P122: 0 | Q122: 6419500 | R122: 0 | S122: 0 | T122: 0 | U122: 0 | V122: 967080.48 | W122: 5998303.8 | X122: 730545.71 | Y122: 673646.28 | Z122: 673646.28 | AA122: 0 | AB122: 0 | AC122: 0 | AD122: 0 | AE122: 7695930
A123: C13.I04.P03.S14 | B123: CA COMUNIDAD FORAL DE NAVARRA FONDO TECNOLÓGICO | C123: ID042 | D123: Programa de modernización del comercio: Fondo tecnológico | E123: 8 | F123: 0514-01 | G123: MRR FONDO TECNOLOGICO COMERCIO | H123: 0 | I123: 0 | J123: 761384 | K123: 761384 | L123: 2067.73 | M123: 23577.12 | N123: -207844.95 | O123: 0 | P123: 0 | Q123: 1340567.9 | R123: 0 | S123: 0 | T123: 0 | U123: 1322850 | V123: 17717.89 | W123: 0 | X123: 0 | Y123: 0 | Z123: 0 | AA123: 0 | AB123: 0 | AC123: 0 | AD123: 0 | AE123: 1340567.9
A124: C14.I01.P02.S14.S02 | B124: Plan Nacional 2021 - ACD Comunidad Foral de Navarra | C124: ID047 | D124: Plan de Sostenibilidad Turística en Destino "ACD 5 rutas jacobeas, mil caminos en Navarra" | E124: 8 | F124: 0556-01 | G124: MRR ACD CAMINO SANTIAGO ACTUACION 1 | H124: 0 | I124: 0 | J124: 1935000 | K124: 0 | L124: 0 | M124: 0 | N124: 0 | O124: 0 | P124: 0 | Q124: 1935000 | R124: 0 | S124: 0 | T124: 0 | U124: 3033.94 | V124: 61257.93 | W124: 1576736 | X124: 1361769.6 | Y124: 1311759.6 | Z124: 1311759.6 | AA124: 0 | AB124: 0 | AC124: 0 | AD124: 0 | AE124: 3002797.5
A125: C14.I01.P02.S14.S02 | B125: Plan Nacional 2021 - ACD Comunidad Foral de Navarra | C125: ID047 | D125: Plan de Sostenibilidad Turística en Destino "ACD 5 rutas jacobeas, mil caminos en Navarra" | E125: 8 | F125: 0556-02 | G125: MRR ACD CAMINO SANTIAGO ACTUACION 2 | H125: 0 | I125: 0 | J125: 727206.4 | K125: 0 | L125: 0 | M125: 0 | N125: 0 | O125: 0 | P125: 0 | Q125: 727206.4 | R125: 0 | S125: 0 | T125: 0 | U125: 0 | V125: 49563.31 | W125: 940483.17 | X125: 69820.81 | Y125: 69820.81 | Z125: 69820.81 | AA125: 0 | AB125: 0 | AC125: 0 | AD125: 0 | AE125: 1059867.3
A126: C14.I01.P02.S14.S02 | B126: Plan Nacional 2021 - ACD Comunidad Foral de Navarra | C126: ID047 | D126: Plan de Sostenibilidad Turística en Destino "ACD 5 rutas jacobeas, mil caminos en Navarra" | E126: 8 | F126: 0556-03 | G126: MRR ACD CAMINO SANTIAGO ACTUACION 3 | H126: 0 | I126: 0 | J126: 807793.6 | K126: 0 | L126: 0 | M126: 0 | N126: 0 | O126: 0 | P126: 0 | Q126: 807793.6 | R126: 0 | S126: 0 | T126: 0 | U126: 6107.18 | V126: 6308.8 | W126: 16998.37 | X126: 0.01 | Y126: 0 | Z126: 0 | AA126: 0 | AB126: 0 | AC126: 0 | AD126: 0 | AE126: 29414.36
A127: C14.I01.P02.S14.S02 | B127: Plan Nacional 2021 - ACD Comunidad Foral de Navarra | C127: ID047 | D127: Plan de Sostenibilidad Turística en Destino "ACD 5 rutas jacobeas, mil caminos en Navarra" | E127: 8 | F127: 0556-04 | G127: MRR ACD CAMINO SANTIAGO ACTUACION 4 | H127: 0 | I127: 0 | J127: 880000 | K127: 0 | L127: 0 | M127: 0 | N127: 0 | O127: 0 | P127: 0 | Q127: 880000 | R127: 0 | S127: 0 | T127: 0 | U127: 29327.69 | V127: 65095.78 | W127: 286924.45 | X127: 431624.83 | Y127: 339398.63 | Z127: 339398.63 | AA127: 14539.96 | AB127: 0 | AC127: 0 | AD127: 0 | AE127: 812972.75
A128: C14.I01.P02.S14.S02 | B128: Plan Nacional 2021 - ACD Comunidad Foral de Navarra | C128: ID047 | D128: Plan de Sostenibilidad Turística en Destino "ACD 5 rutas jacobeas, mil caminos en Navarra" | E128: 8 | F128: 0556-05 | G128: MRR ACD CAMINO SANTIAGO ACTUACION 5 | H128: 0 | I128: 0 | J128: 744800 | K128: 0 | L128: 0 | M128: 0 | N128: 0 | O128: 0 | P128: 0 | Q128: 744800 | R128: 0 | S128: 0 | T128: 0 | U128: 115737 | V128: 130640.37 | W128: 287646.45 | X128: 152913.53 | Y128: 25480.29 | Z128: 25480.29 | AA128: 9295.33 | AB128: 0 | AC128: 0 | AD128: 0 | AE128: 686937.35
A129: C14.I01.P02.S14.S02 | B129: Plan Nacional 2021 - ACD Comunidad Foral de Navarra | C129: ID047 | D129: Plan de Sostenibilidad Turística en Destino "ACD 5 rutas jacobeas, mil caminos en Navarra" | E129: 8 | F129: 0556-06 | G129: MRR ACD CAMINO SANTIAGO ACTUACION 6 | H129: 0 | I129: 0 | J129: 363200 | K129: 0 | L129: 0 | M129: 0 | N129: 0 | O129: 0 | P129: 0 | Q129: 363200 | R129: 0 | S129: 0 | T129: 0 | U129: 29526.18 | V129: 93696.57 | W129: 93011.5 | X129: 0.02 | Y129: 0 | Z129: 0 | AA129: 0 | AB129: 0 | AC129: 0 | AD129: 0 | AE129: 216234.27
A130: C14.I01.P02.S14.S02 | B130: Plan Nacional 2021 - ACD Comunidad Foral de Navarra | C130: ID047 | D130: Plan de Sostenibilidad Turística en Destino "ACD 5 rutas jacobeas, mil caminos en Navarra" | E130: 8 | F130: 0556-07 | G130: MRR ACD CAMINO SANTIAGO ACTUACION 7 | H130: 0 | I130: 0 | J130: 372000 | K130: 0 | L130: 0 | M130: 0 | N130: 0 | O130: 0 | P130: 0 | Q130: 372000 | R130: 0 | S130: 0 | T130: 0 | U130: 0 | V130: 6753.6 | W130: 4214.63 | X130: 0.01 | Y130: 0 | Z130: 0 | AA130: 0 | AB130: 0 | AC130: 0 | AD130: 0 | AE130: 10968.24
A131: C14.I01.P02.S14.S02 | B131: Plan Nacional 2021 - ACD Comunidad Foral de Navarra | C131: ID047 | D131: Plan de Sostenibilidad Turística en Destino "ACD 5 rutas jacobeas, mil caminos en Navarra" | E131: 8 | F131: 0556-08 | G131: MRR ACD CAMINO SANTIAGO ACTUACION 6 | H131: 0 | I131: 0 | J131: 0 | K131: 0 | L131: 0 | M131: 0 | N131: 0 | O131: 0 | P131: 0 | Q131: 0 | R131: 0 | S131: 0 | T131: 0 | U131: 0 | V131: 0 | W131: 176.66 | X131: 0 | Y131: 0 | Z131: 0 | AA131: 0 | AB131: 0 | AC131: 0 | AD131: 0 | AE131: 176.66
A132: C14.I01.P02.S15 | B132: Plan Territorial 2021 Navarra | C132: ID046 | D132: Plan de sostenibilidad turística en destino - Ribera de Navarra | E132: 8 | F132: 0491-01 | G132: PSTD "RIBERA DE NAVARRA" | H132: 0 | I132: 0 | J132: 5492500 | K132: 0 | L132: 0 | M132: 0 | N132: 0 | O132: 0 | P132: 0 | Q132: 5492500 | R132: 0 | S132: 0 | T132: 5492500 | U132: 0 | V132: 0 | W132: 0 | X132: 0 | Y132: 0 | Z132: 0 | AA132: 0 | AB132: 0 | AC132: 0 | AD132: 0 | AE132: 5492500
A133: C14.I01.P02.S15 | B133: Plan Territorial 2021 Navarra | C133: ID045 | D133: Plan de sostenibilidad turística en destino: Pamplona SF365 | E133: 8 | F133: 0492-01 | G133: PSTD "PAMPLONA SF365" | H133: 0 | I133: 0 | J133: 5492500 | K133: 0 | L133: 0 | M133: 0 | N133: 0 | O133: 0 | P133: 0 | Q133: 5492500 | R133: 0 | S133: 0 | T133: 5492500 | U133: 0 | V133: 0 | W133: 0 | X133: 0 | Y133: 0 | Z133: 0 | AA133: 0 | AB133: 0 | AC133: 0 | AD133: 0 | AE133: 5492500
A134: C14.I01.P02.S15 | B134: Plan Territorial 2021 Navarra | C134: ID044 | D134: Plan de sostenibilidad turística en destino - ACD Navarra Rural | E134: 8 | F134: 0502-01 | G134: MRR ACD NAVARRA RURAL ACTUACIÓN 1 | H134: 0 | I134: 0 | J134: 2240590 | K134: 0 | L134: 0 | M134: 0 | N134: 0 | O134: 0 | P134: 0 | Q134: 2240590 | R134: 0 | S134: 0 | T134: 192356.83 | U134: 300599.55 | V134: 916925.51 | W134: 1131187.9 | X134: 446547.8 | Y134: 428547.8 | Z134: 428547.8 | AA134: 0 | AB134: 0 | AC134: 0 | AD134: 0 | AE134: 2987617.6
... A141: C14.I01.P02.S15 | B141: Plan Territorial 2021 Navarra | C141: ID044 | D141: Plan de sostenibilidad turística en destino - ACD Navarra Rural | E141: 8 | F141: 0502-08 | G141: NO ENCONTRADO | H141: 0 | I141: 0 | J141: 0 | K141: 0 | L141: 0 | M141: 0 | N141: 0 | O141: 0 | P141: 0 | Q141: 0 | R141: 0 | S141: 0 | T141: 0 | U141: 0 | V141: 0 | W141: 1184.53 | X141: 0 | Y141: 0 | Z141: 0 | AA141: 0 | AB141: 0 | AC141: 0 | AD141: 0 | AE141: 1184.53
A142: C14.I01.P05.S05 | B142: Plan de Sostenibilidad Social del Turismo. Navarra | C142: ID139 | D142: Planes de Sostenibilidad Social del Turismo | E142: A | F142: 0683-01 | G142: Sostenibilidad Social Turismo | H142: 0 | I142: 0 | J142: 0 | K142: 0 | L142: 99998.06 | M142: 0 | N142: 0 | O142: 768.7 | P142: 0 | Q142: 99998.06 | R142: 0 | S142: 0 | T142: 0 | U142: 0 | V142: 0 | W142: 93458.61 | X142: 6539.39 | Y142: 6352 | Z142: 6352 | AA142: 0 | AB142: 0 | AC142: 0 | AD142: 0 | AE142: 99998
A143: C14.I01.P06.S08 | B143: Plan Territorial 2022 Navarra | C143: ID043 | D143: 5 Planes de sostenibilidad turística en destino 2022: Tierra Estella, Zona Media, Comarca de Sangüesa / Zangoza y Prepirineo, Pirineo y Baztán Bidasoa + Enoturismo: S.Martín de Unx | E143: 8 | F143: 0593-01 | G143: DESTINOS 2022 NEXT GENERATION | H143: 0 | I143: 0 | J143: 0 | K143: 24700000 | L143: 0 | M143: 0 | N143: 0 | O143: 0 | P143: 0 | Q143: 24700000 | R143: 0 | S143: 0 | T143: 0 | U143: 1000000 | V143: 22297791 | W143: 1402208.6 | X143: 0.01 | Y143: 0 | Z143: 0 | AA143: 0 | AB143: 0 | AC143: 0 | AD143: 0 | AE143: 24700000
A144: C14.I01.P06.S08 | B144: Plan Territorial 2022 Navarra | C144: ID126 | D144: ACD Navarra Destinos 2022. ACD Navarra y sus paisajes Enogastronómicos | E144: A | F144: 0595-01 | G144: ACD NAVARRA ENOGASTRONOMIA 2023 | H144: 0 | I144: 0 | J144: 0 | K144: 2380000 | L144: 0 | M144: 0 | N144: 0 | O144: 0 | P144: 0 | Q144: 2380000 | R144: 0 | S144: 0 | T144: 0 | U144: 0 | V144: 0 | W144: 641223.69 | X144: 1723776.3 | Y144: 1347310.6 | Z144: 1256951.5 | AA144: 140821.83 | AB144: 0 | AC144: 0 | AD144: 0 | AE144: 2365000
A145: C14.I01.P06.S08 | B145: Plan Territorial 2022 Navarra | C145: ID127 | D145: Seguimiento técnico Destinos 2022 | E145: 8 | F145: 0596-01 | G145: SEGUIM TECNICO 22 PLANES SOSTENIBILIDAD | H145: 0 | I145: 0 | J145: 0 | K145: 200000 | L145: 0 | M145: 0 | N145: 0 | O145: 0 | P145: 0 | Q145: 200000 | R145: 0 | S145: 0 | T145: 0 | U145: 7349.58 | V145: 93064.6 | W145: 64680.24 | X145: 0.03 | Y145: 0 | Z145: 0 | AA145: 0 | AB145: 0.02 | AC145: 0 | AD145: 0 | AE145: 165094.47
A146: C14.I01.P06.S08 | B146: Plan Territorial 2022 Navarra | C146: ID127 | D146: Seguimiento técnico Destinos 2022 | E146: 8 | F146: 0596-02 | G146: NO ENCONTRADO | H146: 0 | I146: 0 | J146: 0 | K146: 0 | L146: 0 | M146: 0 | N146: 0 | O146: 0 | P146: 0 | Q146: 0 | R146: 0 | S146: 0 | T146: 0 | U146: 0 | V146: 0 | W146: 997.24 | X146: 0 | Y146: 0 | Z146: 0 | AA146: 0 | AB146: 0 | AC146: 0 | AD146: 0 | AE146: 997.24
A147: C14.I01.P07.S02 | B147: Plan Territorial 2023 Navarra | C147: ID123 | D147: Planes de sostenibilidad turística en Destino 2023. PSTD URDINA, Plazaola/Sakana/Ultzamaldea, Ribera alta y Comarca Pamplona Rural | E147: A | F147: 0607-01 | G147: MRR TANSFE. DESTINOS CONVOCATORIA 23 | H147: 0 | I147: 0 | J147: 0 | K147: 10330000 | L147: 0 | M147: 0 | N147: 0 | O147: 0 | P147: 0 | Q147: 10330000 | R147: 0 | S147: 0 | T147: 0 | U147: 0 | V147: 10330000 | W147: 0 | X147: 0 | Y147: 0 | Z147: 0 | AA147: 0 | AB147: 0 | AC147: 0 | AD147: 0 | AE147: 10330000
A148: C14.I01.P07.S02 | B148: Plan Territorial 2023 Navarra | C148: ID128 | D148: Plan de Sostenibilidad Turística en Destino 2023: ACD Navarra Circular, Inclusiva y Resiliente | E148: A | F148: 0608-01 | G148: MRR ACD NAVARRA CIRCULAR INCL RES 2023 | H148: 0 | I148: 0 | J148: 0 | K148: 6871000 | L148: 0 | M148: 0 | N148: 300000 | O148: 300000 | P148: 0 | Q148: 7171000 | R148: 0 | S148: 0 | T148: 0 | U148: 0 | V148: 0 | W148: 2201675.8 | X148: 4886766.6 | Y148: 4533237.9 | Z148: 4317357.9 | AA148: 489848.86 | AB148: 0 | AC148: 0 | AD148: 0 | AE148: 7088442.4
A149: C14.I02.P02.S04 | B149: RETECH-Navarra-Spain Living Lab | C149: ID131 | D149: RETECH C14 SPAIN LIVING LAB | E149: A | F149: 0612-01 | G149: MRR RETECH C14 SPAIN LIVING LAB DATAHUB | H149: 0 | I149: 0 | J149: 0 | K149: 930000 | L149: 0 | M149: 0 | N149: -160142 | O149: 0 | P149: 0 | Q149: 769858 | R149: 0 | S149: 0 | T149: 0 | U149: 0 | V149: 23434.33 | W149: 467303.74 | X149: 279119.99 | Y149: 279119.99 | Z149: 279119.99 | AA149: 0 | AB149: 0 | AC149: 0 | AD149: 0 | AE149: 769858.06
A150: C14.I04.P02.S28 | B150: Convocatoria ayudas eficiencia energética alojamientos turísticos NAVARRA. | C150: ID048 | D150: Plan de modernización y competitividad del sector turístico Proyectos de eficiencia energética y economía circular en empresas turísticas | E150: 8 | F150: 0511-01 | G150: EFICIENCIA TURISTICAS | H150: 0 | I150: 0 | J150: 3706370 | K150: 0 | L150: 0 | M150: -508764.84 | N150: 0 | O150: 0 | P150: 0 | Q150: 3197605.2 | R150: 0 | S150: 0 | T150: 0 | U150: 40671.88 | V150: 735979.42 | W150: 1240081.8 | X150: 0 | Y150: 1181922 | Z150: 1181922 | AA150: 0 | AB150: 0 | AC150: 0 | AD150: 0 | AE150: 2016733.1
A151: C14.I04.P02.S28 | B151: Convocatoria ayudas eficiencia energética alojamientos turísticos NAVARRA. | C151: ID135 | D151: Financiación 2023 proyectos de eficiencia energética y economía circular de empresas turísticas | E151: A | F151: 0720-01 | G151: MRR Eficienc. energét. entorno turístico | H151: 0 | I151: 0 | J151: 0 | K151: 0 | L151: 2607542 | M151: -309987.62 | N151: 0.01 | O151: 0 | P151: 0 | Q151: 2297554.4 | R151: 0 | S151: 0 | T151: 0 | U151: 0 | V151: 0 | W151: 1254861.1 | X151: 1029118.3 | Y151: 665255.18 | Z151: 582357.35 | AA151: 304635.8 | AB151: 13572.96 | AC151: 0 | AD151: 0 | AE151: 2297552.4
A152: C14.I04.P02.S28 | B152: Convocatoria ayudas eficiencia energética alojamientos turísticos NAVARRA. | C152: ID135 | D152: Financiación 2023 proyectos de eficiencia energética y economía circular de empresas turísticas | E152: G | F152: 0720-02 | G152: MRR Eficienc. energét. entorno turístico | H152: 0 | I152: 0 | J152: 0 | K152: 0 | L152: 0 | M152: 820000 | N152: 0 | O152: 0 | P152: 0 | Q152: 820000 | R152: 0 | S152: 0 | T152: 0 | U152: 0 | V152: 0 | W152: 21038.27 | X152: 798961.73 | Y152: 687481.67 | Z152: 687481.67 | AA152: 346534.26 | AB152: 0 | AC152: 0 | AD152: 0 | AE152: 820000
A153: C14.I04.P03.S18 | B153: financiación de proyectos sostenibles de mantenimiento y rehabilitación del patrimonio histórico con uso turístico, en el marco del Plan de Recuperación, Transformación y Resiliencia (Navarra). | C153: ID049 | D153: Proyectos sosten. de mantenim. y rehab. del patrimonio hist. con uso turístico - Monasterio de Leyre | E153: A | F153: 0564-01 | G153: MRR. Patrimonio histórico uso turístico | H153: 0 | I153: 0 | J153: 0 | K153: 1700000 | L153: 0 | M153: 0 | N153: -0.01 | O153: 0 | P153: 0 | Q153: 1700000 | R153: 0 | S153: 0 | T153: 0 | U153: 0 | V153: 919254.09 | W153: 780745.9 | X153: 0 | Y153: 0 | Z153: 0 | AA153: 0 | AB153: 0 | AC153: 0 | AD153: 0 | AE153: 1700000
A154: C14.I04.P03.S18 | B154: financiación de proyectos sostenibles de mantenimiento y rehabilitación del patrimonio histórico con uso turístico, en el marco del Plan de Recuperación, Transformación y Resiliencia (Navarra). | C154: ID121 | D154: Proyectos sosten. de mantenim. y rehab. del patrimonio hist. con uso turístico - Museo | E154: A | F154: 0564-02 | G154: MRR Eficiencia energética Museo Navarra | H154: 0 | I154: 0 | J154: 0 | K154: 2472877 | L154: 0 | M154: 0 | N154: 0 | O154: 0 | P154: 0 | Q154: 2472877 | R154: 0 | S154: 0 | T154: 0 | U154: 0 | V154: 111056.97 | W154: 2296160.6 | X154: 65659.44 | Y154: 0 | Z154: 0 | AA154: 0 | AB154: 0 | AC154: 0 | AD154: 0 | AE154: 2472877
A155: C15.I02.P01.S06 | B155: UNICO Demanda CCAA Servicios Públicos - Navarra | C155: ID050 | D155: Programa UNICO- Conectividad de nueva generación en Centros Públicos de Referencia. | E155: G | F155: 0479-01 | G155: MRR Refuerzo conectiv. centros públicos | H155: 0 | I155: 2085000 | J155: 0 | K155: 0 | L155: 0 | M155: 0 | N155: 0.01 | O155: 0 | P155: 0 | Q155: 2085000 | R155: 0 | S155: 0 | T155: 47371.44 | U155: 2291973.9 | V155: 143154.16 | W155: 0 | X155: 0 | Y155: 0 | Z155: 0 | AA155: 0 | AB155: 0 | AC155: 0 | AD155: 0 | AE155: 2482499.5
A156: C15.I02.P01.S33 | B156: UNICO Demanda CCAA Industria y Empresas (polígonos) - Navarra | C156: ID051 | D156: Programa UNICO-Industria y empresas (polígonos) | E156: 8 | F156: 0480-01 | G156: MRR Refuerzo conectividad polígonos | H156: 0 | I156: 420000 | J156: 420000 | K156: 546000 | L156: 0 | M156: 0 | N156: -1193560.9 | O156: 0 | P156: 0 | Q156: 192439.15 | R156: 0 | S156: 0 | T156: 0 | U156: 5203.86 | V156: 187235.29 | W156: 0 | X156: 0 | Y156: 0 | Z156: 0 | AA156: 0 | AB156: 0 | AC156: 0 | AD156: 0 | AE156: 192439.15
A157: C15.I03.P01.S04 | B157: UNICO Demanda CCAA Bono Social - Navarra | C157: ID052 | D157: Programa de emisión de bonos digitales para colectivos vulnerables Navarra | E157: G | F157: 0478-01 | G157: MRR Bonos digitales colect. vulnerables | H157: 0 | I157: 52000 | J157: 52000 | K157: 24640 | L157: 0 | M157: 0 | N157: -121229.36 | O157: 0 | P157: 0 | Q157: 7410.64 | R157: 0 | S157: 0 | T157: 0 | U157: 0 | V157: 7170.64 | W157: 240 | X157: 0 | Y157: 0 | Z157: 0 | AA157: 0 | AB157: 0 | AC157: 0 | AD157: 0 | AE157: 7410.64
A158: C15.I04.P01.PROVISIONAL.S15 | B158: UNICO Demanda CCAA Edificios - Navarra | C158: ID053 | D158: Programa UNICO-Edificios (actuaciones mejora de las infraestructuras de telecomunicaciones) | E158: G | F158: 0749-01 | G158: MRR C15.I4 Único Edificios. Mejora infraestructuras de telecomunicaciones | H158: 0 | I158: 0 | J158: 0 | K158: 0 | L158: 0 | M158: 930600 | N158: -930600 | O158: 0 | P158: 0 | Q158: 0 | R158: 0 | S158: 0 | T158: 0 | U158: 0 | V158: 0 | W158: 0 | X158: 0 | Y158: 0 | Z158: 0 | AA158: 0 | AB158: 0 | AC158: 0 | AD158: 0 | AE158: 0
A159: C16.R01.P03.S35 | B159: RETECH-Navarra-Spain Living Lab-Misión 2 | C159: ID130 | D159: RETECH C16 SPAIN LIVING LAB | E159: A | F159: 0612-02 | G159: MRR RETECH C16 SPAIN LIVING LAB I.A | H159: 0 | I159: 0 | J159: 0 | K159: 371898 | L159: 0 | M159: 0 | N159: -69288 | O159: 0 | P159: 0 | Q159: 302610 | R159: 0 | S159: 0 | T159: 0 | U159: 0 | V159: 0 | W159: 109355.63 | X159: 193254.37 | Y159: 193254.37 | Z159: 193254.37 | AA159: 0 | AB159: 0 | AC159: 0 | AD159: 0 | AE159: 302610
A160: C17.I01.P01.S14 | B160: Navarra-Energía e hidrógeno renovable | C160: ID054 | D160: Plan Complementario de Energía e Hidrógeno Renovable. | E160: G | F160: 0473-01 | G160: MRR Plan Complem. Energ. Hidrog. Verde | H160: 0 | I160: 5418485 | J160: 0 | K160: 0 | L160: 0 | M160: 0 | N160: 0.01 | O160: 0 | P160: 0 | Q160: 5418485 | R160: 0 | S160: 0 | T160: 882767.25 | U160: 2159200.8 | V160: 2228679 | W160: 147837.92 | X160: 0 | Y160: 0 | Z160: 0 | AA160: 0 | AB160: 0 | AC160: 0 | AD160: 0 | AE160: 5418485
A161: C17.I01.P02.S10 | B161: Navarra-Agroalimentación | C161: ID055 | D161: Plan Complementario Agroalimentación | E161: G | F161: 0519-01 | G161: GI MRRC17I1 PC agroalimentación | H161: 0 | I161: 0 | J161: 12160529 | K161: 0 | L161: 0 | M161: 0 | N161: 0.01 | O161: 0 | P161: 0 | Q161: 12160529 | R161: 0 | S161: 0 | T161: 0 | U161: 3927348.4 | V161: 4291084.5 | W161: 3942096.2 | X161: 0 | Y161: 0 | Z161: 0 | AA161: 0 | AB161: 0 | AC161: 0 | AD161: 0 | AE161: 12160529
A162: C18.I01.P01.S05 | B162: Inversión en equipos de alta tecnología en el Sistema Nacional de Salud. Navarra | C162: ID056 | D162: Plan INVEAT | E162: 5 | F162: 0379-01 | G162: MRR Plan INVEAT TUDELA | H162: 0 | I162: 477950 | J162: 0 | K162: 0 | L162: 0 | M162: 0 | N162: 0 | O162: 0 | P162: 0 | Q162: 477950 | R162: 0 | S162: 0 | T162: 756248.79 | U162: 0 | V162: 0 | W162: 0 | X162: 0 | Y162: 0 | Z162: 0 | AA162: 0 | AB162: 0 | AC162: 0 | AD162: 0 | AE162: 756248.79
A163: C18.I01.P01.S05 | B163: Inversión en equipos de alta tecnología en el Sistema Nacional de Salud. Navarra | C163: ID056 | D163: Plan INVEAT | E163: 5 | F163: 0379-02 | G163: MRR Plan INVEAT CHN | H163: 0 | I163: 7790695 | J163: 7072205.7 | K163: 0 | L163: 0 | M163: 0 | N163: 0 | O163: 0 | P163: 0 | Q163: 14862901 | R163: 0 | S163: 0 | T163: 8835338.9 | U163: 11215175 | V163: 0 | W163: 0 | X163: 0 | Y163: 0 | Z163: 0 | AA163: 0 | AB163: 0 | AC163: 0 | AD163: 0 | AE163: 20050514
A164: C18.I02.P03.S03 | B164: Cribado poblacional de cancer. Navarra | C164: ID057 | D164: Campaña de información y sensibilización para el programa poblacional de detección precoz de cáncer | E164: 5 | F164: 0533-01 | G164: MRR Campaña Detección Cancer Útero | H164: 0 | I164: 0 | J164: 73345.83 | K164: 40033.63 | L164: 0 | M164: 0 | N164: 0 | O164: 0 | P164: 0 | Q164: 113379.46 | R164: 0 | S164: 0 | T164: 0 | U164: 136588.67 | V164: 0 | W164: 0 | X164: 0 | Y164: 0 | Z164: 0 | AA164: 0 | AB164: 0 | AC164: 0 | AD164: 0 | AE164: 136588.67
A165: C18.I02.P03.S03 | B165: Cribado poblacional de cancer. Navarra | C165: ID058 | D165: Captación activa programa detección precoz de cáncer colorrectal de Navarra | E165: 5 | F165: 0533-02 | G165: MRR Campaña Deteccion Cancer Colorrectal | H165: 0 | I165: 0 | J165: 62015.02 | K165: 41335.88 | L165: 0 | M165: 0 | N165: 0 | O165: 0 | P165: 0 | Q165: 103350.9 | R165: 0 | S165: 0 | T165: 0 | U165: 107623.99 | V165: 0 | W165: 0 | X165: 0 | Y165: 0 | Z165: 0 | AA165: 0 | AB165: 0 | AC165: 0 | AD165: 0 | AE165: 107623.99
A166: C18.I03.P02.S10 | B166: Nuevo sistema de Información de la Red Vigilancia en Salud Pública. Navarra | C166: ID059 | D166: Red de vigilancia en Salud Pública | E166: 5 | F166: 0432-01 | G166: MRR RED DE VIGILANCIA DE SALUD PÚBLICA | H166: 0 | I166: 382372.31 | J166: 94173.28 | K166: -476545.59 | L166: 0 | M166: 0 | N166: 0 | O166: 0 | P166: 0 | Q166: -5.8207661e-11 | R166: 0 | S166: 0 | T166: 0 | U166: 0 | V166: 0 | W166: 0 | X166: 0 | Y166: 0 | Z166: 0 | AA166: 0 | AB166: 0 | AC166: 0 | AD166: 0 | AE166: 0
A167: C18.I03.P02.S10 | B167: Nuevo sistema de Información de la Red Vigilancia en Salud Pública. Navarra | C167: ID059 | D167: Red de vigilancia en Salud Pública | E167: 5 | F167: 0584-01 | G167: MRR RED VIGILANCIA SALUD PUBLICA | H167: 0 | I167: 0 | J167: 0 | K167: 476545.59 | L167: 0 | M167: 0 | N167: 0 | O167: 0 | P167: 0 | Q167: 476545.59 | R167: 0 | S167: 0 | T167: 0 | U167: 476507.1 | V167: 0 | W167: 0 | X167: 0 | Y167: 0 | Z167: 0 | AA167: 0 | AB167: 0 | AC167: 0 | AD167: 0 | AE167: 476507.1
...

Sheet 6-PARTIDAS INGRESOS
A1: VOLVER AL INDICE | J1: ='5-TOTALES INGR Y GASTOS'!D3 -> Datos extraídos de SAP hasta hasta 31/03/2026 - exportados a 14/04/2026
A3: =SUBTOTAL(3,A6:A2000) -> 348 | B3: =SUBTOTAL(3,B6:B2000) -> 348 | C3: =SUBTOTAL(3,C6:C2000) -> 348 | D3: =SUBTOTAL(3,D6:D2000) -> 348 | E3: =SUBTOTAL(3,E6:E2000) -> 348 | F3: =SUBTOTAL(3,F6:F2000) -> 348 | G3: =SUBTOTAL(3,G6:G2000) -> 348 | H3: =SUBTOTAL(3,H6:H2000) -> 348 | I3: =SUBTOTAL(3,I6:I2000) -> 348 | J3: =SUBTOTAL(9,J6:J2000) -> 5509718 | K3: =SUBTOTAL(9,K6:K2000) -> 1.745175e+08 | L3: =SUBTOTAL(9,L6:L2000) -> 1.9199359e+08 | M3: =SUBTOTAL(9,M6:M2000) -> 1.654156e+08 | N3: =SUBTOTAL(9,N6:N2000) -> 75924268 | O3: =SUBTOTAL(9,O6:O2000) -> -2738909.8 | P3: =SUBTOTAL(9,P6:P2000) -> -14491661 | Q3: =SUBTOTAL(9,Q6:Q2000) -> -628437.33 | ... T3: =SUBTOTAL(9,T6:T2000) -> 6.0999333e+08
A5: Subproyecto del Sistema de Información (CoFFEE) | B5: Denominación CoFFEE | C5: ID Actuación | D5: Nombre Subproyecto / Actuación | E5: PC / EPEP | F5: Partida presupuestaria | G5: Departamento | H5: Capítulo de Gasto | I5: Descripción Partida | J5: Derechos 2020 | K5: Derechos 2021 | L5: Derechos 2022 | M5: Derechos 2023 | N5: Derechos 2024 | O5: Derechos 2025 | P5: Presupuesto definitivo 2026 | Q5: Derechos 2026 | R5: Presupuesto definitivo 2027 y siguientes | S5: Total Presupuesto definitivo | T5: Total Derechos
A6: C01.I01.P02.S18 | B6: Ayudas a la Comunidad Foral de Navarra para la ejecución de programas para la transformación digital y sostenible del transporte | C6: ID002 | D6: Zonas de bajas emisiones en entornos metropolitanos | E6: 0464-01 | F6: 230000 23200 7000 000000 | G6: 2 | H6: 7 | I6: MRR Actuaciones Movilidad Sostenible y Digital | J6: 0 | K6: 12540934 | L6: -5835293.6 | M6: -6705640.4 | N6: 0 | O6: 0 | P6: 0 | Q6: 0 | R6: 0 | S6: 0 | T6: 0
A7: C01.I01.P02.S18 | B7: Ayudas a la Comunidad Foral de Navarra para la ejecución de programas para la transformación digital y sostenible del transporte | C7: ID002 | D7: Zonas de bajas emisiones en entornos metropolitanos | E7: 0464-03 | F7: 230000 23200 7000 000000 | G7: 2 | H7: 7 | I7: MRR Actuaciones Movilidad Sostenible y Digital | J7: 0 | K7: 0 | L7: 494409.41 | M7: -367274.3 | N7: -30623.46 | O7: -3961.7 | P7: 0 | Q7: 0 | R7: 0 | S7: 92549.95 | T7: 92549.95
A8: C01.I01.P02.S18 | B8: Ayudas a la Comunidad Foral de Navarra para la ejecución de programas para la transformación digital y sostenible del transporte | C8: ID002 | D8: Zonas de bajas emisiones en entornos metropolitanos | E8: 0464-04 | F8: 230000 23200 7000 000000 | G8: 2 | H8: 7 | I8: MRR Actuaciones Movilidad Sostenible y Digital | J8: 0 | K8: 0 | L8: 546750.84 | M8: 36558.9 | N8: 0 | O8: -23944.27 | P8: 0 | Q8: 0 | R8: 0 | S8: 559365.47 | T8: 559365.47
A9: C01.I01.P02.S18 | B9: Ayudas a la Comunidad Foral de Navarra para la ejecución de programas para la transformación digital y sostenible del transporte | C9: ID002 | D9: Zonas de bajas emisiones en entornos metropolitanos | E9: 0464-05 | F9: 230000 23200 3800 000000 | G9: 2 | H9: 3 | I9: MRR Reintegros Actuaciones Movilidad Sostenible y Digital | J9: 0 | K9: 0 | L9: 0 | M9: 0 | N9: 128434.08 | O9: 0 | P9: 0 | Q9: 0 | R9: 0 | S9: 128434.08 | T9: 128434.08
A10: C01.I01.P02.S18 | B10: Ayudas a la Comunidad Foral de Navarra para la ejecución de programas para la transformación digital y sostenible del transporte | C10: ID002 | D10: Zonas de bajas emisiones en entornos metropolitanos | E10: 0464-05 | F10: 230000 23200 7000 000000 | G10: 2 | H10: 7 | I10: MRR Actuaciones Movilidad Sostenible y Digital | J10: 0 | K10: 0 | L10: 833234.74 | M10: 0 | N10: -128434.08 | O10: -34203.43 | P10: 0 | Q10: 0 | R10: 0 | S10: 670597.23 | T10: 670597.23
A11: C01.I01.P02.S18 | B11: Ayudas a la Comunidad Foral de Navarra para la ejecución de programas para la transformación digital y sostenible del transporte | C11: ID002 | D11: Zonas de bajas emisiones en entornos metropolitanos | E11: 0464-06 | F11: 230000 23200 7000 000000 | G11: 2 | H11: 7 | I11: MRR Actuaciones Movilidad Sostenible y Digital | J11: 0 | K11: 0 | L11: 789198.56 | M11: -39308.57 | N11: -162268.87 | O11: -24121.24 | P11: 0 | Q11: 0 | R11: 0 | S11: 563499.88 | T11: 563499.88
A12: C01.I01.P02.S18 | B12: Ayudas a la Comunidad Foral de Navarra para la ejecución de programas para la transformación digital y sostenible del transporte | C12: ID002 | D12: Zonas de bajas emisiones en entornos metropolitanos | E12: 0464-07 | F12: 230000 23200 7000 000000 | G12: 2 | H12: 7 | I12: MRR Actuaciones Movilidad Sostenible y Digital | J12: 0 | K12: 0 | L12: 1333929.4 | M12: -80016.46 | N12: -207286.66 | O12: -42962.93 | P12: 0 | Q12: 0 | R12: 0 | S12: 1003663.4 | T12: 1003663.4
A13: C01.I01.P02.S18 | B13: Ayudas a la Comunidad Foral de Navarra para la ejecución de programas para la transformación digital y sostenible del transporte | C13: ID002 | D13: Zonas de bajas emisiones en entornos metropolitanos | E13: 0464-08 | F13: 230000 23200 7000 000000 | G13: 2 | H13: 7 | I13: MRR Actuaciones Movilidad Sostenible y Digital | J13: 0 | K13: 0 | L13: 916699.47 | M13: -59342.49 | N13: -185489.97 | O13: -27579.45 | P13: 0 | Q13: 0 | R13: 0 | S13: 644287.56 | T13: 644287.56
A14: C01.I01.P02.S18 | B14: Ayudas a la Comunidad Foral de Navarra para la ejecución de programas para la transformación digital y sostenible del transporte | C14: ID002 | D14: Zonas de bajas emisiones en entornos metropolitanos | E14: 0464-09 | F14: 230000 23200 3800 000000 | G14: 2 | H14: 3 | I14: MRR Reintegros Actuaciones Movilidad Sostenible y Digital | J14: 0 | K14: 0 | L14: 0 | M14: 0 | N14: 15307.26 | O14: 0 | P14: 0 | Q14: 0 | R14: 0 | S14: 15307.26 | T14: 15307.26
A15: C01.I01.P02.S18 | B15: Ayudas a la Comunidad Foral de Navarra para la ejecución de programas para la transformación digital y sostenible del transporte | C15: ID002 | D15: Zonas de bajas emisiones en entornos metropolitanos | E15: 0464-09 | F15: 230000 23200 7000 000000 | G15: 2 | H15: 7 | I15: MRR Actuaciones Movilidad Sostenible y Digital | J15: 0 | K15: 0 | L15: 777479.46 | M15: 0 | N15: -15307.26 | O15: -31914.73 | P15: 0 | Q15: 0 | R15: 0 | S15: 730257.47 | T15: 730257.47
A16: C01.I01.P02.S18 | B16: Ayudas a la Comunidad Foral de Navarra para la ejecución de programas para la transformación digital y sostenible del transporte | C16: ID002 | D16: Zonas de bajas emisiones en entornos metropolitanos | E16: 0464-10 | F16: 230000 23200 7000 000000 | G16: 2 | H16: 7 | I16: MRR Actuaciones Movilidad Sostenible y Digital | J16: 0 | K16: 0 | L16: 119091.66 | M16: 786898.79 | N16: -558079.91 | O16: -195985.02 | P16: 0 | Q16: 0 | R16: 0 | S16: 151925.52 | T16: 151925.52
A17: C01.I01.P02.S18 | B17: Ayudas a la Comunidad Foral de Navarra para la ejecución de programas para la transformación digital y sostenible del transporte | C17: ID002 | D17: Zonas de bajas emisiones en entornos metropolitanos | E17: 0464-11 | F17: 230000 23200 7000 000000 | G17: 2 | H17: 7 | I17: MRR Actuaciones Movilidad Sostenible y Digital | J17: 0 | K17: 0 | L17: 9500 | M17: 155012.55 | N17: -14478.38 | O17: -6158.75 | P17: 0 | Q17: 0 | R17: 0 | S17: 143875.42 | T17: 143875.42
... A38: C02.I04.P01.S13 | B38: Programa PREE menos de 5.000 hab. Territorializado Comunidad Foral de Navarra | C38: ID008 | D38: Rehabilitación energética para edificios existentes en municipios y núcleos de menos de 5000 habitantes (Programa PREE 5000) | E38: 0382-01 | F38: 320000 32100 7000 000002 | G38: 3 | H38: 7 | I38: MRR Subvenciones programa PREE 5000 Rehabilitación energética de edificios en municipios de reto demográfico | J38: 0 | K38: 1707500 | L38: 0 | M38: 6907500 | N38: 0 | O38: 0 | P38: 0 | Q38: 0 | R38: 0 | S38: 8615000 | T38: 8615000
A39: C02.I05.P01.S15 | B39: PIREP AUTONÓMICO NAVARRA | C39: ID010 | D39: PIREP - Centro de industrialización y robótica de la construcción | E39: 0544-01 | F39: G10001 G1100 7000 000003 | G39: G | H39: 7 | I39: Ministerio Industria Centro Nacional Industrialización y Robótica aplicado a Construcción y Arquitectura (CNIR) | J39: 0 | K39: 0 | L39: 0 | M39: 2000000 | N39: -2000000 | O39: 0 | P39: 0 | Q39: 0 | R39: 0 | S39: 0 | T39: 0
A40: C02.I05.P01.S15 | B40: PIREP AUTONÓMICO NAVARRA | C40: ID012 | D40: PIREP - UPNA Green Smart&Sustainable Campus | E40: 0476-01 | F40: G10001 G1100 7000 000000 | G40: G | H40: 7 | I40: MRR Ingreso PIREP Campus Sostenible UPNA | J40: 0 | K40: 0 | L40: 3098000 | M40: 0 | N40: 0 | O40: 0 | P40: 0.03 | Q40: 0 | R40: 0 | S40: 3098000 | T40: 3098000
A41: C02.I05.P01.S15 | B41: PIREP AUTONÓMICO NAVARRA | C41: ID011 | D41: PIREP - Rehabilitación Palacio Marqués de Rozalejo | E41: 0494-01 | F41: B20001 B2200 7000 000000 | G41: B | H41: 7 | I41: MRR. Obras Palacio Marqués de Rozalejo | J41: 0 | K41: 0 | L41: 1065201 | M41: 0 | N41: 0 | O41: 0 | P41: 0 | Q41: 0 | R41: 0 | S41: 1065201 | T41: 1065201
A42: C02.I05.P01.S15 | B42: PIREP AUTONÓMICO NAVARRA | C42: ID011 | D42: PIREP - Rehabilitación Palacio Marqués de Rozalejo | E42: 0494-02 | F42: B20001 B2200 7000 000000 | G42: B | H42: 7 | I42: MRR. Obras Palacio Marqués de Rozalejo | J42: 0 | K42: 0 | L42: 5749.42 | M42: 0 | N42: 0 | O42: 0 | P42: 0 | Q42: 0 | R42: 0 | S42: 5749.42 | T42: 5749.42
A43: C02.I05.P01.S15 | B43: PIREP AUTONÓMICO NAVARRA | C43: ID011 | D43: PIREP - Rehabilitación Palacio Marqués de Rozalejo | E43: 0494-03 | F43: B20001 B2200 7000 000000 | G43: B | H43: 7 | I43: MRR. Obras Palacio Marqués de Rozalejo | J43: 0 | K43: 0 | L43: 446960.58 | M43: 0 | N43: 0 | O43: 0 | P43: 0 | Q43: 0 | R43: 0 | S43: 446960.58 | T43: 446960.58
A44: C02.I05.P01.S15 | B44: PIREP AUTONÓMICO NAVARRA | C44: ID009 | D44: PIREP - Casa Ascunce | E44: 0541-01 | F44: 330000 33100 7000 000002 | G44: 3 | H44: 7 | I44: MRR PIREP | J44: 0 | K44: 0 | L44: 445276 | M44: 0 | N44: 0 | O44: 0 | P44: 0 | Q44: 0 | R44: 0 | S44: 445276 | T44: 445276
A45: C02.I05.P01.S15 | B45: PIREP AUTONÓMICO NAVARRA | C45: ID010 | D45: PIREP - Centro de industrialización y robótica de la construcción | E45: 0544-01 | F45: 330000 33100 7000 000002 | G45: 3 | H45: 7 | I45: MRR PIREP | J45: 0 | K45: 0 | L45: 1625213 | M45: 0 | N45: 0 | O45: 0 | P45: 0 | Q45: 0 | R45: 0 | S45: 1625213 | T45: 1625213
A46: C02.I05.P01.S15 | B46: PIREP AUTONÓMICO NAVARRA | C46: ID010 | D46: PIREP - Centro de industrialización y robótica de la construcción | E46: 0544-02 | F46: G10001 G1100 7000 000003 | G46: G | H46: 7 | I46: Ministerio Industria Centro Nacional Industrialización y Robótica aplicado a Construcción y Arquitectura (CNIR) | J46: 0 | K46: 0 | L46: 0 | M46: 0 | N46: 2000000 | O46: 0 | P46: 0 | Q46: 0 | R46: 0 | S46: 2000000 | T46: 2000000
A47: C03.I03.P01.S06 | B47: Inversiones para la mejora de la bioseguridad en explotaciones agrícolas de material vegetal de reproducción y en centros de limpieza y desinfección de medios de transporte de animales vivos (Navarra) | C47: ID013 | D47: Reforzar condiciones de bioseguridad en materia de sanidad animal y vegetal | E47: 0459-01 | F47: 710000 71200 7000 000000 | G47: 7 | H47: 7 | I47: MRR Ayudas Viveros | J47: 0 | K47: 167311.2 | L47: 98368.52 | M47: 107383.9 | N47: -46777.12 | O47: 0 | P47: -53100.28 | Q47: -53100.28 | R47: 0 | S47: 273186.22 | T47: 273186.22
A48: C03.I03.P01.S06 | B48: Inversiones para la mejora de la bioseguridad en explotaciones agrícolas de material vegetal de reproducción y en centros de limpieza y desinfección de medios de transporte de animales vivos (Navarra) | C48: ID013 | D48: Reforzar condiciones de bioseguridad en materia de sanidad animal y vegetal | E48: 0459-02 | F48: 710004 71300 7000 000002 | G48: 7 | H48: 7 | I48: MRR Ayudas Centros de Limpieza y Desinfección | J48: 0 | K48: 261760.14 | L48: 94433.78 | M48: 118441.29 | N48: 46777.12 | O48: 0 | P48: -241246.71 | Q48: -241246.71 | R48: 0 | S48: 280165.62 | T48: 280165.62
A49: C03.I04.P01.S12 | B49: Programas de apoyo a inversiones en explotaciones agrícolas y ganaderas (Navarra) | C49: ID014 | D49: Inversiones en explotaciones para la sostenibilidad y competitividad de la agricultura y la ganaderia | E49: 0458-02 | F49: 720004 72200 7000 000002 | G49: 7 | H49: 7 | I49: MRR Ayudas transformación integral y modernización de invernaderos | J49: 0 | K49: 502405 | L49: -206682.44 | M49: 0 | N49: -295722.56 | O49: 0 | P49: 0 | Q49: 0 | R49: 0 | S49: 0 | T49: 0
A50: C03.I04.P01.S12 | B50: Programas de apoyo a inversiones en explotaciones agrícolas y ganaderas (Navarra) | C50: ID014 | D50: Inversiones en explotaciones para la sostenibilidad y competitividad de la agricultura y la ganaderia | E50: 0458-01 | F50: 720004 72200 7000 000000 | G50: 7 | H50: 7 | I50: MRR Ayudas sistemas de gestión de subproductos y deyecciones en ganadería | J50: 0 | K50: 591663 | L50: -33350.75 | M50: 0 | N50: -195528.29 | O50: 0 | P50: 0 | Q50: 0 | R50: 0 | S50: 362783.96 | T50: 362783.96
A51: C03.I04.P01.S12 | B51: Programas de apoyo a inversiones en explotaciones agrícolas y ganaderas (Navarra) | C51: ID014 | D51: Inversiones en explotaciones para la sostenibilidad y competitividad de la agricultura y la ganaderia | E51: 0458-01 | F51: 720004 72200 7000 000004 | G51: 7 | H51: 7 | I51: MRR Ayudas aplicación de agricultura de precisión y tecnologías 4.0 en el sector agrícola y ganadero | J51: 0 | K51: 0 | L51: 0 | M51: 0 | N51: 0 | O51: 0 | P51: 0.01 | Q51: 0 | R51: 0 | S51: 0.01 | T51: 0
A52: C03.I04.P01.S12 | B52: Programas de apoyo a inversiones en explotaciones agrícolas y ganaderas (Navarra) | C52: ID014 | D52: Inversiones en explotaciones para la sostenibilidad y competitividad de la agricultura y la ganaderia | E52: 0458-02 | F52: 720004 72200 7000 000004 | G52: 7 | H52: 7 | I52: MRR Ayudas trasnf. integral Invernaderos | J52: 0 | K52: 0 | L52: 0 | M52: 0 | N52: 0 | O52: 0 | P52: 0.01 | Q52: 0 | R52: 0 | S52: 0.01 | T52: 0
A53: C03.I04.P01.S12 | B53: Programas de apoyo a inversiones en explotaciones agrícolas y ganaderas (Navarra) | C53: ID014 | D53: Inversiones en explotaciones para la sostenibilidad y competitividad de la agricultura y la ganaderia | E53: 0458-03 | F53: 720004 72200 7000 000003 | G53: 7 | H53: 7 | I53: MRR Ayudas inversiones en eficiencia energéticas y energías renovables (biogás y biomasa agrícola) | J53: 0 | K53: 118579 | L53: 0 | M53: -89037.4 | N53: 0 | O53: 0 | P53: 0 | Q53: 0 | R53: 0 | S53: 29541.6 | T53: 29541.6
A54: C03.I04.P01.S12 | B54: Programas de apoyo a inversiones en explotaciones agrícolas y ganaderas (Navarra) | C54: ID014 | D54: Inversiones en explotaciones para la sostenibilidad y competitividad de la agricultura y la ganaderia | E54: 0458-03 | F54: 720004 72200 7000 000004 | G54: 7 | H54: 7 | I54: MRR Ayudas inv. efic. energ. renov (biog | J54: 0 | K54: 0 | L54: 0 | M54: 0 | N54: 0 | O54: 0 | P54: 0.01 | Q54: 0 | R54: 0 | S54: 0.01 | T54: 0
A55: C03.I04.P01.S12 | B55: Programas de apoyo a inversiones en explotaciones agrícolas y ganaderas (Navarra) | C55: ID014 | D55: Inversiones en explotaciones para la sostenibilidad y competitividad de la agricultura y la ganaderia | E55: 0458-04 | F55: 720004 72200 7000 000004 | G55: 7 | H55: 7 | I55: MRR Ayudas aplicación de agricultura de precisión y tecnologías 4.0 en el sector agrícola y ganadero | J55: 0 | K55: 954741 | L55: 7163781.7 | M55: 3601774 | N55: 639913.73 | O55: 1921776.9 | P55: 0 | Q55: 0 | R55: 0 | S55: 14281987 | T55: 14281987
A56: C04.I02.P01.S12 | B56: Conservación de la biodiversidad - NAV | C56: ID015 | D56: Actuaciones (6) de conservación de la biodiversidad terrestre | E56: 0499-03 | F56: 740003 74300 7000 000000 | G56: 7 | H56: 7 | I56: MRR C4. I3. Restauración ecológica | J56: 0 | K56: 0 | L56: 20920 | M56: -20920 | N56: 0 | O56: 0 | P56: 0 | Q56: 0 | R56: 0 | S56: 0 | T56: 0
A57: C04.I02.P01.S12 | B57: Conservación de la biodiversidad - NAV | C57: ID017 | D57: Modificación de tendidos eléctricos | E57: 0456-01 | F57: 740003 74300 7000 000004 | G57: 7 | H57: 7 | I57: MRR C4. Tendidos eléctricos | J57: 0 | K57: 1306676.9 | L57: 0 | M57: 0 | N57: 0 | O57: 0 | P57: 0 | Q57: 0 | R57: 0 | S57: 1306676.9 | T57: 1306676.9
A58: C04.I02.P01.S12 | B58: Conservación de la biodiversidad - NAV | C58: ID015 | D58: Actuaciones (6) de conservación de la biodiversidad terrestre | E58: 0499-01 | F58: 740003 74300 7000 000000 | G58: 7 | H58: 7 | I58: MRR C4. I3. Restauración ecológica | J58: 0 | K58: 0 | L58: 100000 | M58: 0 | N58: 0 | O58: 0 | P58: 0 | Q58: 0 | R58: 0 | S58: 100000 | T58: 100000
... A107: C08.I01.P02.S09 | B107: Impulso del almacenamiento innovador detrás del contador e integrado sectorialmente Comunidad Foral de Navarra | C107: ID027 | D107: Programas de incentivos ligados al autoconsumo y al almacenamiento con fuentes de energía renovable,, así como a la implantación de sistemas térmicos renovables en el sector residencial | E107: 0385-06 | F107: 820001 82500 7000 000005 | G107: 8 | H107: 7 | I107: MRR Autoconsumo y almacenamiento RD 477/2021 | J107: 0 | K107: 73414.76 | L107: 0 | M107: 0 | N107: 0 | O107: 0 | P107: 0.01 | Q107: 0 | R107: 0 | S107: 73414.77 | T107: 73414.76
A108: C11.I02.P01.S07 | B108: J2030 NAVARRA, COMUNIDAD FORAL | C108: ID029 | D108: Proyecto 1A: Interoperabilidad en Justicia | E108: 0452-01 | F108: F20001 F2300 7000 000002 | G108: F | H108: 7 | I108: MRR Subvención del Ministerio de Justicia | J108: 0 | K108: 600000 | L108: 0 | M108: -600000 | N108: 0 | O108: 0 | P108: 0 | Q108: 0 | R108: 0 | S108: 0 | T108: 0
A109: C11.I02.P01.S07 | B109: J2030 NAVARRA, COMUNIDAD FORAL | C109: ID028 | D109: Proyecto 0: Infraestructuras para la transformación digital de la justicia | E109: 0348-01 | F109: F20001 F2300 7000 000000 | G109: F | H109: 7 | I109: MRR Subvención del Ministerio de Justicia | J109: 0 | K109: 440165.94 | L109: 0 | M109: 0 | N109: 0 | O109: 0 | P109: 0.01 | Q109: 0 | R109: 0 | S109: 440165.95 | T109: 440165.94
A110: C11.I02.P01.S07 | B110: J2030 NAVARRA, COMUNIDAD FORAL | C110: ID028 | D110: Proyecto 0: Infraestructuras para la transformación digital de la justicia | E110: 0348-01 | F110: F20001 F2300 7000 000002 | G110: F | H110: 7 | I110: MRR Subvención del Ministerio de Justicia | J110: 0 | K110: 0 | L110: -82232.68 | M110: 75165.99 | N110: 0 | O110: 0 | P110: 0 | Q110: 0 | R110: 0 | S110: -7066.69 | T110: -7066.69
A111: C11.I02.P01.S07 | B111: J2030 NAVARRA, COMUNIDAD FORAL | C111: ID028 | D111: Proyecto 0: Infraestructuras para la transformación digital de la justicia | E111: 0348-02 | F111: F20001 F2300 7000 000000 | G111: F | H111: 7 | I111: MRR Subvención del Ministerio de Justicia | J111: 0 | K111: 77730.06 | L111: 0 | M111: 0 | N111: 0 | O111: 0 | P111: 0 | Q111: 0 | R111: 0 | S111: 77730.06 | T111: 77730.06
A112: C11.I02.P01.S07 | B112: J2030 NAVARRA, COMUNIDAD FORAL | C112: ID028 | D112: Proyecto 0: Infraestructuras para la transformación digital de la justicia | E112: 0348-02 | F112: F20001 F2300 7000 000002 | G112: F | H112: 7 | I112: MRR Subvención del Ministerio de Justicia | J112: 0 | K112: 0 | L112: -77730.06 | M112: 0 | N112: 0 | O112: 0 | P112: 0 | Q112: 0 | R112: 0 | S112: -77730.06 | T112: -77730.06
A113: C11.I02.P01.S07 | B113: J2030 NAVARRA, COMUNIDAD FORAL | C113: ID028 | D113: Proyecto 0: Infraestructuras para la transformación digital de la justicia | E113: 0348-03 | F113: F20001 F2300 7000 000000 | G113: F | H113: 7 | I113: MRR Subvención del Ministerio de Justicia | J113: 0 | K113: 0 | L113: 0 | M113: 0 | N113: -95207.27 | O113: 87127.75 | P113: 0.01 | Q113: 0 | R113: 0 | S113: -8079.51 | T113: -8079.52
A114: C11.I02.P01.S07 | B114: J2030 NAVARRA, COMUNIDAD FORAL | C114: ID028 | D114: Proyecto 0: Infraestructuras para la transformación digital de la justicia | E114: 0348-03 | F114: F20001 F2300 7000 000002 | G114: F | H114: 7 | I114: MRR Subvención del Ministerio de Justicia | J114: 0 | K114: 100702 | L114: 159962.74 | M114: 0 | N114: 0 | O114: 0 | P114: 0 | Q114: 0 | R114: 0 | S114: 260664.74 | T114: 260664.74
A115: C11.I02.P01.S07 | B115: J2030 NAVARRA, COMUNIDAD FORAL | C115: ID028 | D115: Proyecto 0: Infraestructuras para la transformación digital de la justicia | E115: 0348-03 | F115: F20001 F2300 7000 000003 | G115: F | H115: 7 | I115: MRR Subvención del Ministerio de Justicia | J115: 0 | K115: 0 | L115: 3028012 | M115: -1760963.1 | N115: 0 | O115: 0 | P115: 0 | Q115: 0 | R115: 0 | S115: 1267048.9 | T115: 1267048.9
A116: C11.I02.P01.S07 | B116: J2030 NAVARRA, COMUNIDAD FORAL | C116: ID029 | D116: Proyecto 1A: Interoperabilidad en Justicia | E116: 0451-01 | F116: F20001 F2300 7000 000000 | G116: F | H116: 7 | I116: MRR Subvención del Ministerio de Justicia | J116: 0 | K116: 0 | L116: 0 | M116: 0 | N116: 101930.66 | O116: -87127.75 | P116: -345379.33 | Q116: 0 | R116: 0 | S116: -330576.42 | T116: 14802.91
A117: C11.I02.P01.S07 | B117: J2030 NAVARRA, COMUNIDAD FORAL | C117: ID029 | D117: Proyecto 1A: Interoperabilidad en Justicia | E117: 0451-01 | F117: F20001 F2300 7000 000002 | G117: F | H117: 7 | I117: MRR Subvención del Ministerio de Justicia | J117: 0 | K117: 1200000 | L117: 0 | M117: 0 | N117: 0 | O117: 0 | P117: 0 | Q117: 0 | R117: 0 | S117: 1200000 | T117: 1200000
A118: C11.I02.P01.S07 | B118: J2030 NAVARRA, COMUNIDAD FORAL | C118: ID029 | D118: Proyecto 1A: Interoperabilidad en Justicia | E118: 0451-01 | F118: F20001 F2300 7000 000003 | G118: F | H118: 7 | I118: MRR Subvención del Ministerio de Justicia | J118: 0 | K118: 0 | L118: 1706329 | M118: 2255633 | N118: 0 | O118: 0 | P118: 0 | Q118: 0 | R118: 0 | S118: 3961962 | T118: 3961962
A119: C11.I02.P01.S07 | B119: J2030 NAVARRA, COMUNIDAD FORAL | C119: ID035 | D119: Proyecto 8:Medios adecuados de resolución de controversias (MASC) | E119: 0512-01 | F119: F20001 F2300 7000 000000 | G119: F | H119: 7 | I119: MRR Subvención del Ministerio de Justicia | J119: 0 | K119: 0 | L119: 0 | M119: 0 | N119: -5.01 | O119: 0 | P119: 0.01 | Q119: 0 | R119: 0 | S119: -5 | T119: -5.01
... A126: C11.I02.P01.S07 | B126: J2030 NAVARRA, COMUNIDAD FORAL | C126: ID032 | D126: Proyecto 4. Ciberseguridad | E126: 0597-01 | F126: F20001 F2300 7000 000003 | G126: F | H126: 7 | I126: MRR Subvención del Ministerio de Justicia | J126: 0 | K126: 0 | L126: 0 | M126: 18148 | N126: 0 | O126: 0 | P126: 0 | Q126: 0 | R126: 0 | S126: 18148 | T126: 18148
A127: C11.I03.P01.S274 | B127: PRTR MPT CONVOCATORIA 2022 TRANSFORMACIÓN DIGITAL Y MODERNIZACIÓN COMUNIDAD UNIPROVINCIAL DE NAVARRA | C127: ID129 | D127: Transformación digital y modernización de las administraciones de las entidades locales | E127: 0634-01 | F127: 210001 21100 7000 000004 | G127: 2 | H127: 7 | I127: MRR Transformación digital | J127: 0 | K127: 0 | L127: 0 | M127: 1644725.2 | N127: 0 | O127: 0 | P127: 0 | Q127: 0 | R127: 0 | S127: 0 | T127: 0
A128: C11.I03.P01.S274 | B128: PRTR MPT CONVOCATORIA 2022 TRANSFORMACIÓN DIGITAL Y MODERNIZACIÓN COMUNIDAD UNIPROVINCIAL DE NAVARRA | C128: ID129 | D128: Transformación digital y modernización de las administraciones de las entidades locales | E128: 0634-01 | F128: 210002 21400 7000 000000 | G128: 2 | H128: 7 | I128: MRR Transformación digital | J128: 0 | K128: 0 | L128: 0 | M128: 0 | N128: 0 | O128: 0 | P128: 1433028.5 | Q128: 0 | R128: 0 | S128: 3077753.8 | T128: 1644725.2
A129: C11.I03.P01.S460 | B129: PRTR MPT CONVOCATORIA 2023 TRANSFORMACIÓN DIGITAL Y MODERNIZACIÓN PADRÓN GOBIERNO DE NAVARRA | C129: ID150 | D129: Modernización de los Sistemas de Gestión del Padrón Municipal de las Entidades Locales en la Comunidad Foral de Navarra | E129: 0701-01 | F129: 030000 03300 7000 000000 | G129: 0 | H129: 7 | I129: MRR Modernización padrón municipal de EELL. Transferencias de capital | J129: 0 | K129: 0 | L129: 0 | M129: 0 | N129: 750000 | O129: 0 | P129: 74908.33 | Q129: 0 | R129: 0 | S129: 824908.33 | T129: 750000
A130: C11.I03.P14.S06 | B130: Transformación digital y Modernización de Navarra. Líneas 1-5 Plan de Transformación digital y sanidad digital Línea 6 | C130: ID040 | D130: Transformación digital y modernización de las AAPP de las CCAA: Actuaciones Servicio Avance Digital | E130: 0509-01 | F130: G30001 G3100 7000 000000 | G130: G | H130: 7 | I130: MRR C11. I3. SADig Modernización de las AAPP | J130: 0 | K130: 0 | L130: 1674718 | M130: 357606.83 | N130: 0 | O130: 0 | P130: 0 | Q130: 0 | R130: 0 | S130: 2032324.9 | T130: 2032324.9
A131: C11.I03.P14.S06 | B131: Transformación digital y Modernización de Navarra. Líneas 1-5 Plan de Transformación digital y sanidad digital Línea 6 | C131: ID037 | D131: Transformación digital y modernización de las AAPP de las CCAA: Evolución hacia una cloud privada sostenible | E131: 0509-02 | F131: G30005 G3500 7000 000002 | G131: G | H131: 7 | I131: MRR C11. I3. Evolución hacia una Cloud privada sostenible | J131: 0 | K131: 0 | L131: 2134512.1 | M131: 455787.85 | N131: 0 | O131: 0 | P131: 0.01 | Q131: 0 | R131: 0 | S131: 2590300 | T131: 2590300
A132: C11.I03.P14.S06 | B132: Transformación digital y Modernización de Navarra. Líneas 1-5 Plan de Transformación digital y sanidad digital Línea 6 | C132: ID039 | D132: Transformación digital y modernización de las AAPP de las CCAA: DATUPNA - NG UNIVERSITY - A DATA DR | E132: 0509-03 | F132: G10001 G1100 7000 000002 | G132: G | H132: 7 | I132: MRR C11. I3. DATUPNA Modernización de las AAPP | J132: 0 | K132: 0 | L132: 198593.76 | M132: 42406.24 | N132: 0 | O132: 0 | P132: 0.01 | Q132: 0 | R132: 0 | S132: 241000.01 | T132: 241000
A133: C11.I03.P14.S06 | B133: Transformación digital y Modernización de Navarra. Líneas 1-5 Plan de Transformación digital y sanidad digital Línea 6 | C133: ID038 | D133: Plan de atención primaria y comunitaria. Modernización de las Administraciones Públicas | E133: 0539-01 | F133: 540007 52010 4000 000000 | G133: 5 | H133: 4 | I133: MRR Plan de Transformación Digital de la Atención Primaria | J133: 0 | K133: 0 | L133: 210000 | M133: 566790 | N133: 0 | O133: 0 | P133: 1 | Q133: 189964.16 | R133: 0 | S133: 776791 | T133: 966754.16
A134: C11.I03.P14.S06 | B134: Transformación digital y Modernización de Navarra. Líneas 1-5 Plan de Transformación digital y sanidad digital Línea 6 | C134: ID038 | D134: Plan de atención primaria y comunitaria. Modernización de las Administraciones Públicas | E134: 0539-01 | F134: 540007 52010 7000 000005 | G134: 5 | H134: 7 | I134: MRR Plan de Transformación Digital de la Atención Primaria | J134: 0 | K134: 0 | L134: 1134791.1 | M134: 2051572.9 | N134: 0 | O134: 0 | P134: 1 | Q134: -220433.46 | R134: 0 | S134: 3186365 | T134: 2965930.6
A135: C11.I03.P14.S06 | B135: Transformación digital y Modernización de Navarra. Líneas 1-5 Plan de Transformación digital y sanidad digital Línea 6 | C135: ID038 | D135: Plan de atención primaria y comunitaria. Modernización de las Administraciones Públicas | E135: 0539-02 | F135: 547001 52300 7000 000000 | G135: 5 | H135: 7 | I135: MRR Plan de Transformación Digital de la Atención Primaria | J135: 0 | K135: 0 | L135: 50000 | M135: 569731 | N135: 0 | O135: 0 | P135: 0 | Q135: 30469.3 | R135: 0 | S135: 619731 | T135: 650200.3
A136: C11.I03.P16.S04 | B136: Comunidad Foral de Navarra - Plan de Atención Digital Personalizada | C136: ID145 | D136: Atención Digital Personalizada (ADP) | E136: 0680-01 | F136: 540007 52010 4000 000003 | G136: 5 | H136: 4 | I136: MRR Atención Digital Personalizada | J136: 0 | K136: 0 | L136: 0 | M136: 0 | N136: 0 | O136: 123966.94 | P136: 0 | Q136: 0 | R136: 0 | S136: 123966.94 | T136: 123966.94
A137: C11.I03.P16.S04 | B137: Comunidad Foral de Navarra - Plan de Atención Digital Personalizada | C137: ID145 | D137: Atención Digital Personalizada (ADP) | E137: 0680-01 | F137: 540007 52010 7000 000008 | G137: 5 | H137: 7 | I137: MRR Atención Digital Personalizada | J137: 0 | K137: 0 | L137: 0 | M137: 0 | N137: 5301197.1 | O137: -123966.94 | P137: 0 | Q137: 0 | R137: 0 | S137: 5177230.2 | T137: 5177230.2
A138: C12.I03.P01.S15 | B138: Plan de apoyo a la implementación de la normativa de residuos - NAV | C138: ID041 | D138: Gestión de residuos domésticos | E138: 0457-01 | F138: 740001 74100 7000 000002 | G138: 7 | H138: 7 | I138: MRR Plan de apoyo a la implementación de la normativa de residuos | J138: 0 | K138: 5223575.7 | L138: 2209120.7 | M138: 0 | N138: 0 | O138: 0 | P138: 0 | Q138: 0 | R138: 0 | S138: 7432696.4 | T138: 7432696.4
A139: C12.I03.P02.S07 | B139: Desarrollo de instrumentos de digitalización para la gestión medioambiental. Navarra | C139: ID152 | D139: Desarrollo de instrumentos de digitalización para la gestión de residuos | E139: 0723-01 | F139: 740001 74100 7000 000004 | G139: 7 | H139: 7 | I139: MRR C12.I3 Plan de apoyo a la implementación de la normativa de residuos, en el marco del PRTR | J139: 0 | K139: 0 | L139: 0 | M139: 0 | N139: 1628664.9 | O139: 0 | P139: 0 | Q139: 0 | R139: 0 | S139: 1628664.9 | T139: 1628664.9
A140: C12.I03.P05.S05 | B140: Plan de apoyo a la implementación de la normativa de residuos (Adenda). Navarra | C140: ID153 | D140: Centro ambiental de la Comarca de Pamplona. Implementación de la normativa de residuos | E140: 0722-01 | F140: 740001 74100 7000 000004 | G140: 7 | H140: 7 | I140: MRR C12.I3 Plan de apoyo a la implementación de la normativa de residuos, en el marco del PRTR | J140: 0 | K140: 0 | L140: 0 | M140: 0 | N140: 11593800 | O140: 0 | P140: 0.01 | Q140: 0 | R140: 0 | S140: 11593800 | T140: 11593800
A141: C13.I03.P11.S05 | B141: RETECH-Navarra-Techfablab. | C141: ID132 | D141: RETECH-Navarra-TechFabLab. | E141: 0642-01 | F141: 820005 82600 3800 000002 | G141: 8 | H141: 3 | I141: MRR RETECH Tech Fablab reintegro | J141: 0 | K141: 0 | L141: 0 | M141: 0 | N141: 0 | O141: 0 | P141: 63338.79 | Q141: 63338.79 | R141: 0 | S141: 63338.79 | T141: 63338.79
A142: C13.I03.P11.S05 | B142: RETECH-Navarra-Techfablab. | C142: ID132 | D142: RETECH-Navarra-TechFabLab. | E142: 0642-01 | F142: 820005 82600 7000 000002 | G142: 8 | H142: 7 | I142: MRR Ingresos proyecto RETECH TEchFabLab | J142: 0 | K142: 0 | L142: 0 | M142: 3749999 | N142: 0 | O142: 0 | P142: 0 | Q142: 0 | R142: 0 | S142: 3749999 | T142: 3749999
A143: C13.I03.P11.S12 | B143: RETECH-Navarra-Gemelos-Digitales | C143: ID133 | D143: RETECH - Aceleración de Ecosistemas de Emprendimiento e Innovación basados en Gemelos Digitales | E143: 0639-01 | F143: G30000 G3000 7000 000000 | G143: G | H143: 7 | I143: MRR RETECH Ministerio Proyecto gemelos digitales | J143: 0 | K143: 0 | L143: 0 | M143: 5769500 | N143: 0 | O143: 0 | P143: 0 | Q143: 0 | R143: 0 | S143: 5769500 | T143: 5769500
A144: C13.I03.P11.S12 | B144: RETECH-Navarra-Gemelos-Digitales | C144: ID133 | D144: RETECH - Aceleración de Ecosistemas de Emprendimiento e Innovación basados en Gemelos Digitales | E144: 0639-01 | F144: G30000 G3000 7600 000000 | G144: G | H144: 7 | I144: MRR RETECH Ayuntamiento de Pamplona Proyecto Gemelos Digitales | J144: 0 | K144: 0 | L144: 0 | M144: 0 | N144: 325000 | O144: 325000 | P144: 0 | Q144: 0 | R144: 0 | S144: 650000 | T144: 650000
A145: C13.I04.P03.S14 | B145: CA COMUNIDAD FORAL DE NAVARRA FONDO TECNOLÓGICO | C145: ID042 | D145: Programa de modernización del comercio: Fondo tecnológico | E145: 0514-01 | F145: 830000 83000 7000 000002 | G145: 8 | H145: 7 | I145: MRR Ingresos Fondo Tecnológico Comercio | J145: 0 | K145: 0 | L145: 761384 | M145: 761384 | N145: 0 | O145: 0 | P145: -207844.95 | Q145: 0 | R145: 0 | S145: 1314923.1 | T145: 1522768
A146: C13.I04.P03.S14 | B146: CA COMUNIDAD FORAL DE NAVARRA FONDO TECNOLÓGICO | C146: ID042 | D146: Programa de modernización del comercio: Fondo tecnológico | E146: 0514-01 | F146: 830001 83100 3890 000002 | G146: 8 | H146: 3 | I146: Reintegros de subvenciones | J146: 0 | K146: 0 | L146: 0 | M146: 0 | N146: 2067.73 | O146: 23577.12 | P146: 0 | Q146: 0 | R146: 0 | S146: 25644.85 | T146: 25644.85
A147: C14.I01.P02.S14.S02 | B147: Plan Nacional 2021 - ACD Comunidad Foral de Navarra | C147: ID047 | D147: Plan de Sostenibilidad Turística en Destino "ACD 5 rutas jacobeas, mil caminos en Navarra" | E147: 0556-01 | F147: 830000 83000 7000 000003 | G147: 8 | H147: 7 | I147: MRR Ingresos ACD Camino de Santiago 22-25 | J147: 0 | K147: 0 | L147: 1935000 | M147: 0 | N147: 0 | O147: 0 | P147: 0 | Q147: 0 | R147: 0 | S147: 1935000 | T147: 1935000
A148: C14.I01.P02.S14.S02 | B148: Plan Nacional 2021 - ACD Comunidad Foral de Navarra | C148: ID047 | D148: Plan de Sostenibilidad Turística en Destino "ACD 5 rutas jacobeas, mil caminos en Navarra" | E148: 0556-02 | F148: 830000 83000 7000 000003 | G148: 8 | H148: 7 | I148: MRR Ingresos ACD Camino de Santiago 22-25 | J148: 0 | K148: 0 | L148: 727206.4 | M148: 0 | N148: 0 | O148: 0 | P148: 0 | Q148: 0 | R148: 0 | S148: 727206.4 | T148: 727206.4
A149: C14.I01.P02.S14.S02 | B149: Plan Nacional 2021 - ACD Comunidad Foral de Navarra | C149: ID047 | D149: Plan de Sostenibilidad Turística en Destino "ACD 5 rutas jacobeas, mil caminos en Navarra" | E149: 0556-03 | F149: 830000 83000 7000 000003 | G149: 8 | H149: 7 | I149: MRR Ingresos ACD Camino de Santiago 22-25 | J149: 0 | K149: 0 | L149: 807793.6 | M149: 0 | N149: 0 | O149: 0 | P149: 0 | Q149: 0 | R149: 0 | S149: 807793.6 | T149: 807793.6
A150: C14.I01.P02.S14.S02 | B150: Plan Nacional 2021 - ACD Comunidad Foral de Navarra | C150: ID047 | D150: Plan de Sostenibilidad Turística en Destino "ACD 5 rutas jacobeas, mil caminos en Navarra" | E150: 0556-04 | F150: 830000 83000 7000 000003 | G150: 8 | H150: 7 | I150: MRR Ingresos ACD Camino de Santiago 22-25 | J150: 0 | K150: 0 | L150: 880000 | M150: 0 | N150: 0 | O150: 0 | P150: 0 | Q150: 0 | R150: 0 | S150: 880000 | T150: 880000
A151: C14.I01.P02.S14.S02 | B151: Plan Nacional 2021 - ACD Comunidad Foral de Navarra | C151: ID047 | D151: Plan de Sostenibilidad Turística en Destino "ACD 5 rutas jacobeas, mil caminos en Navarra" | E151: 0556-05 | F151: 830000 83000 7000 000003 | G151: 8 | H151: 7 | I151: MRR Ingresos ACD Camino de Santiago 22-25 | J151: 0 | K151: 0 | L151: 744800 | M151: 0 | N151: 0 | O151: 0 | P151: 0 | Q151: 0 | R151: 0 | S151: 744800 | T151: 744800
A152: C14.I01.P02.S14.S02 | B152: Plan Nacional 2021 - ACD Comunidad Foral de Navarra | C152: ID047 | D152: Plan de Sostenibilidad Turística en Destino "ACD 5 rutas jacobeas, mil caminos en Navarra" | E152: 0556-06 | F152: 830000 83000 7000 000003 | G152: 8 | H152: 7 | I152: MRR Ingresos ACD Camino de Santiago 22-25 | J152: 0 | K152: 0 | L152: 363200 | M152: 0 | N152: 0 | O152: 0 | P152: 0 | Q152: 0 | R152: 0 | S152: 363200 | T152: 363200
A153: C14.I01.P02.S14.S02 | B153: Plan Nacional 2021 - ACD Comunidad Foral de Navarra | C153: ID047 | D153: Plan de Sostenibilidad Turística en Destino "ACD 5 rutas jacobeas, mil caminos en Navarra" | E153: 0556-07 | F153: 830000 83000 7000 000003 | G153: 8 | H153: 7 | I153: MRR Ingresos ACD Camino de Santiago 22-25 | J153: 0 | K153: 0 | L153: 372000 | M153: 0 | N153: 0 | O153: 0 | P153: 0 | Q153: 0 | R153: 0 | S153: 372000 | T153: 372000
A154: C14.I01.P02.S15 | B154: Plan Territorial 2021 Navarra | C154: ID046 | D154: Plan de sostenibilidad turística en destino - Ribera de Navarra | E154: 0491-01 | F154: 830000 83000 7000 000000 | G154: 8 | H154: 7 | I154: MRR Ingresos PSTD y ACD 22-24 | J154: 0 | K154: 0 | L154: 5492500 | M154: 0 | N154: 0 | O154: 0 | P154: 0 | Q154: 0 | R154: 0 | S154: 0 | T154: 0
A155: C14.I01.P02.S15 | B155: Plan Territorial 2021 Navarra | C155: ID045 | D155: Plan de sostenibilidad turística en destino: Pamplona SF365 | E155: 0492-01 | F155: 830000 83000 7000 000000 | G155: 8 | H155: 7 | I155: MRR Ingresos PSTD y ACD 22-24 | J155: 0 | K155: 0 | L155: 5492500 | M155: 0 | N155: 0 | O155: 0 | P155: 0 | Q155: 0 | R155: 0 | S155: 0 | T155: 0
A156: C14.I01.P02.S15 | B156: Plan Territorial 2021 Navarra | C156: ID046 | D156: Plan de sostenibilidad turística en destino - Ribera de Navarra | E156: 0491-01 | F156: A30001 A3100 7000 000000 | G156: A | H156: 7 | I156: MRR Ingresos PSTD y ACD 22-24 | J156: 0 | K156: 0 | L156: 0 | M156: 0 | N156: 0 | O156: 0 | P156: 0 | Q156: 0 | R156: 0 | S156: 5492500 | T156: 5492500
A157: C14.I01.P02.S15 | B157: Plan Territorial 2021 Navarra | C157: ID045 | D157: Plan de sostenibilidad turística en destino: Pamplona SF365 | E157: 0492-01 | F157: A30001 A3100 7000 000000 | G157: A | H157: 7 | I157: MRR Ingresos PSTD y ACD 22-24 | J157: 0 | K157: 0 | L157: 0 | M157: 0 | N157: 0 | O157: 0 | P157: 0 | Q157: 0 | R157: 0 | S157: 5492500 | T157: 5492500
A158: C14.I01.P02.S15 | B158: Plan Territorial 2021 Navarra | C158: ID044 | D158: Plan de sostenibilidad turística en destino - ACD Navarra Rural | E158: 0502-01 | F158: 830000 83000 7000 000000 | G158: 8 | H158: 7 | I158: MRR Ingresos PSTD y ACD 22-24 | J158: 0 | K158: 0 | L158: 2240590 | M158: 0 | N158: 0 | O158: 0 | P158: 0 | Q158: 0 | R158: 0 | S158: 2240590 | T158: 2240590
A159: C14.I01.P02.S15 | B159: Plan Territorial 2021 Navarra | C159: ID044 | D159: Plan de sostenibilidad turística en destino - ACD Navarra Rural | E159: 0502-02 | F159: 830000 83000 7000 000000 | G159: 8 | H159: 7 | I159: MRR Ingresos PSTD y ACD 22-24 | J159: 0 | K159: 0 | L159: 1118000 | M159: 0 | N159: 0 | O159: 0 | P159: 0 | Q159: 0 | R159: 0 | S159: 1118000 | T159: 1118000
A160: C14.I01.P02.S15 | B160: Plan Territorial 2021 Navarra | C160: ID044 | D160: Plan de sostenibilidad turística en destino - ACD Navarra Rural | E160: 0502-03 | F160: 830000 83000 7000 000000 | G160: 8 | H160: 7 | I160: MRR Ingresos PSTD y ACD 22-24 | J160: 0 | K160: 0 | L160: 2690000 | M160: 0 | N160: 0 | O160: 0 | P160: 0 | Q160: 0 | R160: 0 | S160: 2690000 | T160: 2690000
A161: C14.I01.P02.S15 | B161: Plan Territorial 2021 Navarra | C161: ID044 | D161: Plan de sostenibilidad turística en destino - ACD Navarra Rural | E161: 0502-03 | F161: A30000 A3000 3890 000000 | G161: A | H161: 3 | I161: Reintegros de subvenciones | J161: 0 | K161: 0 | L161: 0 | M161: 0 | N161: 0 | O161: 140455.06 | P161: -0.01 | Q161: 0 | R161: 0 | S161: 140455.05 | T161: 140455.06
A162: C14.I01.P02.S15 | B162: Plan Territorial 2021 Navarra | C162: ID044 | D162: Plan de sostenibilidad turística en destino - ACD Navarra Rural | E162: 0502-04 | F162: 830000 83000 7000 000000 | G162: 8 | H162: 7 | I162: MRR Ingresos PSTD y ACD 22-24 | J162: 0 | K162: 0 | L162: 945000 | M162: 0 | N162: 0 | O162: 0 | P162: 0 | Q162: 0 | R162: 0 | S162: 945000 | T162: 945000
A163: C14.I01.P02.S15 | B163: Plan Territorial 2021 Navarra | C163: ID044 | D163: Plan de sostenibilidad turística en destino - ACD Navarra Rural | E163: 0502-05 | F163: 830000 83000 7000 000000 | G163: 8 | H163: 7 | I163: MRR Ingresos PSTD y ACD 22-24 | J163: 0 | K163: 0 | L163: 550000 | M163: 0 | N163: 0 | O163: 0 | P163: 0 | Q163: 0 | R163: 0 | S163: 550000 | T163: 550000
A164: C14.I01.P02.S15 | B164: Plan Territorial 2021 Navarra | C164: ID044 | D164: Plan de sostenibilidad turística en destino - ACD Navarra Rural | E164: 0502-06 | F164: 830000 83000 7000 000000 | G164: 8 | H164: 7 | I164: MRR Ingresos PSTD y ACD 22-24 | J164: 0 | K164: 0 | L164: 1586410 | M164: 0 | N164: 0 | O164: 0 | P164: 0 | Q164: 0 | R164: 0 | S164: 1586410 | T164: 1586410
A165: C14.I01.P02.S15 | B165: Plan Territorial 2021 Navarra | C165: ID044 | D165: Plan de sostenibilidad turística en destino - ACD Navarra Rural | E165: 0502-07 | F165: 830000 83000 7000 000000 | G165: 8 | H165: 7 | I165: MRR Ingresos PSTD y ACD 22-24 | J165: 0 | K165: 0 | L165: 1855000 | M165: 0 | N165: 0 | O165: 0 | P165: 0 | Q165: 0 | R165: 0 | S165: 1855000 | T165: 1855000
A166: C14.I01.P05.S05 | B166: Plan de Sostenibilidad Social del Turismo. Navarra | C166: ID139 | D166: Planes de Sostenibilidad Social del Turismo | E166: 0683-01 | F166: A30001 A3100 3800 000000 | G166: A | H166: 3 | I166: MRR Reintegros de ejercicios cerrados | J166: 0 | K166: 0 | L166: 0 | M166: 0 | N166: 0 | O166: 0 | P166: 0 | Q166: 768.7 | R166: 0 | S166: 0 | T166: 768.7
A167: C14.I01.P05.S05 | B167: Plan de Sostenibilidad Social del Turismo. Navarra | C167: ID139 | D167: Planes de Sostenibilidad Social del Turismo | E167: 0683-01 | F167: A30001 A3100 7000 000006 | G167: A | H167: 7 | I167: MRR Ingresos Sostenibilidad Social Turismo | J167: 0 | K167: 0 | L167: 0 | M167: 0 | N167: 99998.06 | O167: 0 | P167: 0 | Q167: 0 | R167: 0 | S167: 99998.06 | T167: 99998.06
A168: C14.I01.P06.S08 | B168: Plan Territorial 2022 Navarra | C168: ID126 | D168: ACD Navarra Destinos 2022. ACD Navarra y sus paisajes Enogastronómicos | E168: 0595-01 | F168: 830000 83000 7000 000004 | G168: 8 | H168: 7 | I168: MRR Ingresos PSTD y ACD 23-25 | J168: 0 | K168: 0 | L168: 0 | M168: 2380000 | N168: 0 | O168: 0 | P168: 0 | Q168: 0 | R168: 0 | S168: 0 | T168: 0
A169: C14.I01.P06.S08 | B169: Plan Territorial 2022 Navarra | C169: ID043 | D169: 5 Planes de sostenibilidad turística en destino 2022: Tierra Estella, Zona Media, Comarca de Sangüesa / Zangoza y Prepirineo, Pirineo y Baztán Bidasoa + Enoturismo: S.Martín de Unx | E169: 0593-01 | F169: 830000 83000 7000 000004 | G169: 8 | H169: 7 | I169: MRR Ingresos PSTD y ACD 23-25 | J169: 0 | K169: 0 | L169: 0 | M169: 24700000 | N169: 0 | O169: 0 | P169: 0 | Q169: 0 | R169: 0 | S169: 24700000 | T169: 24700000
A170: C14.I01.P06.S08 | B170: Plan Territorial 2022 Navarra | C170: ID126 | D170: ACD Navarra Destinos 2022. ACD Navarra y sus paisajes Enogastronómicos | E170: 0595-01 | F170: A30001 A3100 7000 000002 | G170: A | H170: 7 | I170: MRR Ingresos PSTD y ACD 23-25 | J170: 0 | K170: 0 | L170: 0 | M170: 0 | N170: 0 | O170: 0 | P170: 0 | Q170: 0 | R170: 0 | S170: 2380000 | T170: 2380000
A171: C14.I01.P06.S08 | B171: Plan Territorial 2022 Navarra | C171: ID127 | D171: Seguimiento técnico Destinos 2022 | E171: 0596-01 | F171: 830000 83000 7000 000004 | G171: 8 | H171: 7 | I171: MRR Ingresos PSTD y ACD 23-25 | J171: 0 | K171: 0 | L171: 0 | M171: 200000 | N171: 0 | O171: 0 | P171: 0 | Q171: 0 | R171: 0 | S171: 200000 | T171: 200000
A172: C14.I01.P07.S02 | B172: Plan Territorial 2023 Navarra | C172: ID128 | D172: Plan de Sostenibilidad Turística en Destino 2023: ACD Navarra Circular, Inclusiva y Resiliente | E172: 0608-01 | F172: 830000 83000 7000 000005 | G172: 8 | H172: 7 | I172: MRR Ingresos PSTD y ACD convocatoria 2023 | J172: 0 | K172: 0 | L172: 0 | M172: 6871000 | N172: 0 | O172: 0 | P172: 0 | Q172: 0 | R172: 0 | S172: 0 | T172: 0
A173: C14.I01.P07.S02 | B173: Plan Territorial 2023 Navarra | C173: ID123 | D173: Planes de sostenibilidad turística en Destino 2023. PSTD URDINA, Plazaola/Sakana/Ultzamaldea, Ribera alta y Comarca Pamplona Rural | E173: 0607-01 | F173: 830000 83000 7000 000005 | G173: 8 | H173: 7 | I173: MRR Ingresos PSTD y ACD convocatoria 2023 | J173: 0 | K173: 0 | L173: 0 | M173: 10330000 | N173: 0 | O173: 0 | P173: 0 | Q173: 0 | R173: 0 | S173: 10330000 | T173: 10330000
A174: C14.I01.P07.S02 | B174: Plan Territorial 2023 Navarra | C174: ID128 | D174: Plan de Sostenibilidad Turística en Destino 2023: ACD Navarra Circular, Inclusiva y Resiliente | E174: 0608-01 | F174: A30001 A3100 6800 000000 | G174: A | H174: 6 | I174: MRR Reintegros por operaciones de capital | J174: 0 | K174: 0 | L174: 0 | M174: 0 | N174: 0 | O174: 0 | P174: 300000 | Q174: 300000 | R174: 0 | S174: 300000 | T174: 300000
A175: C14.I01.P07.S02 | B175: Plan Territorial 2023 Navarra | C175: ID128 | D175: Plan de Sostenibilidad Turística en Destino 2023: ACD Navarra Circular, Inclusiva y Resiliente | E175: 0608-01 | F175: A30001 A3100 7000 000003 | G175: A | H175: 7 | I175: MRR Ingresos PSTD y ACD convocatoria 2023 | J175: 0 | K175: 0 | L175: 0 | M175: 0 | N175: 0 | O175: 0 | P175: 0 | Q175: 0 | R175: 0 | S175: 6871000 | T175: 6871000
A176: C14.I02.P02.S04 | B176: RETECH-Navarra-Spain Living Lab | C176: ID131 | D176: RETECH C14 SPAIN LIVING LAB | E176: 0612-01 | F176: 830002 83200 7000 000000 | G176: 8 | H176: 7 | I176: MRR RETECH Ingresos Spain Living Lab | J176: 0 | K176: 0 | L176: 0 | M176: 930000 | N176: 0 | O176: 0 | P176: 0 | Q176: 0 | R176: 0 | S176: 0 | T176: 0
...

Sheet 7-PARTIDAS GASTOS
A1: VOLVER AL INDICE | J1: ='5-TOTALES INGR Y GASTOS'!D3 -> Datos extraídos de SAP hasta hasta 31/03/2026 - exportados a 14/04/2026
A3: =SUBTOTAL(3,A6:A1465) -> 813 | B3: =SUBTOTAL(3,B6:B1465) -> 813 | C3: =SUBTOTAL(3,C6:C1465) -> 813 | D3: =SUBTOTAL(3,D6:D1465) -> 813 | E3: =SUBTOTAL(3,E6:E1465) -> 813 | F3: =SUBTOTAL(3,F6:F1465) -> 813 | G3: =SUBTOTAL(3,G6:G1465) -> 813 | H3: =SUBTOTAL(3,H6:H1465) -> 813 | I3: =SUBTOTAL(3,I6:I1465) -> 813 | J3: =SUBTOTAL(9,J6:J1465) -> 41162.93 | K3: =SUBTOTAL(9,K6:K1465) -> 4217907.4 | L3: =SUBTOTAL(9,L6:L1465) -> 59685236 | M3: =SUBTOTAL(9,M6:M1465) -> 1.138168e+08 | N3: =SUBTOTAL(9,N6:N1465) -> 1.4918442e+08 | O3: =SUBTOTAL(9,O6:O1465) -> 1.7106314e+08 | P3: =SUBTOTAL(9,P6:P1465) -> 1.1845354e+08 | Q3: =SUBTOTAL(9,Q6:Q1465) -> 1.1762822e+08 | ... Z3: =SUBTOTAL(9,Z6:Z1465) -> 5.051243e+08
G4: =MID(F4,8,1) | H4: =MID(F4,14,1)
A5: Subproyecto del Sistema de Información (CoFFEE) | B5: Denominación CoFFEE | C5: ID Actuación | D5: Nombre Subproyecto / Actuación | E5: PC / EPEP | F5: Partida presupuestaria | G5: Departamento | H5: Capítulo de Gasto | I5: Descripción Partida | J5: Obligaciones 2020 | K5: Obligaciones 2021 | L5: Obligaciones 2022 | M5: Obligaciones 2023 | N5: Obligaciones 2024 | O5: Obligaciones 2025 | P5: Presupuesto definitivo 2026 | Q5: Autorizaciones 2026 | R5: Disposiciones 2026 | S5: Obligaciones 2026 | T5: Presupuesto definitivo 2027 y siguientes | U5: Autorizaciones 2027 y siguientes | V5: Disposiciones 2027 y siguientes | W5: Total Presupuesto definitivo | X5: Total Autorizaciones | Y5: Total Disposiciones | Z5: Total Obligaciones
A6: C01.I01.P02.S18 | B6: Ayudas a la Comunidad Foral de Navarra para la ejecución de programas para la transformación digital y sostenible del transporte | C6: ID002 | D6: Zonas de bajas emisiones en entornos metropolitanos | E6: 0464-03 | F6: 230000 23200 7609 451400 | G6: 2 | H6: 7 | I6: MRR Actuaciones Movilidad Sostenible C1-I1 | J6: 0 | K6: 0 | L6: 69661.12 | M6: 47117.98 | N6: 0 | O6: 0 | P6: 0 | Q6: 0 | R6: 0 | S6: 0 | T6: 0 | U6: 0 | V6: 0 | W6: 116779.1 | X6: 116779.1 | Y6: 116779.1 | Z6: 116779.1
A7: C01.I01.P02.S18 | B7: Ayudas a la Comunidad Foral de Navarra para la ejecución de programas para la transformación digital y sostenible del transporte | C7: ID002 | D7: Zonas de bajas emisiones en entornos metropolitanos | E7: 0464-04 | F7: 220002 22100 6010 453237 | G7: 2 | H7: 6 | I7: MRR Actuaciones Movilidad Sostenible C1-I1 | J7: 0 | K7: 0 | L7: 661568.52 | M7: 44236.26 | N7: 0 | O7: 0 | P7: 0 | Q7: 0 | R7: 0 | S7: 0 | T7: 0 | U7: 0 | V7: 0 | W7: 705804.78 | X7: 705804.78 | Y7: 705804.78 | Z7: 705804.78
A8: C01.I01.P02.S18 | B8: Ayudas a la Comunidad Foral de Navarra para la ejecución de programas para la transformación digital y sostenible del transporte | C8: ID002 | D8: Zonas de bajas emisiones en entornos metropolitanos | E8: 0464-05 | F8: 230000 23200 7609 451400 | G8: 2 | H8: 7 | I8: MRR Actuaciones Movilidad Sostenible C1-I1 | J8: 0 | K8: 0 | L8: 833234.74 | M8: 0 | N8: 0 | O8: 0 | P8: 0 | Q8: 0 | R8: 0 | S8: 0 | T8: 0 | U8: 0 | V8: 0 | W8: 833234.74 | X8: 833234.74 | Y8: 833234.74 | Z8: 833234.74
A9: C01.I01.P02.S18 | B9: Ayudas a la Comunidad Foral de Navarra para la ejecución de programas para la transformación digital y sostenible del transporte | C9: ID002 | D9: Zonas de bajas emisiones en entornos metropolitanos | E9: 0464-06 | F9: 220002 22100 6010 453237 | G9: 2 | H9: 6 | I9: MRR Actuaciones Movilidad Sostenible C1-I1 | J9: 0 | K9: 0 | L9: 3472.7 | M9: 529482.73 | N9: 178066.12 | O9: 0 | P9: 0 | Q9: 0 | R9: 0 | S9: 0 | T9: 0 | U9: 0 | V9: 0 | W9: 711021.55 | X9: 711021.55 | Y9: 711021.55 | Z9: 711021.55
A10: C01.I01.P02.S18 | B10: Ayudas a la Comunidad Foral de Navarra para la ejecución de programas para la transformación digital y sostenible del transporte | C10: ID002 | D10: Zonas de bajas emisiones en entornos metropolitanos | E10: 0464-07 | F10: 220002 22100 6010 453237 | G10: 2 | H10: 6 | I10: MRR Actuaciones Movilidad Sostenible C1-I1 | J10: 0 | K10: 0 | L10: 17908 | M10: 0 | N10: 1248509.8 | O10: 0 | P10: 0 | Q10: 0 | R10: 0 | S10: 0 | T10: 0 | U10: 0 | V10: 0 | W10: 1266417.8 | X10: 1266417.8 | Y10: 1266417.8 | Z10: 1266417.8
A11: C01.I01.P02.S18 | B11: Ayudas a la Comunidad Foral de Navarra para la ejecución de programas para la transformación digital y sostenible del transporte | C11: ID002 | D11: Zonas de bajas emisiones en entornos metropolitanos | E11: 0464-08 | F11: 220002 22100 6010 453237 | G11: 2 | H11: 6 | I11: MRR Actuaciones Movilidad Sostenible C1-I1 | J11: 0 | K11: 0 | L11: 17968.5 | M11: 0 | N11: 794990.58 | O11: 0 | P11: 0 | Q11: 0 | R11: 0 | S11: 0 | T11: 0 | U11: 0 | V11: 0 | W11: 812959.08 | X11: 812959.08 | Y11: 812959.08 | Z11: 812959.08
A12: C01.I01.P02.S18 | B12: Ayudas a la Comunidad Foral de Navarra para la ejecución de programas para la transformación digital y sostenible del transporte | C12: ID002 | D12: Zonas de bajas emisiones en entornos metropolitanos | E12: 0464-09 | F12: 230000 23200 7609 451400 | G12: 2 | H12: 7 | I12: MRR Actuaciones Movilidad Sostenible C1-I1 | J12: 0 | K12: 0 | L12: 777479.46 | M12: 0 | N12: 0 | O12: 0 | P12: 0 | Q12: 0 | R12: 0 | S12: 0 | T12: 0 | U12: 0 | V12: 0 | W12: 777479.46 | X12: 777479.46 | Y12: 777479.46 | Z12: 777479.46
A13: C01.I01.P02.S18 | B13: Ayudas a la Comunidad Foral de Navarra para la ejecución de programas para la transformación digital y sostenible del transporte | C13: ID002 | D13: Zonas de bajas emisiones en entornos metropolitanos | E13: 0464-10 | F13: 220002 22100 6010 453237 | G13: 2 | H13: 6 | I13: MRR Actuaciones Movilidad Sostenible C1-I1 | J13: 0 | K13: 0 | L13: 119091.66 | M13: 5658.5 | N13: 28027.55 | O13: 5651.15 | P13: 0 | Q13: 0 | R13: 0 | S13: 0 | T13: 0 | U13: 0 | V13: 0 | W13: 158428.86 | X13: 158428.86 | Y13: 158428.86 | Z13: 158428.86
A14: C01.I01.P02.S18 | B14: Ayudas a la Comunidad Foral de Navarra para la ejecución de programas para la transformación digital y sostenible del transporte | C14: ID002 | D14: Zonas de bajas emisiones en entornos metropolitanos | E14: 0464-11 | F14: 220002 22100 6010 453237 | G14: 2 | H14: 6 | I14: MRR Actuaciones Movilidad Sostenible C1-I1 | J14: 0 | K14: 0 | L14: 0 | M14: 0 | N14: 170046.35 | O14: 0 | P14: 0 | Q14: 0 | R14: 0 | S14: 0 | T14: 0 | U14: 0 | V14: 0 | W14: 170046.35 | X14: 170046.35 | Y14: 170046.35 | Z14: 170046.35
A15: C01.I01.P02.S18 | B15: Ayudas a la Comunidad Foral de Navarra para la ejecución de programas para la transformación digital y sostenible del transporte | C15: ID002 | D15: Zonas de bajas emisiones en entornos metropolitanos | E15: 0464-11 | F15: 230000 23200 7609 451400 | G15: 2 | H15: 7 | I15: MRR Actuaciones Movilidad Sostenible C1-I1 | J15: 0 | K15: 0 | L15: 11495 | M15: 0 | N15: 0 | O15: 0 | P15: 0 | Q15: 0 | R15: 0 | S15: 0 | T15: 0 | U15: 0 | V15: 0 | W15: 11495 | X15: 11495 | Y15: 11495 | Z15: 11495
A16: C01.I01.P02.S18 | B16: Ayudas a la Comunidad Foral de Navarra para la ejecución de programas para la transformación digital y sostenible del transporte | C16: ID002 | D16: Zonas de bajas emisiones en entornos metropolitanos | E16: 0464-12 | F16: 220002 22100 6010 453237 | G16: 2 | H16: 6 | I16: MRR Actuaciones Movilidad Sostenible C1-I1 | J16: 0 | K16: 0 | L16: 0 | M16: 25194.17 | N16: 1000472 | O16: 0 | P16: 0 | Q16: 0 | R16: 0 | S16: 0 | T16: 0 | U16: 0 | V16: 0 | W16: 1025666.2 | X16: 1025666.2 | Y16: 1025666.2 | Z16: 1025666.2
A17: C01.I01.P02.S18 | B17: Ayudas a la Comunidad Foral de Navarra para la ejecución de programas para la transformación digital y sostenible del transporte | C17: ID002 | D17: Zonas de bajas emisiones en entornos metropolitanos | E17: 0464-12 | F17: 230000 23200 7609 451400 | G17: 2 | H17: 7 | I17: MRR Actuaciones Movilidad Sostenible C1-I1 | J17: 0 | K17: 0 | L17: 18150 | M17: 0 | N17: 0 | O17: 0 | P17: 0 | Q17: 0 | R17: 0 | S17: 0 | T17: 0 | U17: 0 | V17: 0 | W17: 18150 | X17: 18150 | Y17: 18150 | Z17: 18150
... A67: C02.I04.P01.S13 | B67: Programa PREE menos de 5.000 hab. Territorializado Comunidad Foral de Navarra | C67: ID008 | D67: Rehabilitación energética para edificios existentes en municipios y núcleos de menos de 5000 habitantes (Programa PREE 5000) | E67: 0382-02 | F67: 300000 30100 1600 921102 | G67: 3 | H67: 1 | I67: MRR Seguridad social | J67: 0 | K67: 0 | L67: 0 | M67: 15280.2 | N67: 0 | O67: 0 | P67: 0 | Q67: 0 | R67: 0 | S67: 0 | T67: 0 | U67: 0 | V67: 0 | W67: 15280.2 | X67: 15280.2 | Y67: 15280.2 | Z67: 15280.2
A68: C02.I05.P01.S15 | B68: PIREP AUTONÓMICO NAVARRA | C68: ID012 | D68: PIREP - UPNA Green Smart&Sustainable Campus | E68: 0476-01 | F68: G10001 G1100 7455 322303 | G68: G | H68: 7 | I68: MRR Transferencias de capital a la UPNA: campus sostenible | J68: 0 | K68: 0 | L68: 3098000 | M68: 0 | N68: 0 | O68: 0 | P68: 0 | Q68: 0 | R68: 0 | S68: 0 | T68: 0 | U68: 0 | V68: 0 | W68: 3098000 | X68: 3098000 | Y68: 3098000 | Z68: 3098000
A69: C02.I05.P01.S15 | B69: PIREP AUTONÓMICO NAVARRA | C69: ID011 | D69: PIREP - Rehabilitación Palacio Marqués de Rozalejo | E69: 0494-01 | F69: B20001 B2200 6020 232502 | G69: B | H69: 6 | I69: MRR Obras Palacio Marqués de Rozalejo | J69: 0 | K69: 0 | L69: 0 | M69: 8217.79 | N69: 330407.91 | O69: 924218.62 | P69: 210894.2 | Q69: 210894.2 | R69: 210894.2 | S69: 210894.2 | T69: 0 | U69: 0 | V69: 0 | W69: 1473738.5 | X69: 1473738.5 | Y69: 1473738.5 | Z69: 1473738.5
A70: C02.I05.P01.S15 | B70: PIREP AUTONÓMICO NAVARRA | C70: ID011 | D70: PIREP - Rehabilitación Palacio Marqués de Rozalejo | E70: 0494-02 | F70: B20001 B2200 6020 232502 | G70: B | H70: 6 | I70: MRR Obras Palacio Marqués de Rozalejo | J70: 0 | K70: 0 | L70: 0 | M70: 0 | N70: 0 | O70: 87057.85 | P70: 4634.67 | Q70: 4634.67 | R70: 4634.67 | S70: 4634.67 | T70: 0 | U70: 0 | V70: 0 | W70: 91692.52 | X70: 91692.52 | Y70: 91692.52 | Z70: 91692.52
A71: C02.I05.P01.S15 | B71: PIREP AUTONÓMICO NAVARRA | C71: ID011 | D71: PIREP - Rehabilitación Palacio Marqués de Rozalejo | E71: 0494-03 | F71: B20001 B2200 6020 232502 | G71: B | H71: 6 | I71: MRR Obras Palacio Marqués de Rozalejo | J71: 0 | K71: 0 | L71: 69735.42 | M71: 1881884.7 | N71: 1788333.6 | O71: 3328555.3 | P71: 494839.6 | Q71: 494839.6 | R71: 494839.6 | S71: 494839.6 | T71: 0 | U71: 0 | V71: 0 | W71: 7563348.6 | X71: 7563348.6 | Y71: 7563348.6 | Z71: 7563348.6
A72: C02.I05.P01.S15 | B72: PIREP AUTONÓMICO NAVARRA | C72: ID011 | D72: PIREP - Rehabilitación Palacio Marqués de Rozalejo | E72: 0494-04 | F72: B20001 B2200 6020 232502 | G72: B | H72: 6 | I72: MRR Obras Palacio Marqués de Rozalejo | J72: 0 | K72: 0 | L72: 2265.86 | M72: 40194.14 | N72: 0 | O72: 0 | P72: 28390.85 | Q72: 28390.85 | R72: 28390.85 | S72: 28390.85 | T72: 0 | U72: 0 | V72: 0 | W72: 70850.85 | X72: 70850.85 | Y72: 70850.85 | Z72: 70850.85
A73: C02.I05.P01.S15 | B73: PIREP AUTONÓMICO NAVARRA | C73: ID009 | D73: PIREP - Casa Ascunce | E73: 0541-01 | F73: 210002 21400 6020 922102 | G73: 2 | H73: 6 | I73: MRR PIREP Casa Ascunce | J73: 0 | K73: 0 | L73: 0 | M73: 0 | N73: 47506.4 | O73: 0 | P73: 782443.46 | Q73: 782443.45 | R73: 715199.14 | S73: 0 | T73: 0 | U73: 0 | V73: 0 | W73: 829949.86 | X73: 829949.85 | Y73: 762705.54 | Z73: 47506.4
A74: C02.I05.P01.S15 | B74: PIREP AUTONÓMICO NAVARRA | C74: ID010 | D74: PIREP - Centro de industrialización y robótica de la construcción | E74: 0544-01 | F74: G10001 G1100 6020 322300 | G74: G | H74: 6 | I74: PRIN25 MRR Construcción Centro Nacional Industrialización y Robótica aplicado a la Construcción y Arquitectura (CNIR) | J74: 0 | K74: 0 | L74: 0 | M74: 0 | N74: 0 | O74: 169124.64 | P74: 0 | Q74: 0 | R74: 0 | S74: 0 | T74: 0 | U74: 0 | V74: 0 | W74: 169124.64 | X74: 169124.64 | Y74: 169124.64 | Z74: 169124.64
A75: C02.I05.P01.S15 | B75: PIREP AUTONÓMICO NAVARRA | C75: ID010 | D75: PIREP - Centro de industrialización y robótica de la construcción | E75: 0544-01 | F75: G10001 G1100 6020 322302 | G75: G | H75: 6 | I75: PRIN25 MRR Encargo a NASUVINSA. Centro Industrialización y Robótica de la Construcción | J75: 0 | K75: 0 | L75: 0 | M75: 0 | N75: 0 | O75: 64191.36 | P75: 0 | Q75: 0 | R75: 0 | S75: 0 | T75: 0 | U75: 0 | V75: 0 | W75: 64191.36 | X75: 64191.36 | Y75: 64191.36 | Z75: 64191.36
A76: C02.I05.P01.S15 | B76: PIREP AUTONÓMICO NAVARRA | C76: ID010 | D76: PIREP - Centro de industrialización y robótica de la construcción | E76: 0544-02 | F76: G10001 G1100 6020 322300 | G76: G | H76: 6 | I76: PRIN25 MRR Construcción Centro Nacional Industrialización y Robótica aplicado a la Construcción y Arquitectura (CNIR) | J76: 0 | K76: 0 | L76: 0 | M76: 0 | N76: 0 | O76: 102897.69 | P76: 0 | Q76: 0 | R76: 0 | S76: 0 | T76: 0 | U76: 0 | V76: 0 | W76: 102897.69 | X76: 102897.69 | Y76: 102897.69 | Z76: 102897.69
A77: C03.I03.P01.S06 | B77: Inversiones para la mejora de la bioseguridad en explotaciones agrícolas de material vegetal de reproducción y en centros de limpieza y desinfección de medios de transporte de animales vivos (Navarra) | C77: ID013 | D77: Reforzar condiciones de bioseguridad en materia de sanidad animal y vegetal | E77: 0459-01 | F77: 710000 71200 7700 412100 | G77: 7 | H77: 7 | I77: MRR Ayudas a inversiones en materia de Bioseguridad en viveros | J77: 0 | K77: 0 | L77: 0 | M77: 67260.89 | N77: 157383.9 | O77: 95318.55 | P77: 0 | Q77: 0 | R77: 0 | S77: 0 | T77: 0 | U77: 0 | V77: 0 | W77: 319963.34 | X77: 319963.34 | Y77: 319963.34 | Z77: 319963.34
A78: C03.I03.P01.S06 | B78: Inversiones para la mejora de la bioseguridad en explotaciones agrícolas de material vegetal de reproducción y en centros de limpieza y desinfección de medios de transporte de animales vivos (Navarra) | C78: ID013 | D78: Reforzar condiciones de bioseguridad en materia de sanidad animal y vegetal | E78: 0459-02 | F78: 710004 71300 7700 412205 | G78: 7 | H78: 7 | I78: MRR Ayudas a inversiones en materia de Bioseguridad en centros de limpieza y desinfección | J78: 0 | K78: 0 | L78: 0 | M78: 7860.46 | N78: 22074.57 | O78: 203453.47 | P78: 0 | Q78: 0 | R78: 0 | S78: 0 | T78: 0 | U78: 0 | V78: 0 | W78: 233388.5 | X78: 233388.5 | Y78: 233388.5 | Z78: 233388.5
A79: C03.I04.P01.S12 | B79: Programas de apoyo a inversiones en explotaciones agrícolas y ganaderas (Navarra) | C79: ID014 | D79: Inversiones en explotaciones para la sostenibilidad y competitividad de la agricultura y la ganaderia | E79: 0458-01 | F79: 720004 72200 7700 412107 | G79: 7 | H79: 7 | I79: MRR Ayudas sistemas de gestión de subproductos y deyecciones en ganadería | J79: 0 | K79: 0 | L79: 0 | M79: 0 | N79: 362783.96 | O79: 0 | P79: 0 | Q79: 0 | R79: 0 | S79: 0 | T79: 0 | U79: 0 | V79: 0 | W79: 362783.96 | X79: 362783.96 | Y79: 362783.96 | Z79: 362783.96
A80: C03.I04.P01.S12 | B80: Programas de apoyo a inversiones en explotaciones agrícolas y ganaderas (Navarra) | C80: ID014 | D80: Inversiones en explotaciones para la sostenibilidad y competitividad de la agricultura y la ganaderia | E80: 0458-03 | F80: 720004 72200 7700 412109 | G80: 7 | H80: 7 | I80: MRR Ayudas inversiones en eficiencia energéticas y energías renovables (biogás y biomasa agrícola) | J80: 0 | K80: 0 | L80: 0 | M80: 0 | N80: 29541.6 | O80: 0 | P80: 0 | Q80: 0 | R80: 0 | S80: 0 | T80: 0 | U80: 0 | V80: 0 | W80: 29541.6 | X80: 29541.6 | Y80: 29541.6 | Z80: 29541.6
A81: C03.I04.P01.S12 | B81: Programas de apoyo a inversiones en explotaciones agrícolas y ganaderas (Navarra) | C81: ID014 | D81: Inversiones en explotaciones para la sostenibilidad y competitividad de la agricultura y la ganaderia | E81: 0458-04 | F81: 720004 72200 1220 412102 | G81: 7 | H81: 1 | I81: MRR retribuciones de personal contratado temporal | J81: 0 | K81: 0 | L81: 0 | M81: 0 | N81: 0 | O81: 12272.55 | P81: 0 | Q81: 0 | R81: 0 | S81: 0 | T81: 0 | U81: 0 | V81: 0 | W81: 12272.55 | X81: 12272.55 | Y81: 12272.55 | Z81: 12272.55
A82: C03.I04.P01.S12 | B82: Programas de apoyo a inversiones en explotaciones agrícolas y ganaderas (Navarra) | C82: ID014 | D82: Inversiones en explotaciones para la sostenibilidad y competitividad de la agricultura y la ganaderia | E82: 0458-04 | F82: 720004 72200 1600 412102 | G82: 7 | H82: 1 | I82: MRR Seguridad Social | J82: 0 | K82: 0 | L82: 0 | M82: 0 | N82: 0 | O82: 2014.28 | P82: 0 | Q82: 0 | R82: 0 | S82: 0 | T82: 0 | U82: 0 | V82: 0 | W82: 2014.28 | X82: 2014.28 | Y82: 2014.28 | Z82: 2014.28
A83: C03.I04.P01.S12 | B83: Programas de apoyo a inversiones en explotaciones agrícolas y ganaderas (Navarra) | C83: ID014 | D83: Inversiones en explotaciones para la sostenibilidad y competitividad de la agricultura y la ganaderia | E83: 0458-04 | F83: 720004 72200 7700 412110 | G83: 7 | H83: 7 | I83: MRR Ayudas aplicación de agricultura de precisión y tecnologías 4.0 en el sector agrícola y ganadero | J83: 0 | K83: 0 | L83: 0 | M83: 0 | N83: 1808918.5 | O83: 9904417.7 | P83: 2475417.3 | Q83: 1898451 | R83: 1898451 | S83: 887701.06 | T83: 0 | U83: 0 | V83: 0 | W83: 14188754 | X83: 13611787 | Y83: 13611787 | Z83: 12601037
A84: C04.I02.P01.S12 | B84: Conservación de la biodiversidad - NAV | C84: ID017 | D84: Modificación de tendidos eléctricos | E84: 0456-01 | F84: 740003 74300 7701 261700 | G84: 7 | H84: 7 | I84: MRR C4. Tendidos eléctricos | J84: 0 | K84: 0 | L84: 0 | M84: 191441.8 | N84: 585565.03 | O84: 321251.04 | P84: 208419.08 | Q84: 208419.08 | R84: 0 | S84: 0 | T84: 0 | U84: 0 | V84: 0 | W84: 1306676.9 | X84: 1306676.9 | Y84: 1098257.9 | Z84: 1098257.9
A85: C04.I02.P01.S12 | B85: Conservación de la biodiversidad - NAV | C85: ID015 | D85: Actuaciones (6) de conservación de la biodiversidad terrestre | E85: 0499-01 | F85: 740003 74300 6019 456306 | G85: 7 | H85: 6 | I85: MRR C4. I2 Conservación biodiversidad. C4. I3. Restauración ecológica | J85: 0 | K85: 0 | L85: 0 | M85: 0 | N85: 0 | O85: 44591.09 | P85: 75408.91 | Q85: 19900.55 | R85: 19900.55 | S85: 0 | T85: 0 | U85: 0 | V85: 0 | W85: 120000 | X85: 64491.64 | Y85: 64491.64 | Z85: 44591.09
A86: C04.I02.P01.S12 | B86: Conservación de la biodiversidad - NAV | C86: ID015 | D86: Actuaciones (6) de conservación de la biodiversidad terrestre | E86: 0499-02 | F86: 740003 74300 6019 456306 | G86: 7 | H86: 6 | I86: MRR C4. I2 Conservación biodiversidad. C4. I3. Restauración ecológica | J86: 0 | K86: 0 | L86: 0 | M86: 0 | N86: 0 | O86: 20950.54 | P86: 148402.46 | Q86: 144362.3 | R86: 144362.3 | S86: 0 | T86: 0 | U86: 0 | V86: 0 | W86: 169353 | X86: 165312.84 | Y86: 165312.84 | Z86: 20950.54
A87: C04.I02.P01.S12 | B87: Conservación de la biodiversidad - NAV | C87: ID015 | D87: Actuaciones (6) de conservación de la biodiversidad terrestre | E87: 0499-04 | F87: 740003 74300 6019 456306 | G87: 7 | H87: 6 | I87: MRR C4. I2 Conservación biodiversidad. C4. I3. Restauración ecológica | J87: 0 | K87: 0 | L87: 0 | M87: 7207.5 | N87: 41623.81 | O87: 84210.77 | P87: 302754.6 | Q87: 296466.68 | R87: 296466.68 | S87: 0 | T87: 0 | U87: 0 | V87: 0 | W87: 435796.68 | X87: 429508.76 | Y87: 429508.76 | Z87: 133042.08
A88: C04.I02.P01.S12 | B88: Conservación de la biodiversidad - NAV | C88: ID015 | D88: Actuaciones (6) de conservación de la biodiversidad terrestre | E88: 0499-05 | F88: 740008 74800 6020 456702 | G88: 7 | H88: 6 | I88: MRR Oficinas de Guarderío y Centros de Interpretación de la Naturaleza | J88: 0 | K88: 0 | L88: 0 | M88: 0 | N88: 0 | O88: 113241.26 | P88: 305000 | Q88: 289401.75 | R88: 47401.75 | S88: 0 | T88: 0 | U88: 0 | V88: 0 | W88: 418241.26 | X88: 402643.01 | Y88: 160643.01 | Z88: 113241.26
... A106: C04.I04.P01.S15 | B106: Renovación vehículos incendios forestales - NAV | C106: ID020 | D106: Actuaciones de gestión forestal sostenible. Vehículos forestales | E106: 0487-04 | F106: 054000 02800 6040 134202 | G106: 0 | H106: 6 | I106: MRR C4. Vehículos extinción de incendios | J106: 0 | K106: 0 | L106: 0 | M106: 1125227.4 | N106: 0 | O106: 0 | P106: 0 | Q106: 0 | R106: 0 | S106: 0 | T106: 0 | U106: 0 | V106: 0 | W106: 1125227.4 | X106: 1125227.4 | Y106: 1125227.4 | Z106: 1125227.4
A107: C04.I04.P01.S15 | B107: Renovación vehículos incendios forestales - NAV | C107: ID020 | D107: Actuaciones de gestión forestal sostenible. Vehículos forestales | E107: 0487-07 | F107: F43000 F4300 6040 134202 | G107: F | H107: 6 | I107: MRR C4. Vehículo extinción de incendios | J107: 0 | K107: 0 | L107: 0 | M107: 0 | N107: 0 | O107: 0 | P107: 95480 | Q107: 89540 | R107: 89540 | S107: 0 | T107: 0 | U107: 0 | V107: 0 | W107: 95480 | X107: 89540 | Y107: 89540 | Z107: 0
A108: C04.I04.P02.S13 | B108: Actuaciones en materia de gestión forestal sostenible - NAV | C108: ID120 | D108: Actuaciones de gestión forestal sostenible | E108: 0487-01 | F108: 740002 74200 2276 467405 | G108: 7 | H108: 2 | I108: MRR C4. Encargo a OREKAN. Planificación. Planes Comarcales de Ordenación Cinegética | J108: 0 | K108: 0 | L108: 0 | M108: 0 | N108: 0 | O108: 119985.41 | P108: 80013.99 | Q108: 80013.99 | R108: 80013.99 | S108: 0 | T108: 0 | U108: 0 | V108: 0 | W108: 199999.4 | X108: 199999.4 | Y108: 199999.4 | Z108: 119985.41
A109: C04.I04.P02.S13 | B109: Actuaciones en materia de gestión forestal sostenible - NAV | C109: ID120 | D109: Actuaciones de gestión forestal sostenible | E109: 0487-02 | F109: 740002 74200 6019 456707 | G109: 7 | H109: 6 | I109: MRR C4. Gestión forestal | J109: 0 | K109: 0 | L109: 49296.63 | M109: 406990.35 | N109: 0 | O109: 0 | P109: 88213.02 | Q109: 0 | R109: 0 | S109: 0 | T109: 0 | U109: 0 | V109: 0 | W109: 544500 | X109: 456286.98 | Y109: 456286.98 | Z109: 456286.98
A110: C04.I04.P02.S13 | B110: Actuaciones en materia de gestión forestal sostenible - NAV | C110: ID120 | D110: Actuaciones de gestión forestal sostenible | E110: 0487-03 | F110: 740002 74200 6019 456707 | G110: 7 | H110: 6 | I110: MRR C4. Gestión forestal | J110: 0 | K110: 0 | L110: 152314.77 | M110: 759580.27 | N110: 0 | O110: 24559.21 | P110: 787.55 | Q110: 0 | R110: 0 | S110: 0 | T110: 0 | U110: 0 | V110: 0 | W110: 937241.8 | X110: 936454.25 | Y110: 936454.25 | Z110: 936454.25
A111: C04.I04.P02.S13 | B111: Actuaciones en materia de gestión forestal sostenible - NAV | C111: ID120 | D111: Actuaciones de gestión forestal sostenible | E111: 0487-05 | F111: 740008 74800 6020 456702 | G111: 7 | H111: 6 | I111: MRR Oficinas de Guarderío y Centros de Interpretación de la Naturaleza | J111: 0 | K111: 0 | L111: 0 | M111: 0 | N111: 52655.36 | O111: 769634.95 | P111: 689122.93 | Q111: 661297.02 | R111: 496757.55 | S111: 0 | T111: 0 | U111: 0 | V111: 0 | W111: 1511413.2 | X111: 1483587.3 | Y111: 1319047.9 | Z111: 822290.31
A112: C04.I04.P02.S13 | B112: Actuaciones en materia de gestión forestal sostenible - NAV | C112: ID120 | D112: Actuaciones de gestión forestal sostenible | E112: 0487-06 | F112: 740002 74200 6019 456707 | G112: 7 | H112: 6 | I112: MRR C4. Gestión forestal | J112: 0 | K112: 0 | L112: 0 | M112: 0 | N112: 0 | O112: 0 | P112: 421685.3 | Q112: 221302.72 | R112: 199383.35 | S112: 0 | T112: 0 | U112: 0 | V112: 0 | W112: 421685.3 | X112: 221302.72 | Y112: 199383.35 | Z112: 0
A113: C04.I04.P03.S14 | B113: Proyectos de apoyo al emprendimiento ecológico y la bioeconomía local- NAV | C113: ID113 | D113: Bioeconomía. Aprovechamiento silvícola, ganadería extensiva, y producciones forestales sostenibles | E113: 0567-01 | F113: 740002 74200 4700 456300 | G113: 7 | H113: 4 | I113: MRR C4. Bioeconomía en municipios con especiales dificultades demográficas | J113: 0 | K113: 0 | L113: 0 | M113: 0 | N113: 0 | O113: 0 | P113: 1192184 | Q113: 1192184 | R113: 1192184 | S113: 0 | T113: 0 | U113: 0 | V113: 0 | W113: 1192184 | X113: 1192184 | Y113: 1192184 | Z113: 0
A114: C05.I01.P02.S12 | B114: MEJORA DE LA EFICIENCIA Y REDUCCIÓN DE PÉRDIDAS EN EL USO DEL AGUA EN LA COMUNIDAD AUTÓNOMA DE NAVARRA | C114: ID021 | D114: Mejora del abastecimiento y reducción de pérdidas en redes de pequeños y medianos municipios | E114: 0463-01 | F114: 210001 21300 7609 456109 | G114: 2 | H114: 7 | I114: MRR Convocatoria de abastecimiento a pequeños y medianos municipios | J114: 0 | K114: 0 | L114: 0 | M114: 48412.93 | N114: 1833685.8 | O114: 769617.73 | P114: 501438.52 | Q114: 474092.66 | R114: 406646.18 | S114: 0 | T114: 0 | U114: 0 | V114: 0 | W114: 3153155 | X114: 3125809.1 | Y114: 3058362.7 | Z114: 2651716.5
A115: C05.I02.P03.S15 | B115: Adaptación al riesgo de inundación en Navarra dentro de la Estrategia Ebro Resilience | C115: ID114 | D115: Actuaciones riesgo inundación tramo medio del río Ebro dentro de la Estrategia Ebro Resilience | E115: 0568-01 | F115: 740001 74100 6019 452104 | G115: 7 | H115: 6 | I115: MRR Adaptación Ebro Resilience Actuaciones con integración ambiental ante el riesgo de inundación | J115: 0 | K115: 0 | L115: 0 | M115: 320059.11 | N115: 0 | O115: 0 | P115: 0 | Q115: 0 | R115: 0 | S115: 0 | T115: 0 | U115: 0 | V115: 0 | W115: 0 | X115: 0 | Y115: 0 | Z115: 0
A116: C05.I02.P03.S15 | B116: Adaptación al riesgo de inundación en Navarra dentro de la Estrategia Ebro Resilience | C116: ID114 | D116: Actuaciones riesgo inundación tramo medio del río Ebro dentro de la Estrategia Ebro Resilience | E116: 0568-01 | F116: 740004 74400 2276 414204 | G116: 7 | H116: 2 | I116: MRR Adaptación Ebro Resilience Encargo a GAN. Asistencia técnica al Servicio de Economía Circular y Cambio Climático | J116: 0 | K116: 0 | L116: 0 | M116: 0 | N116: 34995.63 | O116: 69972.11 | P116: 0 | Q116: 0 | R116: 0 | S116: 0 | T116: 0 | U116: 0 | V116: 0 | W116: 104967.74 | X116: 104967.74 | Y116: 104967.74 | Z116: 104967.74
A117: C05.I02.P03.S15 | B117: Adaptación al riesgo de inundación en Navarra dentro de la Estrategia Ebro Resilience | C117: ID114 | D117: Actuaciones riesgo inundación tramo medio del río Ebro dentro de la Estrategia Ebro Resilience | E117: 0568-01 | F117: 740004 74400 7609 452104 | G117: 7 | H117: 7 | I117: MRR Adaptación Ebro Resilience Subvención a Entidades Locales | J117: 0 | K117: 0 | L117: 0 | M117: 0 | N117: 575084.76 | O117: 712491.55 | P117: 655579.08 | Q117: 655579.08 | R117: 655579.08 | S117: 0 | T117: 0 | U117: 0 | V117: 0 | W117: 1943155.4 | X117: 1943155.4 | Y117: 1943155.4 | Z117: 1287576.3
A118: C05.I02.P03.S15 | B118: Adaptación al riesgo de inundación en Navarra dentro de la Estrategia Ebro Resilience | C118: ID114 | D118: Actuaciones riesgo inundación tramo medio del río Ebro dentro de la Estrategia Ebro Resilience | E118: 0568-01 | F118: 740004 74400 7701 456203 | G118: 7 | H118: 7 | I118: MRR Adaptación Ebro Resilience Subvención a Entidades Privadas | J118: 0 | K118: 0 | L118: 0 | M118: 0 | N118: 227601.75 | O118: 323932.86 | P118: 383729.76 | Q118: 383729.76 | R118: 383729.76 | S118: 0 | T118: 0 | U118: 0 | V118: 0 | W118: 935264.37 | X118: 935264.37 | Y118: 935264.37 | Z118: 551534.61
A119: C05.I02.P03.S15 | B119: Adaptación al riesgo de inundación en Navarra dentro de la Estrategia Ebro Resilience | C119: ID114 | D119: Actuaciones riesgo inundación tramo medio del río Ebro dentro de la Estrategia Ebro Resilience | E119: 0568-01 | F119: 740004 74400 6019 456200 | G119: 7 | H119: 6 | I119: MRR Adaptación Ebro Resilience. Actuaciones con integración ambiental ante el riesgo de inundación | J119: 0 | K119: 0 | L119: 0 | M119: 0 | N119: 79823.71 | O119: 465760.4 | P119: 284061.49 | Q119: 119237.93 | R119: 0 | S119: 0 | T119: 0 | U119: 0 | V119: 0 | W119: 1149704.7 | X119: 984881.15 | Y119: 865643.22 | Z119: 865643.22
... A154: C08.I01.P02.S09 | B154: Impulso del almacenamiento innovador detrás del contador e integrado sectorialmente Comunidad Foral de Navarra | C154: ID027 | D154: Programas de incentivos ligados al autoconsumo y al almacenamiento con fuentes de energía renovable,, así como a la implantación de sistemas térmicos renovables en el sector residencial | E154: 0385-06 | F154: 820001 82500 2276 425205 | G154: 8 | H154: 2 | I154: MRR Encargo a CEIN. Convocatoria de ayudas RD 477/2021 | J154: 0 | K154: 0 | L154: 16175.57 | M154: 36766.65 | N154: 33103 | O154: 43553.24 | P154: 3809.17 | Q154: 3809.17 | R154: 3809.17 | S154: 0 | T154: 0 | U154: 0 | V154: 0 | W154: 133407.63 | X154: 133407.63 | Y154: 133407.63 | Z154: 129598.46
A155: C11.I02.P01.S07 | B155: J2030 NAVARRA, COMUNIDAD FORAL | C155: ID028 | D155: Proyecto 0: Infraestructuras para la transformación digital de la justicia | E155: 0348-01 | F155: F20001 F2300 6059 112100 | G155: F | H155: 6 | I155: MRR Sistemas de videoconferencia, sonorización y wifi | J155: 0 | K155: 12487.2 | L155: 380406.38 | M155: 0 | N155: 0 | O155: 0 | P155: 0 | Q155: 0 | R155: 0 | S155: 0 | T155: 0 | U155: 0 | V155: 0 | W155: 392893.58 | X155: 392893.58 | Y155: 392893.58 | Z155: 392893.58
A156: C11.I02.P01.S07 | B156: J2030 NAVARRA, COMUNIDAD FORAL | C156: ID028 | D156: Proyecto 0: Infraestructuras para la transformación digital de la justicia | E156: 0348-01 | F156: F20001 F2300 6060 112103 | G156: F | H156: 6 | I156: MRR Equipamiento informático | J156: 0 | K156: 24200 | L156: 16005.67 | M156: 0 | N156: 0 | O156: 0 | P156: 0 | Q156: 0 | R156: 0 | S156: 0 | T156: 0 | U156: 0 | V156: 0 | W156: 40205.67 | X156: 40205.67 | Y156: 40205.67 | Z156: 40205.67
A157: C11.I02.P01.S07 | B157: J2030 NAVARRA, COMUNIDAD FORAL | C157: ID028 | D157: Proyecto 0: Infraestructuras para la transformación digital de la justicia | E157: 0348-03 | F157: F20001 F2300 6059 112100 | G157: F | H157: 6 | I157: MRR Sistemas de videoconferencia, sonorización y wifi | J157: 0 | K157: 0 | L157: 0 | M157: 68808.7 | N157: 431082.36 | O157: 33987.23 | P157: 0 | Q157: 0 | R157: 0 | S157: 0 | T157: 0 | U157: 0 | V157: 0 | W157: 533878.29 | X157: 533878.29 | Y157: 533878.29 | Z157: 533878.29
A158: C11.I02.P01.S07 | B158: J2030 NAVARRA, COMUNIDAD FORAL | C158: ID028 | D158: Proyecto 0: Infraestructuras para la transformación digital de la justicia | E158: 0348-03 | F158: F20001 F2300 6060 112103 | G158: F | H158: 6 | I158: MRR Equipamiento informático | J158: 0 | K158: 0 | L158: 28434.67 | M158: 776822.06 | N158: 90618.02 | O158: 89881.04 | P158: 0 | Q158: 0 | R158: 0 | S158: 0 | T158: 0 | U158: 0 | V158: 0 | W158: 985755.79 | X158: 985755.79 | Y158: 985755.79 | Z158: 985755.79
A159: C11.I02.P01.S07 | B159: J2030 NAVARRA, COMUNIDAD FORAL | C159: ID029 | D159: Proyecto 1A: Interoperabilidad en Justicia | E159: 0451-01 | F159: F20001 F2300 6094 112103 | G159: F | H159: 6 | I159: MRR Encargo a TRACASA Instrumental. Sistemas de información | J159: 0 | K159: 0 | L159: 0 | M159: 662341.89 | N159: 1456751.5 | O159: 2355456.3 | P159: 0 | Q159: 0 | R159: 0 | S159: 0 | T159: 0 | U159: 0 | V159: 0 | W159: 4474549.7 | X159: 4474549.7 | Y159: 4474549.7 | Z159: 4474549.7
A160: C11.I02.P01.S07 | B160: J2030 NAVARRA, COMUNIDAD FORAL | C160: ID029 | D160: Proyecto 1A: Interoperabilidad en Justicia | E160: 0451-01 | F160: F20001 F2300 6094 112104 | G160: F | H160: 6 | I160: MRR Sistemas de información | J160: 0 | K160: 0 | L160: 0 | M160: 219235.34 | N160: 119999.98 | O160: 17600.53 | P160: 0 | Q160: 0 | R160: 0 | S160: 0 | T160: 0 | U160: 0 | V160: 0 | W160: 356835.85 | X160: 356835.85 | Y160: 356835.85 | Z160: 356835.85
A161: C11.I02.P01.S07 | B161: J2030 NAVARRA, COMUNIDAD FORAL | C161: ID035 | D161: Proyecto 8:Medios adecuados de resolución de controversias (MASC) | E161: 0512-01 | F161: F20001 F2300 6094 112103 | G161: F | H161: 6 | I161: MRR Encargo a TRACASA Instrumental. Sistemas de información | J161: 0 | K161: 0 | L161: 0 | M161: 141013.08 | N161: 64250.05 | O161: 0 | P161: 0 | Q161: 0 | R161: 0 | S161: 0 | T161: 0 | U161: 0 | V161: 0 | W161: 205263.13 | X161: 205263.13 | Y161: 205263.13 | Z161: 205263.13
A162: C11.I02.P01.S07 | B162: J2030 NAVARRA, COMUNIDAD FORAL | C162: ID033 | D162: Proyecto 6. Inmediación digital. | E162: 0576-01 | F162: F20001 F2300 6059 112100 | G162: F | H162: 6 | I162: MRR Sistemas de videoconferencia, sonorización y wifi | J162: 0 | K162: 0 | L162: 0 | M162: 9944.99 | N162: 0 | O162: 0 | P162: 0 | Q162: 0 | R162: 0 | S162: 0 | T162: 0 | U162: 0 | V162: 0 | W162: 9944.99 | X162: 9944.99 | Y162: 9944.99 | Z162: 9944.99
A163: C11.I02.P01.S07 | B163: J2030 NAVARRA, COMUNIDAD FORAL | C163: ID033 | D163: Proyecto 6. Inmediación digital. | E163: 0576-01 | F163: F20001 F2300 6060 112103 | G163: F | H163: 6 | I163: MRR Equipamiento informático | J163: 0 | K163: 0 | L163: 0 | M163: 14955.64 | N163: 0 | O163: 0 | P163: 0 | Q163: 0 | R163: 0 | S163: 0 | T163: 0 | U163: 0 | V163: 0 | W163: 14955.64 | X163: 14955.64 | Y163: 14955.64 | Z163: 14955.64
A164: C11.I02.P01.S07 | B164: J2030 NAVARRA, COMUNIDAD FORAL | C164: ID033 | D164: Proyecto 6. Inmediación digital. | E164: 0576-01 | F164: F20001 F2300 6094 112104 | G164: F | H164: 6 | I164: MRR Sistemas de información | J164: 0 | K164: 0 | L164: 0 | M164: 0 | N164: 0 | O164: 67199.99 | P164: 0 | Q164: 0 | R164: 0 | S164: 0 | T164: 0 | U164: 0 | V164: 0 | W164: 67199.99 | X164: 67199.99 | Y164: 67199.99 | Z164: 67199.99
A165: C11.I02.P01.S07 | B165: J2030 NAVARRA, COMUNIDAD FORAL | C165: ID030 | D165: Proyecto 1B: Optimización de sistemas | E165: 0580-01 | F165: F20001 F2300 6094 112103 | G165: F | H165: 6 | I165: MRR Encargo a TRACASA Instrumental. Sistemas de información | J165: 0 | K165: 0 | L165: 0 | M165: 0 | N165: 0 | O165: 240593.98 | P165: 0 | Q165: 0 | R165: 0 | S165: 0 | T165: 0 | U165: 0 | V165: 0 | W165: 240593.98 | X165: 240593.98 | Y165: 240593.98 | Z165: 240593.98
A166: C11.I02.P01.S07 | B166: J2030 NAVARRA, COMUNIDAD FORAL | C166: ID032 | D166: Proyecto 4. Ciberseguridad | E166: 0597-01 | F166: F20001 F2300 6094 112104 | G166: F | H166: 6 | I166: MRR Sistemas de información | J166: 0 | K166: 0 | L166: 0 | M166: 0 | N166: 18147.58 | O166: 0 | P166: 0 | Q166: 0 | R166: 0 | S166: 0 | T166: 0 | U166: 0 | V166: 0 | W166: 18147.58 | X166: 18147.58 | Y166: 18147.58 | Z166: 18147.58
A167: C11.I03.P01.S274 | B167: PRTR MPT CONVOCATORIA 2022 TRANSFORMACIÓN DIGITAL Y MODERNIZACIÓN COMUNIDAD UNIPROVINCIAL DE NAVARRA | C167: ID129 | D167: Transformación digital y modernización de las administraciones de las entidades locales | E167: 0634-01 | F167: 210002 21400 6089 922102 | G167: 2 | H167: 6 | I167: MRR Encargo a NASERTIC. Infraestructuras digitales | J167: 0 | K167: 0 | L167: 0 | M167: 0 | N167: 1348425.6 | O167: 0 | P167: 0 | Q167: 0 | R167: 0 | S167: 0 | T167: 0 | U167: 0 | V167: 0 | W167: 1348425.6 | X167: 1348425.6 | Y167: 1348425.6 | Z167: 1348425.6
A168: C11.I03.P01.S274 | B168: PRTR MPT CONVOCATORIA 2022 TRANSFORMACIÓN DIGITAL Y MODERNIZACIÓN COMUNIDAD UNIPROVINCIAL DE NAVARRA | C168: ID129 | D168: Transformación digital y modernización de las administraciones de las entidades locales | E168: 0634-01 | F168: 210002 21400 6094 922100 | G168: 2 | H168: 6 | I168: MRR Encargo a TRACASA Instrumental. Administración orientada al ciudadano | J168: 0 | K168: 0 | L168: 0 | M168: 0 | N168: 336431.59 | O168: 662459.23 | P168: 0 | Q168: 0 | R168: 0 | S168: 0 | T168: 0 | U168: 0 | V168: 0 | W168: 998890.82 | X168: 998890.82 | Y168: 998890.82 | Z168: 998890.82
A169: C11.I03.P01.S274 | B169: PRTR MPT CONVOCATORIA 2022 TRANSFORMACIÓN DIGITAL Y MODERNIZACIÓN COMUNIDAD UNIPROVINCIAL DE NAVARRA | C169: ID129 | D169: Transformación digital y modernización de las administraciones de las entidades locales | E169: 0634-01 | F169: 210002 21400 6094 922102 | G169: 2 | H169: 6 | I169: MRR Encargo a TRACASA Instrumental. Interoperabilidad de servicios básicos de administración digital | J169: 0 | K169: 0 | L169: 0 | M169: 0 | N169: 730437.33 | O169: 0 | P169: 0 | Q169: 0 | R169: 0 | S169: 0 | T169: 0 | U169: 0 | V169: 0 | W169: 730437.33 | X169: 730437.33 | Y169: 730437.33 | Z169: 730437.33
A170: C11.I03.P01.S460 | B170: PRTR MPT CONVOCATORIA 2023 TRANSFORMACIÓN DIGITAL Y MODERNIZACIÓN PADRÓN GOBIERNO DE NAVARRA | C170: ID150 | D170: Modernización de los Sistemas de Gestión del Padrón Municipal de las Entidades Locales en la Comunidad Foral de Navarra | E170: 0701-01 | F170: 030000 03300 6094 921102 | G170: 0 | H170: 6 | I170: MRR Encargo a TRACASA Instrumental. Modernización padrón municipal de Entidades Locales | J170: 0 | K170: 0 | L170: 0 | M170: 0 | N170: 37417.8 | O170: 787490.53 | P170: 0 | Q170: 0 | R170: 0 | S170: 0 | T170: 0 | U170: 0 | V170: 0 | W170: 824908.33 | X170: 824908.33 | Y170: 824908.33 | Z170: 824908.33
A171: C11.I03.P14.S06 | B171: Transformación digital y Modernización de Navarra. Líneas 1-5 Plan de Transformación digital y sanidad digital Línea 6 | C171: ID040 | D171: Transformación digital y modernización de las AAPP de las CCAA: Actuaciones Servicio Avance Digital | E171: 0509-01 | F171: G30001 G3100 6090 921C12 | G171: G | H171: 6 | I171: MRR C11. I3. Encargo a TRACASA Instrumental. OFICINA y Gobernanza DEL DATO de Gobierno de Navarra | J171: 0 | K171: 0 | L171: 47843.4 | M171: 888790.29 | N171: 419145.35 | O171: 38601.05 | P171: 160402.18 | Q171: 160369.43 | R171: 160369.43 | S171: 0 | T171: 0 | U171: 0 | V171: 0 | W171: 1554782.3 | X171: 1554749.5 | Y171: 1554749.5 | Z171: 1394380.1
A172: C11.I03.P14.S06 | B172: Transformación digital y Modernización de Navarra. Líneas 1-5 Plan de Transformación digital y sanidad digital Línea 6 | C172: ID040 | D172: Transformación digital y modernización de las AAPP de las CCAA: Actuaciones Servicio Avance Digital | E172: 0509-01 | F172: G30001 G3100 6090 921C13 | G172: G | H172: 6 | I172: MRR C11. I3. Encargo a NASERTIC. OFICINA y Gobernanza DEL DATO de Gobierno de Navarra | J172: 0 | K172: 0 | L172: 4602.58 | M172: 77222.13 | N172: 125707.26 | O172: 29010.03 | P172: 0 | Q172: 0 | R172: 0 | S172: 0 | T172: 0 | U172: 0 | V172: 0 | W172: 236542 | X172: 236542 | Y172: 236542 | Z172: 236542
A173: C11.I03.P14.S06 | B173: Transformación digital y Modernización de Navarra. Líneas 1-5 Plan de Transformación digital y sanidad digital Línea 6 | C173: ID040 | D173: Transformación digital y modernización de las AAPP de las CCAA: Actuaciones Servicio Avance Digital | E173: 0509-01 | F173: G30001 G3100 6094 921C05 | G173: G | H173: 6 | I173: MRR C11. I3. Ciudadano 360 Asistencias técnicas para aplicación informática | J173: 0 | K173: 0 | L173: 65485.2 | M173: 0 | N173: 0 | O173: 0 | P173: 12654.73 | Q173: 0 | R173: 0 | S173: 0 | T173: 0 | U173: 0 | V173: 0 | W173: 78139.93 | X173: 65485.2 | Y173: 65485.2 | Z173: 65485.2
A174: C11.I03.P14.S06 | B174: Transformación digital y Modernización de Navarra. Líneas 1-5 Plan de Transformación digital y sanidad digital Línea 6 | C174: ID040 | D174: Transformación digital y modernización de las AAPP de las CCAA: Actuaciones Servicio Avance Digital | E174: 0509-01 | F174: G30001 G3100 6094 921C06 | G174: G | H174: 6 | I174: MRR C11. I3. Encargo a TRACASA Instrumental. Ciudadano 360 | J174: 0 | K174: 0 | L174: 0 | M174: 60259.03 | N174: 116083.04 | O174: 0 | P174: 0 | Q174: 0 | R174: 0 | S174: 0 | T174: 0 | U174: 0 | V174: 0 | W174: 176342.07 | X174: 176342.07 | Y174: 176342.07 | Z174: 176342.07
A175: C11.I03.P14.S06 | B175: Transformación digital y Modernización de Navarra. Líneas 1-5 Plan de Transformación digital y sanidad digital Línea 6 | C175: ID037 | D175: Transformación digital y modernización de las AAPP de las CCAA: Evolución hacia una cloud privada sostenible | E175: 0509-02 | F175: G30005 G3500 6031 921C00 | G175: G | H175: 6 | I175: MRR C11. I3. Encargo a NASERTIC. Evolución hacia una Cloud privada sostenible | J175: 0 | K175: 0 | L175: 0 | M175: 0 | N175: 1767252 | O175: 1367011 | P175: 0 | Q175: 0 | R175: 0 | S175: 0 | T175: 0 | U175: 0 | V175: 0 | W175: 3134263 | X175: 3134263 | Y175: 3134263 | Z175: 3134263
A176: C11.I03.P14.S06 | B176: Transformación digital y Modernización de Navarra. Líneas 1-5 Plan de Transformación digital y sanidad digital Línea 6 | C176: ID039 | D176: Transformación digital y modernización de las AAPP de las CCAA: DATUPNA - NG UNIVERSITY - A DATA DR | E176: 0509-03 | F176: G10001 G1100 7455 322304 | G176: G | H176: 7 | I176: MRR C11. I3. DATUPNA Transferencias de capital a la UPNA | J176: 0 | K176: 0 | L176: 198593.76 | M176: 42406.24 | N176: 0 | O176: 0 | P176: 0 | Q176: 0 | R176: 0 | S176: 0 | T176: 0 | U176: 0 | V176: 0 | W176: 241000 | X176: 241000 | Y176: 241000 | Z176: 241000
A177: C11.I03.P14.S06 | B177: Transformación digital y Modernización de Navarra. Líneas 1-5 Plan de Transformación digital y sanidad digital Línea 6 | C177: ID038 | D177: Plan de atención primaria y comunitaria. Modernización de las Administraciones Públicas | E177: 0539-01 | F177: 540007 52010 2061 311102 | G177: 5 | H177: 2 | I177: MRR Plan de Transformación Digital de la Atención Primaria | J177: 0 | K177: 0 | L177: 0 | M177: 68356.16 | N177: 102419.04 | O177: 524627.41 | P177: 0 | Q177: 0 | R177: 0 | S177: 0 | T177: 0 | U177: 0 | V177: 0 | W177: 695402.61 | X177: 695402.61 | Y177: 695402.61 | Z177: 695402.61
A178: C11.I03.P14.S06 | B178: Transformación digital y Modernización de Navarra. Líneas 1-5 Plan de Transformación digital y sanidad digital Línea 6 | C178: ID038 | D178: Plan de atención primaria y comunitaria. Modernización de las Administraciones Públicas | E178: 0539-01 | F178: 540007 52010 2273 311102 | G178: 5 | H178: 2 | I178: MRR Plan de Transformación Digital de la Atención Primaria | J178: 0 | K178: 0 | L178: 0 | M178: 49999.73 | N178: 0 | O178: 0 | P178: 0 | Q178: 0 | R178: 0 | S178: 0 | T178: 0 | U178: 0 | V178: 0 | W178: 49999.73 | X178: 49999.73 | Y178: 49999.73 | Z178: 49999.73
A179: C11.I03.P14.S06 | B179: Transformación digital y Modernización de Navarra. Líneas 1-5 Plan de Transformación digital y sanidad digital Línea 6 | C179: ID038 | D179: Plan de atención primaria y comunitaria. Modernización de las Administraciones Públicas | E179: 0539-01 | F179: 540007 52010 2273 311104 | G179: 5 | H179: 2 | I179: MRR Plan de Transformación Digital de la Atención Primaria | J179: 0 | K179: 0 | L179: 0 | M179: 0 | N179: 0 | O179: 136577.18 | P179: 277293.08 | Q179: 277293.08 | R179: 277293.08 | S179: 0 | T179: 0 | U179: 0 | V179: 0 | W179: 413870.26 | X179: 413870.26 | Y179: 413870.26 | Z179: 136577.18
A180: C11.I03.P14.S06 | B180: Transformación digital y Modernización de Navarra. Líneas 1-5 Plan de Transformación digital y sanidad digital Línea 6 | C180: ID038 | D180: Plan de atención primaria y comunitaria. Modernización de las Administraciones Públicas | E180: 0539-01 | F180: 540007 52010 6031 311104 | G180: 5 | H180: 6 | I180: MRR Plan de Transformación Digital de la Atención Primaria | J180: 0 | K180: 0 | L180: 0 | M180: 302215.6 | N180: 108451.32 | O180: 0 | P180: 0 | Q180: 0 | R180: 0 | S180: 0 | T180: 0 | U180: 0 | V180: 0 | W180: 410666.92 | X180: 410666.92 | Y180: 410666.92 | Z180: 410666.92
A181: C11.I03.P14.S06 | B181: Transformación digital y Modernización de Navarra. Líneas 1-5 Plan de Transformación digital y sanidad digital Línea 6 | C181: ID038 | D181: Plan de atención primaria y comunitaria. Modernización de las Administraciones Públicas | E181: 0539-01 | F181: 540007 52010 6059 311103 | G181: 5 | H181: 6 | I181: MRR Plan de Transformación Digital de la Atención Primaria | J181: 0 | K181: 0 | L181: 0 | M181: 276869.66 | N181: 378123.21 | O181: 118563.76 | P181: 0 | Q181: 0 | R181: 0 | S181: 0 | T181: 0 | U181: 0 | V181: 0 | W181: 773556.63 | X181: 773556.63 | Y181: 773556.63 | Z181: 773556.63
A182: C11.I03.P14.S06 | B182: Transformación digital y Modernización de Navarra. Líneas 1-5 Plan de Transformación digital y sanidad digital Línea 6 | C182: ID038 | D182: Plan de atención primaria y comunitaria. Modernización de las Administraciones Públicas | E182: 0539-01 | F182: 540007 52010 6060 311103 | G182: 5 | H182: 6 | I182: MRR Plan de Transformación Digital de la Atención Primaria | J182: 0 | K182: 0 | L182: 0 | M182: 807493.82 | N182: 926632.44 | O182: 499712.72 | P182: 84803.45 | Q182: 84796.2 | R182: 0 | S182: 0 | T182: 0 | U182: 0 | V182: 0 | W182: 2318642.4 | X182: 2318635.2 | Y182: 2233839 | Z182: 2233839
A183: C11.I03.P14.S06 | B183: Transformación digital y Modernización de Navarra. Líneas 1-5 Plan de Transformación digital y sanidad digital Línea 6 | C183: ID038 | D183: Plan de atención primaria y comunitaria. Modernización de las Administraciones Públicas | E183: 0539-01 | F183: 540007 52010 6094 311107 | G183: 5 | H183: 6 | I183: MRR Plan de Transformación Digital de la Atención Primaria | J183: 0 | K183: 0 | L183: 0 | M183: 0 | N183: 0 | O183: 85910 | P183: 0 | Q183: 0 | R183: 0 | S183: 0 | T183: 0 | U183: 0 | V183: 0 | W183: 85910 | X183: 85910 | Y183: 85910 | Z183: 85910
A184: C11.I03.P14.S06 | B184: Transformación digital y Modernización de Navarra. Líneas 1-5 Plan de Transformación digital y sanidad digital Línea 6 | C184: ID038 | D184: Plan de atención primaria y comunitaria. Modernización de las Administraciones Públicas | E184: 0539-02 | F184: 547001 52300 6057 312804 | G184: 5 | H184: 6 | I184: MRR Plan de Transformación Digital de la Atención Primaria | J184: 0 | K184: 0 | L184: 0 | M184: 36191.1 | N184: 0 | O184: 750551.26 | P184: 0 | Q184: 0 | R184: 0 | S184: 0 | T184: 0 | U184: 0 | V184: 0 | W184: 786742.36 | X184: 786742.36 | Y184: 786742.36 | Z184: 786742.36
A185: C11.I03.P16.S04 | B185: Comunidad Foral de Navarra - Plan de Atención Digital Personalizada | C185: ID145 | D185: Atención Digital Personalizada (ADP) | E185: 0680-01 | F185: 540007 52010 2262 311100 | G185: 5 | H185: 2 | I185: MRR Atención Digital Personalizada Publicidad | J185: 0 | K185: 0 | L185: 0 | M185: 0 | N185: 0 | O185: 21554.94 | P185: 128445.06 | Q185: 113445.06 | R185: 0 | S185: 0 | T185: 0 | U185: 0 | V185: 0 | W185: 150000 | X185: 135000 | Y185: 21554.94 | Z185: 21554.94
A186: C11.I03.P16.S04 | B186: Comunidad Foral de Navarra - Plan de Atención Digital Personalizada | C186: ID145 | D186: Atención Digital Personalizada (ADP) | E186: 0680-01 | F186: 540007 52010 6094 311112 | G186: 5 | H186: 6 | I186: MRR Atención Digital Personalizada Aplicaciones informáticas | J186: 0 | K186: 0 | L186: 0 | M186: 0 | N186: 0 | O186: 3154932.2 | P186: 3109516.3 | Q186: 3109516.3 | R186: 3109516.3 | S186: 0 | T186: 0 | U186: 0 | V186: 0 | W186: 6264448.5 | X186: 6264448.5 | Y186: 6264448.5 | Z186: 3154932.2
A187: C12.I03.P01.S15 | B187: Plan de apoyo a la implementación de la normativa de residuos - NAV | C187: ID041 | D187: Gestión de residuos domésticos | E187: 0457-01 | F187: 740001 74100 2276 456213 | G187: 7 | H187: 2 | I187: MRR Encargo a OREKAN. Plan de apoyo a la implementación normativa residuos. Gastos de gestión | J187: 0 | K187: 0 | L187: 25336.97 | M187: 37295.78 | N187: 25316.69 | O187: 19397.12 | P187: 82754.83 | Q187: 70575.46 | R187: 70575.46 | S187: 0 | T187: 0 | U187: 0 | V187: 0 | W187: 190101.39 | X187: 177922.02 | Y187: 177922.02 | Z187: 107346.56
A188: C12.I03.P01.S15 | B188: Plan de apoyo a la implementación de la normativa de residuos - NAV | C188: ID041 | D188: Gestión de residuos domésticos | E188: 0457-01 | F188: 740001 74100 7609 456200 | G188: 7 | H188: 7 | I188: MRR Subvención para Plan de apoyo a la Implementación de la normativa de residuos EELL | J188: 0 | K188: 0 | L188: 0 | M188: 768518.29 | N188: 589810.63 | O188: 752702.86 | P188: 5102199.9 | Q188: 5086130 | R188: 4961184.8 | S188: 0 | T188: 0 | U188: 0 | V188: 0 | W188: 7213231.7 | X188: 7197161.8 | Y188: 7072216.6 | Z188: 2111031.8
... A200: C13.I03.P11.S05 | B200: RETECH-Navarra-Techfablab. | C200: ID132 | D200: RETECH-Navarra-TechFabLab. | E200: 0642-01 | F200: 820005 82600 7701 467300 | G200: 8 | H200: 7 | I200: MRR RETECH Tech FabLab Ayudas Innovación y emprendimiento digitalizacion | J200: 0 | K200: 0 | L200: 0 | M200: 0 | N200: 0 | O200: 666724.08 | P200: 0 | Q200: 11596.47 | R200: 11596.47 | S200: 0 | T200: 0 | U200: 0 | V200: 0 | W200: 666724.08 | X200: 678320.55 | Y200: 678320.55 | Z200: 666724.08
A201: C13.I03.P11.S12 | B201: RETECH-Navarra-Gemelos-Digitales | C201: ID133 | D201: RETECH - Aceleración de Ecosistemas de Emprendimiento e Innovación basados en Gemelos Digitales | E201: 0639-01 | F201: G30001 G3100 2276 921C09 | G201: G | H201: 2 | I201: MRR RETECH. Encargo a TRACASA Instrumental. Asistencia técnica para la gestión de los proyectos Ingeniería de datos | J201: 0 | K201: 0 | L201: 0 | M201: 0 | N201: 341412.97 | O201: 270991.81 | P201: 0 | Q201: 0 | R201: 0 | S201: 0 | T201: 0 | U201: 0 | V201: 0 | W201: 612404.78 | X201: 612404.78 | Y201: 612404.78 | Z201: 612404.78
A202: C13.I03.P11.S12 | B202: RETECH-Navarra-Gemelos-Digitales | C202: ID133 | D202: RETECH - Aceleración de Ecosistemas de Emprendimiento e Innovación basados en Gemelos Digitales | E202: 0639-01 | F202: G30001 G3100 6094 921C08 | G202: G | H202: 6 | I202: MRR RETECH. GemDig. ODaN: creación y evolución Datahub de datos | J202: 0 | K202: 0 | L202: 0 | M202: 0 | N202: 0 | O202: 146947.13 | P202: 56899.43 | Q202: 0 | R202: 0 | S202: 0 | T202: 0 | U202: 0 | V202: 0 | W202: 203846.56 | X202: 146947.13 | Y202: 146947.13 | Z202: 146947.13
A203: C13.I03.P11.S12 | B203: RETECH-Navarra-Gemelos-Digitales | C203: ID133 | D203: RETECH - Aceleración de Ecosistemas de Emprendimiento e Innovación basados en Gemelos Digitales | E203: 0639-01 | F203: G30001 G3100 6094 921C09 | G203: G | H203: 6 | I203: MRR RETECH. GemDig. Encargo a TRACASA Instrumental. ODaN: creación y evolución Datahub de datos | J203: 0 | K203: 0 | L203: 0 | M203: 0 | N203: 0 | O203: 1178664.2 | P203: 278405.28 | Q203: 278405.28 | R203: 278405.28 | S203: 0 | T203: 0 | U203: 0 | V203: 0 | W203: 1457069.5 | X203: 1457069.5 | Y203: 1457069.5 | Z203: 1178664.2
A204: C13.I03.P11.S12 | B204: RETECH-Navarra-Gemelos-Digitales | C204: ID133 | D204: RETECH - Aceleración de Ecosistemas de Emprendimiento e Innovación basados en Gemelos Digitales | E204: 0639-01 | F204: G30001 G3100 6094 921C10 | G204: G | H204: 6 | I204: MRR RETECH. GemDig. Encargo a NASERTIC. ODaN: Integración Datahub y Espacios de datos | J204: 0 | K204: 0 | L204: 0 | M204: 0 | N204: 0 | O204: 360561.48 | P204: 58402.05 | Q204: 58402.05 | R204: 58402.05 | S204: 0 | T204: 0 | U204: 0 | V204: 0 | W204: 418963.53 | X204: 418963.53 | Y204: 418963.53 | Z204: 360561.48
A205: C13.I03.P11.S12 | B205: RETECH-Navarra-Gemelos-Digitales | C205: ID133 | D205: RETECH - Aceleración de Ecosistemas de Emprendimiento e Innovación basados en Gemelos Digitales | E205: 0639-01 | F205: G30002 G3200 2273 921C08 | G205: G | H205: 2 | I205: MRR RETECH. Encargo a TRACASA Instrumental. Mantenimiento y gestión SITNA/IDENA | J205: 0 | K205: 0 | L205: 0 | M205: 0 | N205: 280718.41 | O205: 303427.19 | P205: 0 | Q205: 0 | R205: 0 | S205: 0 | T205: 0 | U205: 0 | V205: 0 | W205: 584145.6 | X205: 584145.6 | Y205: 584145.6 | Z205: 584145.6
A206: C13.I03.P11.S12 | B206: RETECH-Navarra-Gemelos-Digitales | C206: ID133 | D206: RETECH - Aceleración de Ecosistemas de Emprendimiento e Innovación basados en Gemelos Digitales | E206: 0639-01 | F206: G30002 G3200 6094 921C06 | G206: G | H206: 6 | I206: MRR RETECH. Encargo a TRACASA Instrumental. Aceleración emprendimiento e innovación basada en Gemelos Digitales | J206: 0 | K206: 0 | L206: 0 | M206: 0 | N206: 344949.1 | O206: 3737712 | P206: 336838.95 | Q206: 336838.95 | R206: 336838.95 | S206: 0 | T206: 0 | U206: 0 | V206: 0 | W206: 4419500 | X206: 4419500 | Y206: 4419500 | Z206: 4082661
A207: C13.I04.P03.S14 | B207: CA COMUNIDAD FORAL DE NAVARRA FONDO TECNOLÓGICO | C207: ID042 | D207: Programa de modernización del comercio: Fondo tecnológico | E207: 0514-01 | F207: 830000 83000 1220 431402 | G207: 8 | H207: 1 | I207: MRR Retribuciones del personal contratado temporal | J207: 0 | K207: 0 | L207: 0 | M207: 0 | N207: 9723.2 | O207: 0 | P207: 0 | Q207: 0 | R207: 0 | S207: 0 | T207: 0 | U207: 0 | V207: 0 | W207: 9723.2 | X207: 9723.2 | Y207: 9723.2 | Z207: 9723.2
A208: C13.I04.P03.S14 | B208: CA COMUNIDAD FORAL DE NAVARRA FONDO TECNOLÓGICO | C208: ID042 | D208: Programa de modernización del comercio: Fondo tecnológico | E208: 0514-01 | F208: 830000 83000 1220 432100 | G208: 8 | H208: 1 | I208: MRR Retribuciones del personal contratado temporal | J208: 0 | K208: 0 | L208: 0 | M208: 34047.9 | N208: 0 | O208: 0 | P208: 0 | Q208: 0 | R208: 0 | S208: 0 | T208: 0 | U208: 0 | V208: 0 | W208: 34047.9 | X208: 34047.9 | Y208: 34047.9 | Z208: 34047.9
A209: C13.I04.P03.S14 | B209: CA COMUNIDAD FORAL DE NAVARRA FONDO TECNOLÓGICO | C209: ID042 | D209: Programa de modernización del comercio: Fondo tecnológico | E209: 0514-01 | F209: 830000 83000 1400 431402 | G209: 8 | H209: 1 | I209: MRR Retribuciones personales | J209: 0 | K209: 0 | L209: 0 | M209: 0 | N209: 2419.09 | O209: 0 | P209: 0 | Q209: 0 | R209: 0 | S209: 0 | T209: 0 | U209: 0 | V209: 0 | W209: 2419.09 | X209: 2419.09 | Y209: 2419.09 | Z209: 2419.09
A210: C13.I04.P03.S14 | B210: CA COMUNIDAD FORAL DE NAVARRA FONDO TECNOLÓGICO | C210: ID042 | D210: Programa de modernización del comercio: Fondo tecnológico | E210: 0514-01 | F210: 830000 83000 1400 432100 | G210: 8 | H210: 1 | I210: MRR Retribuciones personales | J210: 0 | K210: 0 | L210: 0 | M210: 8362.34 | N210: 0 | O210: 0 | P210: 0 | Q210: 0 | R210: 0 | S210: 0 | T210: 0 | U210: 0 | V210: 0 | W210: 8362.34 | X210: 8362.34 | Y210: 8362.34 | Z210: 8362.34
A211: C13.I04.P03.S14 | B211: CA COMUNIDAD FORAL DE NAVARRA FONDO TECNOLÓGICO | C211: ID042 | D211: Programa de modernización del comercio: Fondo tecnológico | E211: 0514-01 | F211: 830000 83000 1600 431402 | G211: 8 | H211: 1 | I211: MRR Seguridad social del personal contratado temporal | J211: 0 | K211: 0 | L211: 0 | M211: 0 | N211: 5575.6 | O211: 0 | P211: 0 | Q211: 0 | R211: 0 | S211: 0 | T211: 0 | U211: 0 | V211: 0 | W211: 5575.6 | X211: 5575.6 | Y211: 5575.6 | Z211: 5575.6
